Workbook
Name End_Use: [1]Hoja1!$D$1:$D$3

Sheet PRESUPUESTO Cubierta CALOTO
A1: CONTRATO No. 27 de 2020
A4: DATOS DEL CLIENTE
A6: RAZON SOCIAL: | C6: DIRECCIÓN EJECUTIVA DE ADMINISTRACIÓN JUDICIAL POPAYÁN-CAUCA
A8: "CONSULTORÍA PARA EL MANTENIMIENTO Y MEJORAMIENTO DE LA INFRAESTRUCTURA FÍSICA DE LOS INMUEBLES DE LA RAMA JUDICIAL EN EL CAUCA" | F8: FECHA | G8: FECHA
G9: 44096
A10: PERSONA CONTACTO: | C10: ARQ. DUVAN ARROYAVE CASTAÑEDA | F10: SERVICIO | G10: SERVICIO
A12: TELEFONO: | C12: 317 7390170 | F12: ELABORADO POR: | G12: ARQ. DUVAN ARROYAVE CASTAÑEDA | H12: FIRMA
A13: E-MAIL: | C13: proyectos.mariobelen@gmail.com
A14: NOMBRE DE PROYECTO: | C14: PALACIO DE JUSTICIA CALOTO | F14: AUTORIZADO POR: | G14: ARQ. MARIO BELEN CORREA | H14: FIRMA
A17: Presupuesto de Mantenimientos y Cambio de Cubierta para el Palacio de Justicia de Caloto, Cauca
A19: No. item | B19: Descripción | E19: Unidad | F19: Cantidad | G19: Valor Unitario | H19: Valor Parcial | I19: DIAS DE RENDIMIENTO | J19: PREDECESORAS | K19: semanas
A20: 1 | B20: Cubierta
A21: 1.1 | B21: Desmonte de cubierta y/o elementos componentes incluye trasiego hasta 25 ml a zona de acopio. | E21: M2 | F21: 564 | G21: ='APU 1.1'!AK47 -> 22698 | H21: =+F21*G21 -> 12801672 | I21: =+'APU 1.1'!AE30*'PRESUPUESTO Cubierta CALOTO'!F21 -> 205.48001 | J21: 1.2 | K21: 4
A22: 1.2 | B22: Mantenimiento de estructura en madera existente, incluye desmonte del elemento a reponer, reposicion con el nuevo elemento, instalacion y fijacion del elemento reemplazado. | E22: ML | F22: 358 | G22: ='APU 1.2'!AK47 -> 29859 | H22: =+F22*G22 -> 10689522
A23: 1.3 | B23: Pintura a 4 caras de perfil de madera existente,incluye pintura a recambios de perfiles en madera, incluye lijado, inmunizacion y pintura en esmalte. | E23: ML | F23: 1058 | G23: ='APU 1.3'!AK47 -> 9896 | H23: =+F23*G23 -> 10469968
A24: 1.4 | B24: Mantenimiento de la base de cubierta compuesta (multicapa artesanal) y de soporte existente apoyado sobre parales y soportes en madera, incluye el suministro de mortero 1:4, manto y cambio de malla galvanizada de reposicion, | E24: M2 | F24: 262.63016 | G24: ='APU 1.4'!AK48 -> 92581 | H24: =+F24*G24 -> 24314563
A25: 1.5 | B25: Suministro e instalacion de Canaletas en lamina galvanizada | E25: ML | F25: 24 | G25: ='APU 1.5'!AK48 -> 46501 | H25: =+F25*G25 -> 1116024
A26: 1.6 | B26: Suministro e instalacion de Caballetes en fibrocemento coordinada para cubierta tipo española | E26: ML | F26: 60.39 | G26: ='APU 1.6'!AK48 -> 33663 | H26: =+F26*G26 -> 2032908.6
A27: 1.7 | B27: Suministro e instalacion de cubierta tipo española en fibrocemento incluye accesorios de sujecion y fijaccion para anclaje a madera. | E27: M2 | F27: 564 | G27: ='APU 1.7'!AK48 -> 83502 | H27: =+F27*G27 -> 47095128
H29: =F29*G29 -> 0 | I29: =+F29*#REF! -> #REF! | J29: 1.3 | K29: 3
H30: =F30*G30 -> 0 | I30: =+F30*#REF! -> #REF! | J30: 1,7, 1,8 | K30: 3
G31: SUB TOTAL | H31: =SUM(H21:H30) -> 1.0851979e+08
A32: SUBTOTAL COSTOS DIRECTOS (A)+(C)+(D)+(E)+(F)+(G)+(I) | H32: =H31 -> 1.0851979e+08
A33: ADMINISTRACIÓN | G33: 0.16 | H33: =+G33*H32 -> 17363166
A34: IMPREVISTOS | G34: 0.04 | H34: =+G34*H32 -> 4340791.4
A35: UTILIDAD | G35: 0.05 | H35: =+G35*H32 -> 5425989.3
A36: IVA (19%) SOBRE LA UTILIDAD | G36: 0.19 | H36: =+G36*H35 -> 1030938
A37: TOTAL COSTOS DIRECTOS | H37: =SUM(H32:H36) -> 1.3668067e+08 | AF37: =SUM(AF32:AF36) -> 0 | AG37: TOTAL COSTOS DIRECTOS | AN37: =SUM(AN32:AN36) -> 0 | AO37: TOTAL COSTOS DIRECTOS | AV37: =SUM(AV32:AV36) -> 0 | AW37: TOTAL COSTOS DIRECTOS | BD37: =SUM(BD32:BD36) -> 0 | BE37: TOTAL COSTOS DIRECTOS | BL37: =SUM(BL32:BL36) -> 0 | BM37: TOTAL COSTOS DIRECTOS | BT37: =SUM(BT32:BT36) -> 0 | BU37: TOTAL COSTOS DIRECTOS | CB37: =SUM(CB32:CB36) -> 0 | CC37: TOTAL COSTOS DIRECTOS | CJ37: =SUM(CJ32:CJ36) -> 0 | CK37: TOTAL COSTOS DIRECTOS | CR37: =SUM(CR32:CR36) -> 0 | CS37: TOTAL COSTOS DIRECTOS | CZ37: =SUM(CZ32:CZ36) -> 0 | DA37: TOTAL COSTOS DIRECTOS | DH37: =SUM(DH32:DH36) -> 0 | DI37: TOTAL COSTOS DIRECTOS | DP37: =SUM(DP32:DP36) -> 0 | DQ37: TOTAL COSTOS DIRECTOS | DX37: =SUM(DX32:DX36) -> 0 | DY37: TOTAL COSTOS DIRECTOS | EF37: =SUM(EF32:EF36) -> 0 | EG37: TOTAL COSTOS DIRECTOS | EN37: =SUM(EN32:EN36) -> 0 | EO37: TOTAL COSTOS DIRECTOS | EV37: =SUM(EV32:EV36) -> 0 | EW37: TOTAL COSTOS DIRECTOS | FD37: =SUM(FD32:FD36) -> 0 | FE37: TOTAL COSTOS DIRECTOS | FL37: =SUM(FL32:FL36) -> 0 | FM37: TOTAL COSTOS DIRECTOS | FT37: =SUM(FT32:FT36) -> 0 | FU37: TOTAL COSTOS DIRECTOS | GB37: =SUM(GB32:GB36) -> 0 | GC37: TOTAL COSTOS DIRECTOS | GJ37: =SUM(GJ32:GJ36) -> 0 | GK37: TOTAL COSTOS DIRECTOS | GR37: =SUM(GR32:GR36) -> 0 | GS37: TOTAL COSTOS DIRECTOS | GZ37: =SUM(GZ32:GZ36) -> 0 | HA37: TOTAL COSTOS DIRECTOS | HH37: =SUM(HH32:HH36) -> 0 | HI37: TOTAL COSTOS DIRECTOS | HP37: =SUM(HP32:HP36) -> 0 | HQ37: TOTAL COSTOS DIRECTOS | HX37: =SUM(HX32:HX36) -> 0 | HY37: TOTAL COSTOS DIRECTOS | IF37: =SUM(IF32:IF36) -> 0 | IG37: TOTAL COSTOS DIRECTOS | IN37: =SUM(IN32:IN36) -> 0 | IO37: TOTAL COSTOS DIRECTOS | IV37: =SUM(IV32:IV36) -> 0 | IW37: TOTAL COSTOS DIRECTOS | JD37: =SUM(JD32:JD36) -> 0 | JE37: TOTAL COSTOS DIRECTOS | JL37: =SUM(JL32:JL36) -> 0 | JM37: TOTAL COSTOS DIRECTOS | JT37: =SUM(JT32:JT36) -> 0 | JU37: TOTAL COSTOS DIRECTOS | KB37: =SUM(KB32:KB36) -> 0 | KC37: TOTAL COSTOS DIRECTOS | KJ37: =SUM(KJ32:KJ36) -> 0 | KK37: TOTAL COSTOS DIRECTOS | KR37: =SUM(KR32:KR36) -> 0 | KS37: TOTAL COSTOS DIRECTOS | KZ37: =SUM(KZ32:KZ36) -> 0 | LA37: TOTAL COSTOS DIRECTOS | LH37: =SUM(LH32:LH36) -> 0 | LI37: TOTAL COSTOS DIRECTOS | LP37: =SUM(LP32:LP36) -> 0 | LQ37: TOTAL COSTOS DIRECTOS | LX37: =SUM(LX32:LX36) -> 0 | LY37: TOTAL COSTOS DIRECTOS | MF37: =SUM(MF32:MF36) -> 0 | MG37: TOTAL COSTOS DIRECTOS | MN37: =SUM(MN32:MN36) -> 0 | MO37: TOTAL COSTOS DIRECTOS | MV37: =SUM(MV32:MV36) -> 0 | MW37: TOTAL COSTOS DIRECTOS | ND37: =SUM(ND32:ND36) -> 0 | NE37: TOTAL COSTOS DIRECTOS | NL37: =SUM(NL32:NL36) -> 0 | NM37: TOTAL COSTOS DIRECTOS | NT37: =SUM(NT32:NT36) -> 0 | NU37: TOTAL COSTOS DIRECTOS | OB37: =SUM(OB32:OB36) -> 0 | OC37: TOTAL COSTOS DIRECTOS | OJ37: =SUM(OJ32:OJ36) -> 0 | OK37: TOTAL COSTOS DIRECTOS | OR37: =SUM(OR32:OR36) -> 0 | OS37: TOTAL COSTOS DIRECTOS | OZ37: =SUM(OZ32:OZ36) -> 0 | PA37: TOTAL COSTOS DIRECTOS | PH37: =SUM(PH32:PH36) -> 0 | PI37: TOTAL COSTOS DIRECTOS | PP37: =SUM(PP32:PP36) -> 0 | PQ37: TOTAL COSTOS DIRECTOS | PX37: =SUM(PX32:PX36) -> 0 | PY37: TOTAL COSTOS DIRECTOS | QF37: =SUM(QF32:QF36) -> 0 | QG37: TOTAL COSTOS DIRECTOS | QN37: =SUM(QN32:QN36) -> 0 | QO37: TOTAL COSTOS DIRECTOS | QV37: =SUM(QV32:QV36) -> 0 | QW37: TOTAL COSTOS DIRECTOS | RD37: =SUM(RD32:RD36) -> 0 | RE37: TOTAL COSTOS DIRECTOS | RL37: =SUM(RL32:RL36) -> 0 | RM37: TOTAL COSTOS DIRECTOS | RT37: =SUM(RT32:RT36) -> 0 | RU37: TOTAL COSTOS DIRECTOS | SB37: =SUM(SB32:SB36) -> 0 | SC37: TOTAL COSTOS DIRECTOS | SJ37: =SUM(SJ32:SJ36) -> 0 | SK37: TOTAL COSTOS DIRECTOS | SR37: =SUM(SR32:SR36) -> 0 | SS37: TOTAL COSTOS DIRECTOS | SZ37: =SUM(SZ32:SZ36) -> 0 | TA37: TOTAL COSTOS DIRECTOS | TH37: =SUM(TH32:TH36) -> 0 | TI37: TOTAL COSTOS DIRECTOS | TP37: =SUM(TP32:TP36) -> 0 | TQ37: TOTAL COSTOS DIRECTOS | TX37: =SUM(TX32:TX36) -> 0 | TY37: TOTAL COSTOS DIRECTOS | UF37: =SUM(UF32:UF36) -> 0 | UG37: TOTAL COSTOS DIRECTOS | UN37: =SUM(UN32:UN36) -> 0 | UO37: TOTAL COSTOS DIRECTOS | UV37: =SUM(UV32:UV36) -> 0 | UW37: TOTAL COSTOS DIRECTOS | VD37: =SUM(VD32:VD36) -> 0 | VE37: TOTAL COSTOS DIRECTOS | VL37: =SUM(VL32:VL36) -> 0 | VM37: TOTAL COSTOS DIRECTOS | VT37: =SUM(VT32:VT36) -> 0 | VU37: TOTAL COSTOS DIRECTOS | WB37: =SUM(WB32:WB36) -> 0 | WC37: TOTAL COSTOS DIRECTOS | WJ37: =SUM(WJ32:WJ36) -> 0 | WK37: TOTAL COSTOS DIRECTOS | WR37: =SUM(WR32:WR36) -> 0 | WS37: TOTAL COSTOS DIRECTOS | WZ37: =SUM(WZ32:WZ36) -> 0 | XA37: TOTAL COSTOS DIRECTOS | XH37: =SUM(XH32:XH36) -> 0 | XI37: TOTAL COSTOS DIRECTOS | XP37: =SUM(XP32:XP36) -> 0 | XQ37: TOTAL COSTOS DIRECTOS | XX37: =SUM(XX32:XX36) -> 0 | XY37: TOTAL COSTOS DIRECTOS | YF37: =SUM(YF32:YF36) -> 0 | YG37: TOTAL COSTOS DIRECTOS | YN37: =SUM(YN32:YN36) -> 0 | YO37: TOTAL COSTOS DIRECTOS | YV37: =SUM(YV32:YV36) -> 0 | YW37: TOTAL COSTOS DIRECTOS | ZD37: =SUM(ZD32:ZD36) -> 0 | ZE37: TOTAL COSTOS DIRECTOS | ZL37: =SUM(ZL32:ZL36) -> 0 | ZM37: TOTAL COSTOS DIRECTOS | ZT37: =SUM(ZT32:ZT36) -> 0 | ZU37: TOTAL COSTOS DIRECTOS | AAB37: =SUM(AAB32:AAB36) -> 0 | AAC37: TOTAL COSTOS DIRECTOS | AAJ37: =SUM(AAJ32:AAJ36) -> 0 | AAK37: TOTAL COSTOS DIRECTOS | AAR37: =SUM(AAR32:AAR36) -> 0 | AAS37: TOTAL COSTOS DIRECTOS | AAZ37: =SUM(AAZ32:AAZ36) -> 0 | ABA37: TOTAL COSTOS DIRECTOS | ABH37: =SUM(ABH32:ABH36) -> 0 | ABI37: TOTAL COSTOS DIRECTOS | ABP37: =SUM(ABP32:ABP36) -> 0 | ABQ37: TOTAL COSTOS DIRECTOS | ABX37: =SUM(ABX32:ABX36) -> 0 | ABY37: TOTAL COSTOS DIRECTOS | ACF37: =SUM(ACF32:ACF36) -> 0 | ACG37: TOTAL COSTOS DIRECTOS | ACN37: =SUM(ACN32:ACN36) -> 0 | ACO37: TOTAL COSTOS DIRECTOS | ACV37: =SUM(ACV32:ACV36) -> 0 | ACW37: TOTAL COSTOS DIRECTOS | ADD37: =SUM(ADD32:ADD36) -> 0 | ADE37: TOTAL COSTOS DIRECTOS | ADL37: =SUM(ADL32:ADL36) -> 0 | ADM37: TOTAL COSTOS DIRECTOS | ADT37: =SUM(ADT32:ADT36) -> 0 | ADU37: TOTAL COSTOS DIRECTOS | AEB37: =SUM(AEB32:AEB36) -> 0 | AEC37: TOTAL COSTOS DIRECTOS | AEJ37: =SUM(AEJ32:AEJ36) -> 0 | AEK37: TOTAL COSTOS DIRECTOS | AER37: =SUM(AER32:AER36) -> 0 | AES37: TOTAL COSTOS DIRECTOS | AEZ37: =SUM(AEZ32:AEZ36) -> 0 | AFA37: TOTAL COSTOS DIRECTOS | AFH37: =SUM(AFH32:AFH36) -> 0 | AFI37: TOTAL COSTOS DIRECTOS | AFP37: =SUM(AFP32:AFP36) -> 0 | AFQ37: TOTAL COSTOS DIRECTOS | AFX37: =SUM(AFX32:AFX36) -> 0 | AFY37: TOTAL COSTOS DIRECTOS | AGF37: =SUM(AGF32:AGF36) -> 0 | AGG37: TOTAL COSTOS DIRECTOS | AGN37: =SUM(AGN32:AGN36) -> 0 | AGO37: TOTAL COSTOS DIRECTOS | AGV37: =SUM(AGV32:AGV36) -> 0 | AGW37: TOTAL COSTOS DIRECTOS | AHD37: =SUM(AHD32:AHD36) -> 0 | AHE37: TOTAL COSTOS DIRECTOS | AHL37: =SUM(AHL32:AHL36) -> 0 | AHM37: TOTAL COSTOS DIRECTOS | AHT37: =SUM(AHT32:AHT36) -> 0 | AHU37: TOTAL COSTOS DIRECTOS | AIB37: =SUM(AIB32:AIB36) -> 0 | AIC37: TOTAL COSTOS DIRECTOS | AIJ37: =SUM(AIJ32:AIJ36) -> 0 | AIK37: TOTAL COSTOS DIRECTOS | AIR37: =SUM(AIR32:AIR36) -> 0 | AIS37: TOTAL COSTOS DIRECTOS | AIZ37: =SUM(AIZ32:AIZ36) -> 0 | AJA37: TOTAL COSTOS DIRECTOS | AJH37: =SUM(AJH32:AJH36) -> 0 | AJI37: TOTAL COSTOS DIRECTOS | AJP37: =SUM(AJP32:AJP36) -> 0 | AJQ37: TOTAL COSTOS DIRECTOS | AJX37: =SUM(AJX32:AJX36) -> 0 | AJY37: TOTAL COSTOS DIRECTOS | AKF37: =SUM(AKF32:AKF36) -> 0 | AKG37: TOTAL COSTOS DIRECTOS | AKN37: =SUM(AKN32:AKN36) -> 0 | AKO37: TOTAL COSTOS DIRECTOS | AKV37: =SUM(AKV32:AKV36) -> 0 | AKW37: TOTAL COSTOS DIRECTOS | ALD37: =SUM(ALD32:ALD36) -> 0 | ALE37: TOTAL COSTOS DIRECTOS | ALL37: =SUM(ALL32:ALL36) -> 0 | ALM37: TOTAL COSTOS DIRECTOS | ALT37: =SUM(ALT32:ALT36) -> 0 | ALU37: TOTAL COSTOS DIRECTOS | AMB37: =SUM(AMB32:AMB36) -> 0 | AMC37: TOTAL COSTOS DIRECTOS | AMJ37: =SUM(AMJ32:AMJ36) -> 0 | AMK37: TOTAL COSTOS DIRECTOS | AMR37: =SUM(AMR32:AMR36) -> 0 | AMS37: TOTAL COSTOS DIRECTOS | AMZ37: =SUM(AMZ32:AMZ36) -> 0 | ANA37: TOTAL COSTOS DIRECTOS | ANH37: =SUM(ANH32:ANH36) -> 0 | ANI37: TOTAL COSTOS DIRECTOS | ANP37: =SUM(ANP32:ANP36) -> 0 | ANQ37: TOTAL COSTOS DIRECTOS | ANX37: =SUM(ANX32:ANX36) -> 0 | ANY37: TOTAL COSTOS DIRECTOS | AOF37: =SUM(AOF32:AOF36) -> 0 | AOG37: TOTAL COSTOS DIRECTOS | AON37: =SUM(AON32:AON36) -> 0 | AOO37: TOTAL COSTOS DIRECTOS | AOV37: =SUM(AOV32:AOV36) -> 0 | AOW37: TOTAL COSTOS DIRECTOS | APD37: =SUM(APD32:APD36) -> 0 | APE37: TOTAL COSTOS DIRECTOS | APL37: =SUM(APL32:APL36) -> 0 | APM37: TOTAL COSTOS DIRECTOS | APT37: =SUM(APT32:APT36) -> 0 | APU37: TOTAL COSTOS DIRECTOS | AQB37: =SUM(AQB32:AQB36) -> 0 | AQC37: TOTAL COSTOS DIRECTOS | AQJ37: =SUM(AQJ32:AQJ36) -> 0 | AQK37: TOTAL COSTOS DIRECTOS | AQR37: =SUM(AQR32:AQR36) -> 0 | AQS37: TOTAL COSTOS DIRECTOS | AQZ37: =SUM(AQZ32:AQZ36) -> 0 | ARA37: TOTAL COSTOS DIRECTOS | ARH37: =SUM(ARH32:ARH36) -> 0 | ARI37: TOTAL COSTOS DIRECTOS | ARP37: =SUM(ARP32:ARP36) -> 0 | ARQ37: TOTAL COSTOS DIRECTOS | ARX37: =SUM(ARX32:ARX36) -> 0 | ARY37: TOTAL COSTOS DIRECTOS | ASF37: =SUM(ASF32:ASF36) -> 0 | ASG37: TOTAL COSTOS DIRECTOS | ASN37: =SUM(ASN32:ASN36) -> 0 | ASO37: TOTAL COSTOS DIRECTOS | ASV37: =SUM(ASV32:ASV36) -> 0 | ASW37: TOTAL COSTOS DIRECTOS | ATD37: =SUM(ATD32:ATD36) -> 0 | ATE37: TOTAL COSTOS DIRECTOS | ATL37: =SUM(ATL32:ATL36) -> 0 | ATM37: TOTAL COSTOS DIRECTOS | ATT37: =SUM(ATT32:ATT36) -> 0 | ATU37: TOTAL COSTOS DIRECTOS | AUB37: =SUM(AUB32:AUB36) -> 0 | AUC37: TOTAL COSTOS DIRECTOS | AUJ37: =SUM(AUJ32:AUJ36) -> 0 | AUK37: TOTAL COSTOS DIRECTOS | AUR37: =SUM(AUR32:AUR36) -> 0 | AUS37: TOTAL COSTOS DIRECTOS | AUZ37: =SUM(AUZ32:AUZ36) -> 0 | AVA37: TOTAL COSTOS DIRECTOS | AVH37: =SUM(AVH32:AVH36) -> 0 | AVI37: TOTAL COSTOS DIRECTOS | AVP37: =SUM(AVP32:AVP36) -> 0 | AVQ37: TOTAL COSTOS DIRECTOS | AVX37: =SUM(AVX32:AVX36) -> 0 | AVY37: TOTAL COSTOS DIRECTOS | AWF37: =SUM(AWF32:AWF36) -> 0 | AWG37: TOTAL COSTOS DIRECTOS | AWN37: =SUM(AWN32:AWN36) -> 0 | AWO37: TOTAL COSTOS DIRECTOS | AWV37: =SUM(AWV32:AWV36) -> 0 | AWW37: TOTAL COSTOS DIRECTOS | AXD37: =SUM(AXD32:AXD36) -> 0 | AXE37: TOTAL COSTOS DIRECTOS | AXL37: =SUM(AXL32:AXL36) -> 0 | AXM37: TOTAL COSTOS DIRECTOS | AXT37: =SUM(AXT32:AXT36) -> 0 | AXU37: TOTAL COSTOS DIRECTOS | AYB37: =SUM(AYB32:AYB36) -> 0 | AYC37: TOTAL COSTOS DIRECTOS | AYJ37: =SUM(AYJ32:AYJ36) -> 0 | AYK37: TOTAL COSTOS DIRECTOS | AYR37: =SUM(AYR32:AYR36) -> 0 | AYS37: TOTAL COSTOS DIRECTOS | AYZ37: =SUM(AYZ32:AYZ36) -> 0 | AZA37: TOTAL COSTOS DIRECTOS | AZH37: =SUM(AZH32:AZH36) -> 0 | AZI37: TOTAL COSTOS DIRECTOS | AZP37: =SUM(AZP32:AZP36) -> 0 | AZQ37: TOTAL COSTOS DIRECTOS | AZX37: =SUM(AZX32:AZX36) -> 0 | AZY37: TOTAL COSTOS DIRECTOS | BAF37: =SUM(BAF32:BAF36) -> 0 | BAG37: TOTAL COSTOS DIRECTOS | BAN37: =SUM(BAN32:BAN36) -> 0 | BAO37: TOTAL COSTOS DIRECTOS | BAV37: =SUM(BAV32:BAV36) -> 0 | BAW37: TOTAL COSTOS DIRECTOS | BBD37: =SUM(BBD32:BBD36) -> 0 | BBE37: TOTAL COSTOS DIRECTOS | BBL37: =SUM(BBL32:BBL36) -> 0 | BBM37: TOTAL COSTOS DIRECTOS | BBT37: =SUM(BBT32:BBT36) -> 0 | BBU37: TOTAL COSTOS DIRECTOS | BCB37: =SUM(BCB32:BCB36) -> 0 | BCC37: TOTAL COSTOS DIRECTOS | BCJ37: =SUM(BCJ32:BCJ36) -> 0 | BCK37: TOTAL COSTOS DIRECTOS | BCR37: =SUM(BCR32:BCR36) -> 0 | BCS37: TOTAL COSTOS DIRECTOS | BCZ37: =SUM(BCZ32:BCZ36) -> 0 | BDA37: TOTAL COSTOS DIRECTOS | BDH37: =SUM(BDH32:BDH36) -> 0 | BDI37: TOTAL COSTOS DIRECTOS | BDP37: =SUM(BDP32:BDP36) -> 0 | BDQ37: TOTAL COSTOS DIRECTOS | BDX37: =SUM(BDX32:BDX36) -> 0 | BDY37: TOTAL COSTOS DIRECTOS | BEF37: =SUM(BEF32:BEF36) -> 0 | BEG37: TOTAL COSTOS DIRECTOS | BEN37: =SUM(BEN32:BEN36) -> 0 | BEO37: TOTAL COSTOS DIRECTOS | BEV37: =SUM(BEV32:BEV36) -> 0 | BEW37: TOTAL COSTOS DIRECTOS | BFD37: =SUM(BFD32:BFD36) -> 0 | BFE37: TOTAL COSTOS DIRECTOS | BFL37: =SUM(BFL32:BFL36) -> 0 | BFM37: TOTAL COSTOS DIRECTOS | BFT37: =SUM(BFT32:BFT36) -> 0 | BFU37: TOTAL COSTOS DIRECTOS | BGB37: =SUM(BGB32:BGB36) -> 0 | BGC37: TOTAL COSTOS DIRECTOS | BGJ37: =SUM(BGJ32:BGJ36) -> 0 | BGK37: TOTAL COSTOS DIRECTOS | BGR37: =SUM(BGR32:BGR36) -> 0 | BGS37: TOTAL COSTOS DIRECTOS | BGZ37: =SUM(BGZ32:BGZ36) -> 0 | BHA37: TOTAL COSTOS DIRECTOS | BHH37: =SUM(BHH32:BHH36) -> 0 | BHI37: TOTAL COSTOS DIRECTOS | BHP37: =SUM(BHP32:BHP36) -> 0 | BHQ37: TOTAL COSTOS DIRECTOS | BHX37: =SUM(BHX32:BHX36) -> 0 | BHY37: TOTAL COSTOS DIRECTOS | BIF37: =SUM(BIF32:BIF36) -> 0 | BIG37: TOTAL COSTOS DIRECTOS | BIN37: =SUM(BIN32:BIN36) -> 0 | BIO37: TOTAL COSTOS DIRECTOS | BIV37: =SUM(BIV32:BIV36) -> 0 | BIW37: TOTAL COSTOS DIRECTOS | BJD37: =SUM(BJD32:BJD36) -> 0 | BJE37: TOTAL COSTOS DIRECTOS | BJL37: =SUM(BJL32:BJL36) -> 0 | BJM37: TOTAL COSTOS DIRECTOS | BJT37: =SUM(BJT32:BJT36) -> 0 | BJU37: TOTAL COSTOS DIRECTOS | BKB37: =SUM(BKB32:BKB36) -> 0 | BKC37: TOTAL COSTOS DIRECTOS | BKJ37: =SUM(BKJ32:BKJ36) -> 0 | BKK37: TOTAL COSTOS DIRECTOS | BKR37: =SUM(BKR32:BKR36) -> 0 | BKS37: TOTAL COSTOS DIRECTOS | BKZ37: =SUM(BKZ32:BKZ36) -> 0 | BLA37: TOTAL COSTOS DIRECTOS | BLH37: =SUM(BLH32:BLH36) -> 0 | BLI37: TOTAL COSTOS DIRECTOS | BLP37: =SUM(BLP32:BLP36) -> 0 | BLQ37: TOTAL COSTOS DIRECTOS | BLX37: =SUM(BLX32:BLX36) -> 0 | BLY37: TOTAL COSTOS DIRECTOS | BMF37: =SUM(BMF32:BMF36) -> 0 | BMG37: TOTAL COSTOS DIRECTOS | BMN37: =SUM(BMN32:BMN36) -> 0 | BMO37: TOTAL COSTOS DIRECTOS | BMV37: =SUM(BMV32:BMV36) -> 0 | BMW37: TOTAL COSTOS DIRECTOS | BND37: =SUM(BND32:BND36) -> 0 | BNE37: TOTAL COSTOS DIRECTOS | BNL37: =SUM(BNL32:BNL36) -> 0 | BNM37: TOTAL COSTOS DIRECTOS | BNT37: =SUM(BNT32:BNT36) -> 0 | BNU37: TOTAL COSTOS DIRECTOS | BOB37: =SUM(BOB32:BOB36) -> 0 | BOC37: TOTAL COSTOS DIRECTOS | BOJ37: =SUM(BOJ32:BOJ36) -> 0 | BOK37: TOTAL COSTOS DIRECTOS | BOR37: =SUM(BOR32:BOR36) -> 0 | BOS37: TOTAL COSTOS DIRECTOS | BOZ37: =SUM(BOZ32:BOZ36) -> 0 | BPA37: TOTAL COSTOS DIRECTOS | BPH37: =SUM(BPH32:BPH36) -> 0 | BPI37: TOTAL COSTOS DIRECTOS | BPP37: =SUM(BPP32:BPP36) -> 0 | BPQ37: TOTAL COSTOS DIRECTOS | BPX37: =SUM(BPX32:BPX36) -> 0 | BPY37: TOTAL COSTOS DIRECTOS | BQF37: =SUM(BQF32:BQF36) -> 0 | BQG37: TOTAL COSTOS DIRECTOS | BQN37: =SUM(BQN32:BQN36) -> 0 | BQO37: TOTAL COSTOS DIRECTOS | BQV37: =SUM(BQV32:BQV36) -> 0 | BQW37: TOTAL COSTOS DIRECTOS | BRD37: =SUM(BRD32:BRD36) -> 0 | BRE37: TOTAL COSTOS DIRECTOS | BRL37: =SUM(BRL32:BRL36) -> 0 | BRM37: TOTAL COSTOS DIRECTOS | BRT37: =SUM(BRT32:BRT36) -> 0 | BRU37: TOTAL COSTOS DIRECTOS | BSB37: =SUM(BSB32:BSB36) -> 0 | BSC37: TOTAL COSTOS DIRECTOS | BSJ37: =SUM(BSJ32:BSJ36) -> 0 | BSK37: TOTAL COSTOS DIRECTOS | BSR37: =SUM(BSR32:BSR36) -> 0 | BSS37: TOTAL COSTOS DIRECTOS | BSZ37: =SUM(BSZ32:BSZ36) -> 0 | BTA37: TOTAL COSTOS DIRECTOS | BTH37: =SUM(BTH32:BTH36) -> 0 | BTI37: TOTAL COSTOS DIRECTOS | BTP37: =SUM(BTP32:BTP36) -> 0 | BTQ37: TOTAL COSTOS DIRECTOS | BTX37: =SUM(BTX32:BTX36) -> 0 | BTY37: TOTAL COSTOS DIRECTOS | BUF37: =SUM(BUF32:BUF36) -> 0 | BUG37: TOTAL COSTOS DIRECTOS | BUN37: =SUM(BUN32:BUN36) -> 0 | BUO37: TOTAL COSTOS DIRECTOS | BUV37: =SUM(BUV32:BUV36) -> 0 | BUW37: TOTAL COSTOS DIRECTOS | BVD37: =SUM(BVD32:BVD36) -> 0 | BVE37: TOTAL COSTOS DIRECTOS | BVL37: =SUM(BVL32:BVL36) -> 0 | BVM37: TOTAL COSTOS DIRECTOS | BVT37: =SUM(BVT32:BVT36) -> 0 | BVU37: TOTAL COSTOS DIRECTOS | BWB37: =SUM(BWB32:BWB36) -> 0 | BWC37: TOTAL COSTOS DIRECTOS | BWJ37: =SUM(BWJ32:BWJ36) -> 0 | BWK37: TOTAL COSTOS DIRECTOS | BWR37: =SUM(BWR32:BWR36) -> 0 | BWS37: TOTAL COSTOS DIRECTOS | BWZ37: =SUM(BWZ32:BWZ36) -> 0 | BXA37: TOTAL COSTOS DIRECTOS | BXH37: =SUM(BXH32:BXH36) -> 0 | BXI37: TOTAL COSTOS DIRECTOS | BXP37: =SUM(BXP32:BXP36) -> 0 | BXQ37: TOTAL COSTOS DIRECTOS | BXX37: =SUM(BXX32:BXX36) -> 0 | BXY37: TOTAL COSTOS DIRECTOS | BYF37: =SUM(BYF32:BYF36) -> 0 | BYG37: TOTAL COSTOS DIRECTOS | BYN37: =SUM(BYN32:BYN36) -> 0 | BYO37: TOTAL COSTOS DIRECTOS | BYV37: =SUM(BYV32:BYV36) -> 0 | BYW37: TOTAL COSTOS DIRECTOS | BZD37: =SUM(BZD32:BZD36) -> 0 | BZE37: TOTAL COSTOS DIRECTOS | BZL37: =SUM(BZL32:BZL36) -> 0 | BZM37: TOTAL COSTOS DIRECTOS | BZT37: =SUM(BZT32:BZT36) -> 0 | BZU37: TOTAL COSTOS DIRECTOS | CAB37: =SUM(CAB32:CAB36) -> 0 | CAC37: TOTAL COSTOS DIRECTOS | CAJ37: =SUM(CAJ32:CAJ36) -> 0 | CAK37: TOTAL COSTOS DIRECTOS | CAR37: =SUM(CAR32:CAR36) -> 0 | CAS37: TOTAL COSTOS DIRECTOS | CAZ37: =SUM(CAZ32:CAZ36) -> 0 | CBA37: TOTAL COSTOS DIRECTOS | CBH37: =SUM(CBH32:CBH36) -> 0 | CBI37: TOTAL COSTOS DIRECTOS | CBP37: =SUM(CBP32:CBP36) -> 0 | CBQ37: TOTAL COSTOS DIRECTOS | CBX37: =SUM(CBX32:CBX36) -> 0 | CBY37: TOTAL COSTOS DIRECTOS | CCF37: =SUM(CCF32:CCF36) -> 0 | CCG37: TOTAL COSTOS DIRECTOS | CCN37: =SUM(CCN32:CCN36) -> 0 | CCO37: TOTAL COSTOS DIRECTOS | CCV37: =SUM(CCV32:CCV36) -> 0 | CCW37: TOTAL COSTOS DIRECTOS | CDD37: =SUM(CDD32:CDD36) -> 0 | CDE37: TOTAL COSTOS DIRECTOS | CDL37: =SUM(CDL32:CDL36) -> 0 | CDM37: TOTAL COSTOS DIRECTOS | CDT37: =SUM(CDT32:CDT36) -> 0 | CDU37: TOTAL COSTOS DIRECTOS | CEB37: =SUM(CEB32:CEB36) -> 0 | CEC37: TOTAL COSTOS DIRECTOS | CEJ37: =SUM(CEJ32:CEJ36) -> 0 | CEK37: TOTAL COSTOS DIRECTOS | CER37: =SUM(CER32:CER36) -> 0 | CES37: TOTAL COSTOS DIRECTOS | CEZ37: =SUM(CEZ32:CEZ36) -> 0 | CFA37: TOTAL COSTOS DIRECTOS | CFH37: =SUM(CFH32:CFH36) -> 0 | CFI37: TOTAL COSTOS DIRECTOS | CFP37: =SUM(CFP32:CFP36) -> 0 | CFQ37: TOTAL COSTOS DIRECTOS | CFX37: =SUM(CFX32:CFX36) -> 0 | CFY37: TOTAL COSTOS DIRECTOS | CGF37: =SUM(CGF32:CGF36) -> 0 | CGG37: TOTAL COSTOS DIRECTOS | CGN37: =SUM(CGN32:CGN36) -> 0 | CGO37: TOTAL COSTOS DIRECTOS | CGV37: =SUM(CGV32:CGV36) -> 0 | CGW37: TOTAL COSTOS DIRECTOS | CHD37: =SUM(CHD32:CHD36) -> 0 | CHE37: TOTAL COSTOS DIRECTOS | CHL37: =SUM(CHL32:CHL36) -> 0 | CHM37: TOTAL COSTOS DIRECTOS | CHT37: =SUM(CHT32:CHT36) -> 0 | CHU37: TOTAL COSTOS DIRECTOS | CIB37: =SUM(CIB32:CIB36) -> 0 | CIC37: TOTAL COSTOS DIRECTOS | CIJ37: =SUM(CIJ32:CIJ36) -> 0 | CIK37: TOTAL COSTOS DIRECTOS | CIR37: =SUM(CIR32:CIR36) -> 0 | CIS37: TOTAL COSTOS DIRECTOS | CIZ37: =SUM(CIZ32:CIZ36) -> 0 | CJA37: TOTAL COSTOS DIRECTOS | CJH37: =SUM(CJH32:CJH36) -> 0 | CJI37: TOTAL COSTOS DIRECTOS | CJP37: =SUM(CJP32:CJP36) -> 0 | CJQ37: TOTAL COSTOS DIRECTOS | CJX37: =SUM(CJX32:CJX36) -> 0 | CJY37: TOTAL COSTOS DIRECTOS | CKF37: =SUM(CKF32:CKF36) -> 0 | CKG37: TOTAL COSTOS DIRECTOS | CKN37: =SUM(CKN32:CKN36) -> 0 | CKO37: TOTAL COSTOS DIRECTOS | CKV37: =SUM(CKV32:CKV36) -> 0 | CKW37: TOTAL COSTOS DIRECTOS | CLD37: =SUM(CLD32:CLD36) -> 0 | CLE37: TOTAL COSTOS DIRECTOS | CLL37: =SUM(CLL32:CLL36) -> 0 | CLM37: TOTAL COSTOS DIRECTOS | CLT37: =SUM(CLT32:CLT36) -> 0 | CLU37: TOTAL COSTOS DIRECTOS | CMB37: =SUM(CMB32:CMB36) -> 0 | CMC37: TOTAL COSTOS DIRECTOS | CMJ37: =SUM(CMJ32:CMJ36) -> 0 | CMK37: TOTAL COSTOS DIRECTOS | CMR37: =SUM(CMR32:CMR36) -> 0 | CMS37: TOTAL COSTOS DIRECTOS | CMZ37: =SUM(CMZ32:CMZ36) -> 0 | CNA37: TOTAL COSTOS DIRECTOS | CNH37: =SUM(CNH32:CNH36) -> 0 | CNI37: TOTAL COSTOS DIRECTOS | CNP37: =SUM(CNP32:CNP36) -> 0 | CNQ37: TOTAL COSTOS DIRECTOS | CNX37: =SUM(CNX32:CNX36) -> 0 | CNY37: TOTAL COSTOS DIRECTOS | COF37: =SUM(COF32:COF36) -> 0 | COG37: TOTAL COSTOS DIRECTOS | CON37: =SUM(CON32:CON36) -> 0 | COO37: TOTAL COSTOS DIRECTOS | COV37: =SUM(COV32:COV36) -> 0 | COW37: TOTAL COSTOS DIRECTOS | CPD37: =SUM(CPD32:CPD36) -> 0 | CPE37: TOTAL COSTOS DIRECTOS | CPL37: =SUM(CPL32:CPL36) -> 0 | CPM37: TOTAL COSTOS DIRECTOS | CPT37: =SUM(CPT32:CPT36) -> 0 | CPU37: TOTAL COSTOS DIRECTOS | CQB37: =SUM(CQB32:CQB36) -> 0 | CQC37: TOTAL COSTOS DIRECTOS | CQJ37: =SUM(CQJ32:CQJ36) -> 0 | CQK37: TOTAL COSTOS DIRECTOS | CQR37: =SUM(CQR32:CQR36) -> 0 | CQS37: TOTAL COSTOS DIRECTOS | CQZ37: =SUM(CQZ32:CQZ36) -> 0 | CRA37: TOTAL COSTOS DIRECTOS | CRH37: =SUM(CRH32:CRH36) -> 0 | CRI37: TOTAL COSTOS DIRECTOS | CRP37: =SUM(CRP32:CRP36) -> 0 | CRQ37: TOTAL COSTOS DIRECTOS | CRX37: =SUM(CRX32:CRX36) -> 0 | CRY37: TOTAL COSTOS DIRECTOS | CSF37: =SUM(CSF32:CSF36) -> 0 | CSG37: TOTAL COSTOS DIRECTOS | CSN37: =SUM(CSN32:CSN36) -> 0 | CSO37: TOTAL COSTOS DIRECTOS | CSV37: =SUM(CSV32:CSV36) -> 0 | CSW37: TOTAL COSTOS DIRECTOS | CTD37: =SUM(CTD32:CTD36) -> 0 | CTE37: TOTAL COSTOS DIRECTOS | CTL37: =SUM(CTL32:CTL36) -> 0 | CTM37: TOTAL COSTOS DIRECTOS | CTT37: =SUM(CTT32:CTT36) -> 0 | CTU37: TOTAL COSTOS DIRECTOS | CUB37: =SUM(CUB32:CUB36) -> 0 | CUC37: TOTAL COSTOS DIRECTOS | CUJ37: =SUM(CUJ32:CUJ36) -> 0 | CUK37: TOTAL COSTOS DIRECTOS | CUR37: =SUM(CUR32:CUR36) -> 0 | CUS37: TOTAL COSTOS DIRECTOS | CUZ37: =SUM(CUZ32:CUZ36) -> 0 | CVA37: TOTAL COSTOS DIRECTOS | CVH37: =SUM(CVH32:CVH36) -> 0 | CVI37: TOTAL COSTOS DIRECTOS | CVP37: =SUM(CVP32:CVP36) -> 0 | CVQ37: TOTAL COSTOS DIRECTOS | CVX37: =SUM(CVX32:CVX36) -> 0 | CVY37: TOTAL COSTOS DIRECTOS | CWF37: =SUM(CWF32:CWF36) -> 0 | CWG37: TOTAL COSTOS DIRECTOS | CWN37: =SUM(CWN32:CWN36) -> 0 | CWO37: TOTAL COSTOS DIRECTOS | CWV37: =SUM(CWV32:CWV36) -> 0 | CWW37: TOTAL COSTOS DIRECTOS | CXD37: =SUM(CXD32:CXD36) -> 0 | CXE37: TOTAL COSTOS DIRECTOS | CXL37: =SUM(CXL32:CXL36) -> 0 | CXM37: TOTAL COSTOS DIRECTOS | CXT37: =SUM(CXT32:CXT36) -> 0 | CXU37: TOTAL COSTOS DIRECTOS | CYB37: =SUM(CYB32:CYB36) -> 0 | CYC37: TOTAL COSTOS DIRECTOS | CYJ37: =SUM(CYJ32:CYJ36) -> 0 | CYK37: TOTAL COSTOS DIRECTOS | CYR37: =SUM(CYR32:CYR36) -> 0 | CYS37: TOTAL COSTOS DIRECTOS | CYZ37: =SUM(CYZ32:CYZ36) -> 0 | CZA37: TOTAL COSTOS DIRECTOS | CZH37: =SUM(CZH32:CZH36) -> 0 | CZI37: TOTAL COSTOS DIRECTOS | CZP37: =SUM(CZP32:CZP36) -> 0 | CZQ37: TOTAL COSTOS DIRECTOS | CZX37: =SUM(CZX32:CZX36) -> 0 | CZY37: TOTAL COSTOS DIRECTOS | DAF37: =SUM(DAF32:DAF36) -> 0 | DAG37: TOTAL COSTOS DIRECTOS | DAN37: =SUM(DAN32:DAN36) -> 0 | DAO37: TOTAL COSTOS DIRECTOS | DAV37: =SUM(DAV32:DAV36) -> 0 | DAW37: TOTAL COSTOS DIRECTOS | DBD37: =SUM(DBD32:DBD36) -> 0 | DBE37: TOTAL COSTOS DIRECTOS | DBL37: =SUM(DBL32:DBL36) -> 0 | DBM37: TOTAL COSTOS DIRECTOS | DBT37: =SUM(DBT32:DBT36) -> 0 | DBU37: TOTAL COSTOS DIRECTOS | DCB37: =SUM(DCB32:DCB36) -> 0 | DCC37: TOTAL COSTOS DIRECTOS | DCJ37: =SUM(DCJ32:DCJ36) -> 0 | DCK37: TOTAL COSTOS DIRECTOS | DCR37: =SUM(DCR32:DCR36) -> 0 | DCS37: TOTAL COSTOS DIRECTOS | DCZ37: =SUM(DCZ32:DCZ36) -> 0 | DDA37: TOTAL COSTOS DIRECTOS | DDH37: =SUM(DDH32:DDH36) -> 0 | DDI37: TOTAL COSTOS DIRECTOS | DDP37: =SUM(DDP32:DDP36) -> 0 | DDQ37: TOTAL COSTOS DIRECTOS | DDX37: =SUM(DDX32:DDX36) -> 0 | DDY37: TOTAL COSTOS DIRECTOS | DEF37: =SUM(DEF32:DEF36) -> 0 | DEG37: TOTAL COSTOS DIRECTOS | DEN37: =SUM(DEN32:DEN36) -> 0 | DEO37: TOTAL COSTOS DIRECTOS | DEV37: =SUM(DEV32:DEV36) -> 0 | DEW37: TOTAL COSTOS DIRECTOS | DFD37: =SUM(DFD32:DFD36) -> 0 | DFE37: TOTAL COSTOS DIRECTOS | DFL37: =SUM(DFL32:DFL36) -> 0 | DFM37: TOTAL COSTOS DIRECTOS | DFT37: =SUM(DFT32:DFT36) -> 0 | DFU37: TOTAL COSTOS DIRECTOS | DGB37: =SUM(DGB32:DGB36) -> 0 | DGC37: TOTAL COSTOS DIRECTOS | DGJ37: =SUM(DGJ32:DGJ36) -> 0 | DGK37: TOTAL COSTOS DIRECTOS | DGR37: =SUM(DGR32:DGR36) -> 0 | DGS37: TOTAL COSTOS DIRECTOS | DGZ37: =SUM(DGZ32:DGZ36) -> 0 | DHA37: TOTAL COSTOS DIRECTOS | DHH37: =SUM(DHH32:DHH36) -> 0 | DHI37: TOTAL COSTOS DIRECTOS | DHP37: =SUM(DHP32:DHP36) -> 0 | DHQ37: TOTAL COSTOS DIRECTOS | DHX37: =SUM(DHX32:DHX36) -> 0 | DHY37: TOTAL COSTOS DIRECTOS | DIF37: =SUM(DIF32:DIF36) -> 0 | DIG37: TOTAL COSTOS DIRECTOS | DIN37: =SUM(DIN32:DIN36) -> 0 | DIO37: TOTAL COSTOS DIRECTOS | DIV37: =SUM(DIV32:DIV36) -> 0 | DIW37: TOTAL COSTOS DIRECTOS | DJD37: =SUM(DJD32:DJD36) -> 0 | DJE37: TOTAL COSTOS DIRECTOS | DJL37: =SUM(DJL32:DJL36) -> 0 | DJM37: TOTAL COSTOS DIRECTOS | DJT37: =SUM(DJT32:DJT36) -> 0 | DJU37: TOTAL COSTOS DIRECTOS | DKB37: =SUM(DKB32:DKB36) -> 0 | DKC37: TOTAL COSTOS DIRECTOS | DKJ37: =SUM(DKJ32:DKJ36) -> 0 | DKK37: TOTAL COSTOS DIRECTOS | DKR37: =SUM(DKR32:DKR36) -> 0 | DKS37: TOTAL COSTOS DIRECTOS | DKZ37: =SUM(DKZ32:DKZ36) -> 0 | DLA37: TOTAL COSTOS DIRECTOS | DLH37: =SUM(DLH32:DLH36) -> 0 | DLI37: TOTAL COSTOS DIRECTOS | DLP37: =SUM(DLP32:DLP36) -> 0 | DLQ37: TOTAL COSTOS DIRECTOS | DLX37: =SUM(DLX32:DLX36) -> 0 | DLY37: TOTAL COSTOS DIRECTOS | DMF37: =SUM(DMF32:DMF36) -> 0 | DMG37: TOTAL COSTOS DIRECTOS | DMN37: =SUM(DMN32:DMN36) -> 0 | DMO37: TOTAL COSTOS DIRECTOS | DMV37: =SUM(DMV32:DMV36) -> 0 | DMW37: TOTAL COSTOS DIRECTOS | DND37: =SUM(DND32:DND36) -> 0 | DNE37: TOTAL COSTOS DIRECTOS | DNL37: =SUM(DNL32:DNL36) -> 0 | DNM37: TOTAL COSTOS DIRECTOS | DNT37: =SUM(DNT32:DNT36) -> 0 | DNU37: TOTAL COSTOS DIRECTOS | DOB37: =SUM(DOB32:DOB36) -> 0 | DOC37: TOTAL COSTOS DIRECTOS | DOJ37: =SUM(DOJ32:DOJ36) -> 0 | DOK37: TOTAL COSTOS DIRECTOS | DOR37: =SUM(DOR32:DOR36) -> 0 | DOS37: TOTAL COSTOS DIRECTOS | DOZ37: =SUM(DOZ32:DOZ36) -> 0 | DPA37: TOTAL COSTOS DIRECTOS | DPH37: =SUM(DPH32:DPH36) -> 0 | DPI37: TOTAL COSTOS DIRECTOS | DPP37: =SUM(DPP32:DPP36) -> 0 | DPQ37: TOTAL COSTOS DIRECTOS | DPX37: =SUM(DPX32:DPX36) -> 0 | DPY37: TOTAL COSTOS DIRECTOS | DQF37: =SUM(DQF32:DQF36) -> 0 | DQG37: TOTAL COSTOS DIRECTOS | DQN37: =SUM(DQN32:DQN36) -> 0 | DQO37: TOTAL COSTOS DIRECTOS | DQV37: =SUM(DQV32:DQV36) -> 0 | DQW37: TOTAL COSTOS DIRECTOS | DRD37: =SUM(DRD32:DRD36) -> 0 | DRE37: TOTAL COSTOS DIRECTOS | DRL37: =SUM(DRL32:DRL36) -> 0 | DRM37: TOTAL COSTOS DIRECTOS | DRT37: =SUM(DRT32:DRT36) -> 0 | DRU37: TOTAL COSTOS DIRECTOS | DSB37: =SUM(DSB32:DSB36) -> 0 | DSC37: TOTAL COSTOS DIRECTOS | DSJ37: =SUM(DSJ32:DSJ36) -> 0 | DSK37: TOTAL COSTOS DIRECTOS | DSR37: =SUM(DSR32:DSR36) -> 0 | DSS37: TOTAL COSTOS DIRECTOS | DSZ37: =SUM(DSZ32:DSZ36) -> 0 | DTA37: TOTAL COSTOS DIRECTOS | DTH37: =SUM(DTH32:DTH36) -> 0 | DTI37: TOTAL COSTOS DIRECTOS | DTP37: =SUM(DTP32:DTP36) -> 0 | DTQ37: TOTAL COSTOS DIRECTOS | DTX37: =SUM(DTX32:DTX36) -> 0 | DTY37: TOTAL COSTOS DIRECTOS | DUF37: =SUM(DUF32:DUF36) -> 0 | DUG37: TOTAL COSTOS DIRECTOS | DUN37: =SUM(DUN32:DUN36) -> 0 | DUO37: TOTAL COSTOS DIRECTOS | DUV37: =SUM(DUV32:DUV36) -> 0 | DUW37: TOTAL COSTOS DIRECTOS | DVD37: =SUM(DVD32:DVD36) -> 0 | DVE37: TOTAL COSTOS DIRECTOS | DVL37: =SUM(DVL32:DVL36) -> 0 | DVM37: TOTAL COSTOS DIRECTOS | DVT37: =SUM(DVT32:DVT36) -> 0 | DVU37: TOTAL COSTOS DIRECTOS | DWB37: =SUM(DWB32:DWB36) -> 0 | DWC37: TOTAL COSTOS DIRECTOS | DWJ37: =SUM(DWJ32:DWJ36) -> 0 | DWK37: TOTAL COSTOS DIRECTOS | DWR37: =SUM(DWR32:DWR36) -> 0 | DWS37: TOTAL COSTOS DIRECTOS | DWZ37: =SUM(DWZ32:DWZ36) -> 0 | DXA37: TOTAL COSTOS DIRECTOS | DXH37: =SUM(DXH32:DXH36) -> 0 | DXI37: TOTAL COSTOS DIRECTOS | DXP37: =SUM(DXP32:DXP36) -> 0 | DXQ37: TOTAL COSTOS DIRECTOS | DXX37: =SUM(DXX32:DXX36) -> 0 | DXY37: TOTAL COSTOS DIRECTOS | DYF37: =SUM(DYF32:DYF36) -> 0 | DYG37: TOTAL COSTOS DIRECTOS | DYN37: =SUM(DYN32:DYN36) -> 0 | DYO37: TOTAL COSTOS DIRECTOS | DYV37: =SUM(DYV32:DYV36) -> 0 | DYW37: TOTAL COSTOS DIRECTOS | DZD37: =SUM(DZD32:DZD36) -> 0 | DZE37: TOTAL COSTOS DIRECTOS | DZL37: =SUM(DZL32:DZL36) -> 0 | DZM37: TOTAL COSTOS DIRECTOS | DZT37: =SUM(DZT32:DZT36) -> 0 | DZU37: TOTAL COSTOS DIRECTOS | EAB37: =SUM(EAB32:EAB36) -> 0 | EAC37: TOTAL COSTOS DIRECTOS | EAJ37: =SUM(EAJ32:EAJ36) -> 0 | EAK37: TOTAL COSTOS DIRECTOS | EAR37: =SUM(EAR32:EAR36) -> 0 | EAS37: TOTAL COSTOS DIRECTOS | EAZ37: =SUM(EAZ32:EAZ36) -> 0 | EBA37: TOTAL COSTOS DIRECTOS | EBH37: =SUM(EBH32:EBH36) -> 0 | EBI37: TOTAL COSTOS DIRECTOS | EBP37: =SUM(EBP32:EBP36) -> 0 | EBQ37: TOTAL COSTOS DIRECTOS | EBX37: =SUM(EBX32:EBX36) -> 0 | EBY37: TOTAL COSTOS DIRECTOS | ECF37: =SUM(ECF32:ECF36) -> 0 | ECG37: TOTAL COSTOS DIRECTOS | ECN37: =SUM(ECN32:ECN36) -> 0 | ECO37: TOTAL COSTOS DIRECTOS | ECV37: =SUM(ECV32:ECV36) -> 0 | ECW37: TOTAL COSTOS DIRECTOS | EDD37: =SUM(EDD32:EDD36) -> 0 | EDE37: TOTAL COSTOS DIRECTOS | EDL37: =SUM(EDL32:EDL36) -> 0 | EDM37: TOTAL COSTOS DIRECTOS | EDT37: =SUM(EDT32:EDT36) -> 0 | EDU37: TOTAL COSTOS DIRECTOS | EEB37: =SUM(EEB32:EEB36) -> 0 | EEC37: TOTAL COSTOS DIRECTOS | EEJ37: =SUM(EEJ32:EEJ36) -> 0 | EEK37: TOTAL COSTOS DIRECTOS | EER37: =SUM(EER32:EER36) -> 0 | EES37: TOTAL COSTOS DIRECTOS | EEZ37: =SUM(EEZ32:EEZ36) -> 0 | EFA37: TOTAL COSTOS DIRECTOS | EFH37: =SUM(EFH32:EFH36) -> 0 | EFI37: TOTAL COSTOS DIRECTOS | EFP37: =SUM(EFP32:EFP36) -> 0 | EFQ37: TOTAL COSTOS DIRECTOS | EFX37: =SUM(EFX32:EFX36) -> 0 | EFY37: TOTAL COSTOS DIRECTOS | EGF37: =SUM(EGF32:EGF36) -> 0 | EGG37: TOTAL COSTOS DIRECTOS | EGN37: =SUM(EGN32:EGN36) -> 0 | EGO37: TOTAL COSTOS DIRECTOS | EGV37: =SUM(EGV32:EGV36) -> 0 | EGW37: TOTAL COSTOS DIRECTOS | EHD37: =SUM(EHD32:EHD36) -> 0 | EHE37: TOTAL COSTOS DIRECTOS | EHL37: =SUM(EHL32:EHL36) -> 0 | EHM37: TOTAL COSTOS DIRECTOS | EHT37: =SUM(EHT32:EHT36) -> 0 | EHU37: TOTAL COSTOS DIRECTOS | EIB37: =SUM(EIB32:EIB36) -> 0 | EIC37: TOTAL COSTOS DIRECTOS | EIJ37: =SUM(EIJ32:EIJ36) -> 0 | EIK37: TOTAL COSTOS DIRECTOS | EIR37: =SUM(EIR32:EIR36) -> 0 | EIS37: TOTAL COSTOS DIRECTOS | EIZ37: =SUM(EIZ32:EIZ36) -> 0 | EJA37: TOTAL COSTOS DIRECTOS | EJH37: =SUM(EJH32:EJH36) -> 0 | EJI37: TOTAL COSTOS DIRECTOS | EJP37: =SUM(EJP32:EJP36) -> 0 | EJQ37: TOTAL COSTOS DIRECTOS | EJX37: =SUM(EJX32:EJX36) -> 0 | EJY37: TOTAL COSTOS DIRECTOS | EKF37: =SUM(EKF32:EKF36) -> 0 | EKG37: TOTAL COSTOS DIRECTOS | EKN37: =SUM(EKN32:EKN36) -> 0 | EKO37: TOTAL COSTOS DIRECTOS | EKV37: =SUM(EKV32:EKV36) -> 0 | EKW37: TOTAL COSTOS DIRECTOS | ELD37: =SUM(ELD32:ELD36) -> 0 | ELE37: TOTAL COSTOS DIRECTOS | ELL37: =SUM(ELL32:ELL36) -> 0 | ELM37: TOTAL COSTOS DIRECTOS | ELT37: =SUM(ELT32:ELT36) -> 0 | ELU37: TOTAL COSTOS DIRECTOS | EMB37: =SUM(EMB32:EMB36) -> 0 | EMC37: TOTAL COSTOS DIRECTOS | EMJ37: =SUM(EMJ32:EMJ36) -> 0 | EMK37: TOTAL COSTOS DIRECTOS | EMR37: =SUM(EMR32:EMR36) -> 0 | EMS37: TOTAL COSTOS DIRECTOS | EMZ37: =SUM(EMZ32:EMZ36) -> 0 | ENA37: TOTAL COSTOS DIRECTOS | ENH37: =SUM(ENH32:ENH36) -> 0 | ENI37: TOTAL COSTOS DIRECTOS | ENP37: =SUM(ENP32:ENP36) -> 0 | ENQ37: TOTAL COSTOS DIRECTOS | ENX37: =SUM(ENX32:ENX36) -> 0 | ENY37: TOTAL COSTOS DIRECTOS | EOF37: =SUM(EOF32:EOF36) -> 0 | EOG37: TOTAL COSTOS DIRECTOS | EON37: =SUM(EON32:EON36) -> 0 | EOO37: TOTAL COSTOS DIRECTOS | EOV37: =SUM(EOV32:EOV36) -> 0 | EOW37: TOTAL COSTOS DIRECTOS | EPD37: =SUM(EPD32:EPD36) -> 0 | EPE37: TOTAL COSTOS DIRECTOS | EPL37: =SUM(EPL32:EPL36) -> 0 | EPM37: TOTAL COSTOS DIRECTOS | EPT37: =SUM(EPT32:EPT36) -> 0 | EPU37: TOTAL COSTOS DIRECTOS | EQB37: =SUM(EQB32:EQB36) -> 0 | EQC37: TOTAL COSTOS DIRECTOS | EQJ37: =SUM(EQJ32:EQJ36) -> 0 | EQK37: TOTAL COSTOS DIRECTOS | EQR37: =SUM(EQR32:EQR36) -> 0 | EQS37: TOTAL COSTOS DIRECTOS | EQZ37: =SUM(EQZ32:EQZ36) -> 0 | ERA37: TOTAL COSTOS DIRECTOS | ERH37: =SUM(ERH32:ERH36) -> 0 | ERI37: TOTAL COSTOS DIRECTOS | ERP37: =SUM(ERP32:ERP36) -> 0 | ERQ37: TOTAL COSTOS DIRECTOS | ERX37: =SUM(ERX32:ERX36) -> 0 | ERY37: TOTAL COSTOS DIRECTOS | ESF37: =SUM(ESF32:ESF36) -> 0 | ESG37: TOTAL COSTOS DIRECTOS | ESN37: =SUM(ESN32:ESN36) -> 0 | ESO37: TOTAL COSTOS DIRECTOS | ESV37: =SUM(ESV32:ESV36) -> 0 | ESW37: TOTAL COSTOS DIRECTOS | ETD37: =SUM(ETD32:ETD36) -> 0 | ETE37: TOTAL COSTOS DIRECTOS | ETL37: =SUM(ETL32:ETL36) -> 0 | ETM37: TOTAL COSTOS DIRECTOS | ETT37: =SUM(ETT32:ETT36) -> 0 | ETU37: TOTAL COSTOS DIRECTOS | EUB37: =SUM(EUB32:EUB36) -> 0 | EUC37: TOTAL COSTOS DIRECTOS | EUJ37: =SUM(EUJ32:EUJ36) -> 0 | EUK37: TOTAL COSTOS DIRECTOS | EUR37: =SUM(EUR32:EUR36) -> 0 | EUS37: TOTAL COSTOS DIRECTOS | EUZ37: =SUM(EUZ32:EUZ36) -> 0 | EVA37: TOTAL COSTOS DIRECTOS | EVH37: =SUM(EVH32:EVH36) -> 0 | EVI37: TOTAL COSTOS DIRECTOS | EVP37: =SUM(EVP32:EVP36) -> 0 | EVQ37: TOTAL COSTOS DIRECTOS | EVX37: =SUM(EVX32:EVX36) -> 0 | EVY37: TOTAL COSTOS DIRECTOS | EWF37: =SUM(EWF32:EWF36) -> 0 | EWG37: TOTAL COSTOS DIRECTOS | EWN37: =SUM(EWN32:EWN36) -> 0 | EWO37: TOTAL COSTOS DIRECTOS | EWV37: =SUM(EWV32:EWV36) -> 0 | EWW37: TOTAL COSTOS DIRECTOS | EXD37: =SUM(EXD32:EXD36) -> 0 | EXE37: TOTAL COSTOS DIRECTOS | EXL37: =SUM(EXL32:EXL36) -> 0 | EXM37: TOTAL COSTOS DIRECTOS | EXT37: =SUM(EXT32:EXT36) -> 0 | EXU37: TOTAL COSTOS DIRECTOS | EYB37: =SUM(EYB32:EYB36) -> 0 | EYC37: TOTAL COSTOS DIRECTOS | EYJ37: =SUM(EYJ32:EYJ36) -> 0 | EYK37: TOTAL COSTOS DIRECTOS | EYR37: =SUM(EYR32:EYR36) -> 0 | EYS37: TOTAL COSTOS DIRECTOS | EYZ37: =SUM(EYZ32:EYZ36) -> 0 | EZA37: TOTAL COSTOS DIRECTOS | EZH37: =SUM(EZH32:EZH36) -> 0 | EZI37: TOTAL COSTOS DIRECTOS | EZP37: =SUM(EZP32:EZP36) -> 0 | EZQ37: TOTAL COSTOS DIRECTOS | EZX37: =SUM(EZX32:EZX36) -> 0 | EZY37: TOTAL COSTOS DIRECTOS | FAF37: =SUM(FAF32:FAF36) -> 0 | FAG37: TOTAL COSTOS DIRECTOS | FAN37: =SUM(FAN32:FAN36) -> 0 | FAO37: TOTAL COSTOS DIRECTOS | FAV37: =SUM(FAV32:FAV36) -> 0 | FAW37: TOTAL COSTOS DIRECTOS | FBD37: =SUM(FBD32:FBD36) -> 0 | FBE37: TOTAL COSTOS DIRECTOS | FBL37: =SUM(FBL32:FBL36) -> 0 | FBM37: TOTAL COSTOS DIRECTOS | FBT37: =SUM(FBT32:FBT36) -> 0 | FBU37: TOTAL COSTOS DIRECTOS | FCB37: =SUM(FCB32:FCB36) -> 0 | FCC37: TOTAL COSTOS DIRECTOS | FCJ37: =SUM(FCJ32:FCJ36) -> 0 | FCK37: TOTAL COSTOS DIRECTOS | FCR37: =SUM(FCR32:FCR36) -> 0 | FCS37: TOTAL COSTOS DIRECTOS | FCZ37: =SUM(FCZ32:FCZ36) -> 0 | FDA37: TOTAL COSTOS DIRECTOS | FDH37: =SUM(FDH32:FDH36) -> 0 | FDI37: TOTAL COSTOS DIRECTOS | FDP37: =SUM(FDP32:FDP36) -> 0 | FDQ37: TOTAL COSTOS DIRECTOS | FDX37: =SUM(FDX32:FDX36) -> 0 | FDY37: TOTAL COSTOS DIRECTOS | FEF37: =SUM(FEF32:FEF36) -> 0 | FEG37: TOTAL COSTOS DIRECTOS | FEN37: =SUM(FEN32:FEN36) -> 0 | FEO37: TOTAL COSTOS DIRECTOS | FEV37: =SUM(FEV32:FEV36) -> 0 | FEW37: TOTAL COSTOS DIRECTOS | FFD37: =SUM(FFD32:FFD36) -> 0 | FFE37: TOTAL COSTOS DIRECTOS | FFL37: =SUM(FFL32:FFL36) -> 0 | FFM37: TOTAL COSTOS DIRECTOS | FFT37: =SUM(FFT32:FFT36) -> 0 | FFU37: TOTAL COSTOS DIRECTOS | FGB37: =SUM(FGB32:FGB36) -> 0 | FGC37: TOTAL COSTOS DIRECTOS | FGJ37: =SUM(FGJ32:FGJ36) -> 0 | FGK37: TOTAL COSTOS DIRECTOS | FGR37: =SUM(FGR32:FGR36) -> 0 | FGS37: TOTAL COSTOS DIRECTOS | FGZ37: =SUM(FGZ32:FGZ36) -> 0 | FHA37: TOTAL COSTOS DIRECTOS | FHH37: =SUM(FHH32:FHH36) -> 0 | FHI37: TOTAL COSTOS DIRECTOS | FHP37: =SUM(FHP32:FHP36) -> 0 | FHQ37: TOTAL COSTOS DIRECTOS | FHX37: =SUM(FHX32:FHX36) -> 0 | FHY37: TOTAL COSTOS DIRECTOS | FIF37: =SUM(FIF32:FIF36) -> 0 | FIG37: TOTAL COSTOS DIRECTOS | FIN37: =SUM(FIN32:FIN36) -> 0 | FIO37: TOTAL COSTOS DIRECTOS | FIV37: =SUM(FIV32:FIV36) -> 0 | FIW37: TOTAL COSTOS DIRECTOS | FJD37: =SUM(FJD32:FJD36) -> 0 | FJE37: TOTAL COSTOS DIRECTOS | FJL37: =SUM(FJL32:FJL36) -> 0 | FJM37: TOTAL COSTOS DIRECTOS | FJT37: =SUM(FJT32:FJT36) -> 0 | FJU37: TOTAL COSTOS DIRECTOS | FKB37: =SUM(FKB32:FKB36) -> 0 | FKC37: TOTAL COSTOS DIRECTOS | FKJ37: =SUM(FKJ32:FKJ36) -> 0 | FKK37: TOTAL COSTOS DIRECTOS | FKR37: =SUM(FKR32:FKR36) -> 0 | FKS37: TOTAL COSTOS DIRECTOS | FKZ37: =SUM(FKZ32:FKZ36) -> 0 | FLA37: TOTAL COSTOS DIRECTOS | FLH37: =SUM(FLH32:FLH36) -> 0 | FLI37: TOTAL COSTOS DIRECTOS | FLP37: =SUM(FLP32:FLP36) -> 0 | FLQ37: TOTAL COSTOS DIRECTOS | FLX37: =SUM(FLX32:FLX36) -> 0 | FLY37: TOTAL COSTOS DIRECTOS | FMF37: =SUM(FMF32:FMF36) -> 0 | FMG37: TOTAL COSTOS DIRECTOS | FMN37: =SUM(FMN32:FMN36) -> 0 | FMO37: TOTAL COSTOS DIRECTOS | FMV37: =SUM(FMV32:FMV36) -> 0 | FMW37: TOTAL COSTOS DIRECTOS | FND37: =SUM(FND32:FND36) -> 0 | FNE37: TOTAL COSTOS DIRECTOS | FNL37: =SUM(FNL32:FNL36) -> 0 | FNM37: TOTAL COSTOS DIRECTOS | FNT37: =SUM(FNT32:FNT36) -> 0 | FNU37: TOTAL COSTOS DIRECTOS | FOB37: =SUM(FOB32:FOB36) -> 0 | FOC37: TOTAL COSTOS DIRECTOS | FOJ37: =SUM(FOJ32:FOJ36) -> 0 | FOK37: TOTAL COSTOS DIRECTOS | FOR37: =SUM(FOR32:FOR36) -> 0 | FOS37: TOTAL COSTOS DIRECTOS | FOZ37: =SUM(FOZ32:FOZ36) -> 0 | FPA37: TOTAL COSTOS DIRECTOS | FPH37: =SUM(FPH32:FPH36) -> 0 | FPI37: TOTAL COSTOS DIRECTOS | FPP37: =SUM(FPP32:FPP36) -> 0 | FPQ37: TOTAL COSTOS DIRECTOS | FPX37: =SUM(FPX32:FPX36) -> 0 | FPY37: TOTAL COSTOS DIRECTOS | FQF37: =SUM(FQF32:FQF36) -> 0 | FQG37: TOTAL COSTOS DIRECTOS | FQN37: =SUM(FQN32:FQN36) -> 0 | FQO37: TOTAL COSTOS DIRECTOS | FQV37: =SUM(FQV32:FQV36) -> 0 | FQW37: TOTAL COSTOS DIRECTOS | FRD37: =SUM(FRD32:FRD36) -> 0 | FRE37: TOTAL COSTOS DIRECTOS | FRL37: =SUM(FRL32:FRL36) -> 0 | FRM37: TOTAL COSTOS DIRECTOS | FRT37: =SUM(FRT32:FRT36) -> 0 | FRU37: TOTAL COSTOS DIRECTOS | FSB37: =SUM(FSB32:FSB36) -> 0 | FSC37: TOTAL COSTOS DIRECTOS | FSJ37: =SUM(FSJ32:FSJ36) -> 0 | FSK37: TOTAL COSTOS DIRECTOS | FSR37: =SUM(FSR32:FSR36) -> 0 | FSS37: TOTAL COSTOS DIRECTOS | FSZ37: =SUM(FSZ32:FSZ36) -> 0 | FTA37: TOTAL COSTOS DIRECTOS | FTH37: =SUM(FTH32:FTH36) -> 0 | FTI37: TOTAL COSTOS DIRECTOS | FTP37: =SUM(FTP32:FTP36) -> 0 | FTQ37: TOTAL COSTOS DIRECTOS | FTX37: =SUM(FTX32:FTX36) -> 0 | FTY37: TOTAL COSTOS DIRECTOS | FUF37: =SUM(FUF32:FUF36) -> 0 | FUG37: TOTAL COSTOS DIRECTOS | FUN37: =SUM(FUN32:FUN36) -> 0 | FUO37: TOTAL COSTOS DIRECTOS | FUV37: =SUM(FUV32:FUV36) -> 0 | FUW37: TOTAL COSTOS DIRECTOS | FVD37: =SUM(FVD32:FVD36) -> 0 | FVE37: TOTAL COSTOS DIRECTOS | FVL37: =SUM(FVL32:FVL36) -> 0 | FVM37: TOTAL COSTOS DIRECTOS | FVT37: =SUM(FVT32:FVT36) -> 0 | FVU37: TOTAL COSTOS DIRECTOS | FWB37: =SUM(FWB32:FWB36) -> 0 | FWC37: TOTAL COSTOS DIRECTOS | FWJ37: =SUM(FWJ32:FWJ36) -> 0 | FWK37: TOTAL COSTOS DIRECTOS | FWR37: =SUM(FWR32:FWR36) -> 0 | FWS37: TOTAL COSTOS DIRECTOS | FWZ37: =SUM(FWZ32:FWZ36) -> 0 | FXA37: TOTAL COSTOS DIRECTOS | FXH37: =SUM(FXH32:FXH36) -> 0 | FXI37: TOTAL COSTOS DIRECTOS | FXP37: =SUM(FXP32:FXP36) -> 0 | FXQ37: TOTAL COSTOS DIRECTOS | FXX37: =SUM(FXX32:FXX36) -> 0 | FXY37: TOTAL COSTOS DIRECTOS | FYF37: =SUM(FYF32:FYF36) -> 0 | FYG37: TOTAL COSTOS DIRECTOS | FYN37: =SUM(FYN32:FYN36) -> 0 | FYO37: TOTAL COSTOS DIRECTOS | FYV37: =SUM(FYV32:FYV36) -> 0 | FYW37: TOTAL COSTOS DIRECTOS | FZD37: =SUM(FZD32:FZD36) -> 0 | FZE37: TOTAL COSTOS DIRECTOS | FZL37: =SUM(FZL32:FZL36) -> 0 | FZM37: TOTAL COSTOS DIRECTOS | FZT37: =SUM(FZT32:FZT36) -> 0 | FZU37: TOTAL COSTOS DIRECTOS | GAB37: =SUM(GAB32:GAB36) -> 0 | GAC37: TOTAL COSTOS DIRECTOS | GAJ37: =SUM(GAJ32:GAJ36) -> 0 | GAK37: TOTAL COSTOS DIRECTOS | GAR37: =SUM(GAR32:GAR36) -> 0 | GAS37: TOTAL COSTOS DIRECTOS | GAZ37: =SUM(GAZ32:GAZ36) -> 0 | GBA37: TOTAL COSTOS DIRECTOS | GBH37: =SUM(GBH32:GBH36) -> 0 | GBI37: TOTAL COSTOS DIRECTOS | GBP37: =SUM(GBP32:GBP36) -> 0 | GBQ37: TOTAL COSTOS DIRECTOS | GBX37: =SUM(GBX32:GBX36) -> 0 | GBY37: TOTAL COSTOS DIRECTOS | GCF37: =SUM(GCF32:GCF36) -> 0 | GCG37: TOTAL COSTOS DIRECTOS | GCN37: =SUM(GCN32:GCN36) -> 0 | GCO37: TOTAL COSTOS DIRECTOS | GCV37: =SUM(GCV32:GCV36) -> 0 | GCW37: TOTAL COSTOS DIRECTOS | GDD37: =SUM(GDD32:GDD36) -> 0 | GDE37: TOTAL COSTOS DIRECTOS | GDL37: =SUM(GDL32:GDL36) -> 0 | GDM37: TOTAL COSTOS DIRECTOS | GDT37: =SUM(GDT32:GDT36) -> 0 | GDU37: TOTAL COSTOS DIRECTOS | GEB37: =SUM(GEB32:GEB36) -> 0 | GEC37: TOTAL COSTOS DIRECTOS | GEJ37: =SUM(GEJ32:GEJ36) -> 0 | GEK37: TOTAL COSTOS DIRECTOS | GER37: =SUM(GER32:GER36) -> 0 | GES37: TOTAL COSTOS DIRECTOS | GEZ37: =SUM(GEZ32:GEZ36) -> 0 | GFA37: TOTAL COSTOS DIRECTOS | GFH37: =SUM(GFH32:GFH36) -> 0 | GFI37: TOTAL COSTOS DIRECTOS | GFP37: =SUM(GFP32:GFP36) -> 0 | GFQ37: TOTAL COSTOS DIRECTOS | GFX37: =SUM(GFX32:GFX36) -> 0 | GFY37: TOTAL COSTOS DIRECTOS | GGF37: =SUM(GGF32:GGF36) -> 0 | GGG37: TOTAL COSTOS DIRECTOS | GGN37: =SUM(GGN32:GGN36) -> 0 | GGO37: TOTAL COSTOS DIRECTOS | GGV37: =SUM(GGV32:GGV36) -> 0 | GGW37: TOTAL COSTOS DIRECTOS | GHD37: =SUM(GHD32:GHD36) -> 0 | GHE37: TOTAL COSTOS DIRECTOS | GHL37: =SUM(GHL32:GHL36) -> 0 | GHM37: TOTAL COSTOS DIRECTOS | GHT37: =SUM(GHT32:GHT36) -> 0 | GHU37: TOTAL COSTOS DIRECTOS | GIB37: =SUM(GIB32:GIB36) -> 0 | GIC37: TOTAL COSTOS DIRECTOS | GIJ37: =SUM(GIJ32:GIJ36) -> 0 | GIK37: TOTAL COSTOS DIRECTOS | GIR37: =SUM(GIR32:GIR36) -> 0 | GIS37: TOTAL COSTOS DIRECTOS | GIZ37: =SUM(GIZ32:GIZ36) -> 0 | GJA37: TOTAL COSTOS DIRECTOS | GJH37: =SUM(GJH32:GJH36) -> 0 | GJI37: TOTAL COSTOS DIRECTOS | GJP37: =SUM(GJP32:GJP36) -> 0 | GJQ37: TOTAL COSTOS DIRECTOS | GJX37: =SUM(GJX32:GJX36) -> 0 | GJY37: TOTAL COSTOS DIRECTOS | GKF37: =SUM(GKF32:GKF36) -> 0 | GKG37: TOTAL COSTOS DIRECTOS | GKN37: =SUM(GKN32:GKN36) -> 0 | GKO37: TOTAL COSTOS DIRECTOS | GKV37: =SUM(GKV32:GKV36) -> 0 | GKW37: TOTAL COSTOS DIRECTOS | GLD37: =SUM(GLD32:GLD36) -> 0 | GLE37: TOTAL COSTOS DIRECTOS | GLL37: =SUM(GLL32:GLL36) -> 0 | GLM37: TOTAL COSTOS DIRECTOS | GLT37: =SUM(GLT32:GLT36) -> 0 | GLU37: TOTAL COSTOS DIRECTOS | GMB37: =SUM(GMB32:GMB36) -> 0 | GMC37: TOTAL COSTOS DIRECTOS | GMJ37: =SUM(GMJ32:GMJ36) -> 0 | GMK37: TOTAL COSTOS DIRECTOS | GMR37: =SUM(GMR32:GMR36) -> 0 | GMS37: TOTAL COSTOS DIRECTOS | GMZ37: =SUM(GMZ32:GMZ36) -> 0 | GNA37: TOTAL COSTOS DIRECTOS | GNH37: =SUM(GNH32:GNH36) -> 0 | GNI37: TOTAL COSTOS DIRECTOS | GNP37: =SUM(GNP32:GNP36) -> 0 | GNQ37: TOTAL COSTOS DIRECTOS | GNX37: =SUM(GNX32:GNX36) -> 0 | GNY37: TOTAL COSTOS DIRECTOS | GOF37: =SUM(GOF32:GOF36) -> 0 | GOG37: TOTAL COSTOS DIRECTOS | GON37: =SUM(GON32:GON36) -> 0 | GOO37: TOTAL COSTOS DIRECTOS | GOV37: =SUM(GOV32:GOV36) -> 0 | GOW37: TOTAL COSTOS DIRECTOS | GPD37: =SUM(GPD32:GPD36) -> 0 | GPE37: TOTAL COSTOS DIRECTOS | GPL37: =SUM(GPL32:GPL36) -> 0 | GPM37: TOTAL COSTOS DIRECTOS | GPT37: =SUM(GPT32:GPT36) -> 0 | GPU37: TOTAL COSTOS DIRECTOS | GQB37: =SUM(GQB32:GQB36) -> 0 | GQC37: TOTAL COSTOS DIRECTOS | GQJ37: =SUM(GQJ32:GQJ36) -> 0 | GQK37: TOTAL COSTOS DIRECTOS | GQR37: =SUM(GQR32:GQR36) -> 0 | GQS37: TOTAL COSTOS DIRECTOS | GQZ37: =SUM(GQZ32:GQZ36) -> 0 | GRA37: TOTAL COSTOS DIRECTOS | GRH37: =SUM(GRH32:GRH36) -> 0 | GRI37: TOTAL COSTOS DIRECTOS | GRP37: =SUM(GRP32:GRP36) -> 0 | GRQ37: TOTAL COSTOS DIRECTOS | GRX37: =SUM(GRX32:GRX36) -> 0 | GRY37: TOTAL COSTOS DIRECTOS | GSF37: =SUM(GSF32:GSF36) -> 0 | GSG37: TOTAL COSTOS DIRECTOS | GSN37: =SUM(GSN32:GSN36) -> 0 | GSO37: TOTAL COSTOS DIRECTOS | GSV37: =SUM(GSV32:GSV36) -> 0 | GSW37: TOTAL COSTOS DIRECTOS | GTD37: =SUM(GTD32:GTD36) -> 0 | GTE37: TOTAL COSTOS DIRECTOS | GTL37: =SUM(GTL32:GTL36) -> 0 | GTM37: TOTAL COSTOS DIRECTOS | GTT37: =SUM(GTT32:GTT36) -> 0 | GTU37: TOTAL COSTOS DIRECTOS | GUB37: =SUM(GUB32:GUB36) -> 0 | GUC37: TOTAL COSTOS DIRECTOS | GUJ37: =SUM(GUJ32:GUJ36) -> 0 | GUK37: TOTAL COSTOS DIRECTOS | GUR37: =SUM(GUR32:GUR36) -> 0 | GUS37: TOTAL COSTOS DIRECTOS | GUZ37: =SUM(GUZ32:GUZ36) -> 0 | GVA37: TOTAL COSTOS DIRECTOS | GVH37: =SUM(GVH32:GVH36) -> 0 | GVI37: TOTAL COSTOS DIRECTOS | GVP37: =SUM(GVP32:GVP36) -> 0 | GVQ37: TOTAL COSTOS DIRECTOS | GVX37: =SUM(GVX32:GVX36) -> 0 | GVY37: TOTAL COSTOS DIRECTOS | GWF37: =SUM(GWF32:GWF36) -> 0 | GWG37: TOTAL COSTOS DIRECTOS | GWN37: =SUM(GWN32:GWN36) -> 0 | GWO37: TOTAL COSTOS DIRECTOS | GWV37: =SUM(GWV32:GWV36) -> 0 | GWW37: TOTAL COSTOS DIRECTOS | GXD37: =SUM(GXD32:GXD36) -> 0 | GXE37: TOTAL COSTOS DIRECTOS | GXL37: =SUM(GXL32:GXL36) -> 0 | GXM37: TOTAL COSTOS DIRECTOS | GXT37: =SUM(GXT32:GXT36) -> 0 | GXU37: TOTAL COSTOS DIRECTOS | GYB37: =SUM(GYB32:GYB36) -> 0 | GYC37: TOTAL COSTOS DIRECTOS | GYJ37: =SUM(GYJ32:GYJ36) -> 0 | GYK37: TOTAL COSTOS DIRECTOS | GYR37: =SUM(GYR32:GYR36) -> 0 | GYS37: TOTAL COSTOS DIRECTOS | GYZ37: =SUM(GYZ32:GYZ36) -> 0 | GZA37: TOTAL COSTOS DIRECTOS | GZH37: =SUM(GZH32:GZH36) -> 0 | GZI37: TOTAL COSTOS DIRECTOS | GZP37: =SUM(GZP32:GZP36) -> 0 | GZQ37: TOTAL COSTOS DIRECTOS | GZX37: =SUM(GZX32:GZX36) -> 0 | GZY37: TOTAL COSTOS DIRECTOS | HAF37: =SUM(HAF32:HAF36) -> 0 | HAG37: TOTAL COSTOS DIRECTOS | HAN37: =SUM(HAN32:HAN36) -> 0 | HAO37: TOTAL COSTOS DIRECTOS | HAV37: =SUM(HAV32:HAV36) -> 0 | HAW37: TOTAL COSTOS DIRECTOS | HBD37: =SUM(HBD32:HBD36) -> 0 | HBE37: TOTAL COSTOS DIRECTOS | HBL37: =SUM(HBL32:HBL36) -> 0 | HBM37: TOTAL COSTOS DIRECTOS | HBT37: =SUM(HBT32:HBT36) -> 0 | HBU37: TOTAL COSTOS DIRECTOS | HCB37: =SUM(HCB32:HCB36) -> 0 | HCC37: TOTAL COSTOS DIRECTOS | HCJ37: =SUM(HCJ32:HCJ36) -> 0 | HCK37: TOTAL COSTOS DIRECTOS | HCR37: =SUM(HCR32:HCR36) -> 0 | HCS37: TOTAL COSTOS DIRECTOS | HCZ37: =SUM(HCZ32:HCZ36) -> 0 | HDA37: TOTAL COSTOS DIRECTOS | HDH37: =SUM(HDH32:HDH36) -> 0 | HDI37: TOTAL COSTOS DIRECTOS | HDP37: =SUM(HDP32:HDP36) -> 0 | HDQ37: TOTAL COSTOS DIRECTOS | HDX37: =SUM(HDX32:HDX36) -> 0 | HDY37: TOTAL COSTOS DIRECTOS | HEF37: =SUM(HEF32:HEF36) -> 0 | HEG37: TOTAL COSTOS DIRECTOS | HEN37: =SUM(HEN32:HEN36) -> 0 | HEO37: TOTAL COSTOS DIRECTOS | HEV37: =SUM(HEV32:HEV36) -> 0 | HEW37: TOTAL COSTOS DIRECTOS | HFD37: =SUM(HFD32:HFD36) -> 0 | HFE37: TOTAL COSTOS DIRECTOS | HFL37: =SUM(HFL32:HFL36) -> 0 | HFM37: TOTAL COSTOS DIRECTOS | HFT37: =SUM(HFT32:HFT36) -> 0 | HFU37: TOTAL COSTOS DIRECTOS | HGB37: =SUM(HGB32:HGB36) -> 0 | HGC37: TOTAL COSTOS DIRECTOS | HGJ37: =SUM(HGJ32:HGJ36) -> 0 | HGK37: TOTAL COSTOS DIRECTOS | HGR37: =SUM(HGR32:HGR36) -> 0 | HGS37: TOTAL COSTOS DIRECTOS | HGZ37: =SUM(HGZ32:HGZ36) -> 0 | HHA37: TOTAL COSTOS DIRECTOS | HHH37: =SUM(HHH32:HHH36) -> 0 | HHI37: TOTAL COSTOS DIRECTOS | HHP37: =SUM(HHP32:HHP36) -> 0 | HHQ37: TOTAL COSTOS DIRECTOS | HHX37: =SUM(HHX32:HHX36) -> 0 | HHY37: TOTAL COSTOS DIRECTOS | HIF37: =SUM(HIF32:HIF36) -> 0 | HIG37: TOTAL COSTOS DIRECTOS | HIN37: =SUM(HIN32:HIN36) -> 0 | HIO37: TOTAL COSTOS DIRECTOS | HIV37: =SUM(HIV32:HIV36) -> 0 | HIW37: TOTAL COSTOS DIRECTOS | HJD37: =SUM(HJD32:HJD36) -> 0 | HJE37: TOTAL COSTOS DIRECTOS | HJL37: =SUM(HJL32:HJL36) -> 0 | HJM37: TOTAL COSTOS DIRECTOS | HJT37: =SUM(HJT32:HJT36) -> 0 | HJU37: TOTAL COSTOS DIRECTOS | HKB37: =SUM(HKB32:HKB36) -> 0 | HKC37: TOTAL COSTOS DIRECTOS | HKJ37: =SUM(HKJ32:HKJ36) -> 0 | HKK37: TOTAL COSTOS DIRECTOS | HKR37: =SUM(HKR32:HKR36) -> 0 | HKS37: TOTAL COSTOS DIRECTOS | HKZ37: =SUM(HKZ32:HKZ36) -> 0 | HLA37: TOTAL COSTOS DIRECTOS | HLH37: =SUM(HLH32:HLH36) -> 0 | HLI37: TOTAL COSTOS DIRECTOS | HLP37: =SUM(HLP32:HLP36) -> 0 | HLQ37: TOTAL COSTOS DIRECTOS | HLX37: =SUM(HLX32:HLX36) -> 0 | HLY37: TOTAL COSTOS DIRECTOS | HMF37: =SUM(HMF32:HMF36) -> 0 | HMG37: TOTAL COSTOS DIRECTOS | HMN37: =SUM(HMN32:HMN36) -> 0 | HMO37: TOTAL COSTOS DIRECTOS | HMV37: =SUM(HMV32:HMV36) -> 0 | HMW37: TOTAL COSTOS DIRECTOS | HND37: =SUM(HND32:HND36) -> 0 | HNE37: TOTAL COSTOS DIRECTOS | HNL37: =SUM(HNL32:HNL36) -> 0 | HNM37: TOTAL COSTOS DIRECTOS | HNT37: =SUM(HNT32:HNT36) -> 0 | HNU37: TOTAL COSTOS DIRECTOS | HOB37: =SUM(HOB32:HOB36) -> 0 | HOC37: TOTAL COSTOS DIRECTOS | HOJ37: =SUM(HOJ32:HOJ36) -> 0 | HOK37: TOTAL COSTOS DIRECTOS | HOR37: =SUM(HOR32:HOR36) -> 0 | HOS37: TOTAL COSTOS DIRECTOS | HOZ37: =SUM(HOZ32:HOZ36) -> 0 | HPA37: TOTAL COSTOS DIRECTOS | HPH37: =SUM(HPH32:HPH36) -> 0 | HPI37: TOTAL COSTOS DIRECTOS | HPP37: =SUM(HPP32:HPP36) -> 0 | HPQ37: TOTAL COSTOS DIRECTOS | HPX37: =SUM(HPX32:HPX36) -> 0 | HPY37: TOTAL COSTOS DIRECTOS | HQF37: =SUM(HQF32:HQF36) -> 0 | HQG37: TOTAL COSTOS DIRECTOS | HQN37: =SUM(HQN32:HQN36) -> 0 | HQO37: TOTAL COSTOS DIRECTOS | HQV37: =SUM(HQV32:HQV36) -> 0 | HQW37: TOTAL COSTOS DIRECTOS | HRD37: =SUM(HRD32:HRD36) -> 0 | HRE37: TOTAL COSTOS DIRECTOS | HRL37: =SUM(HRL32:HRL36) -> 0 | HRM37: TOTAL COSTOS DIRECTOS | HRT37: =SUM(HRT32:HRT36) -> 0 | HRU37: TOTAL COSTOS DIRECTOS | HSB37: =SUM(HSB32:HSB36) -> 0 | HSC37: TOTAL COSTOS DIRECTOS | HSJ37: =SUM(HSJ32:HSJ36) -> 0 | HSK37: TOTAL COSTOS DIRECTOS | HSR37: =SUM(HSR32:HSR36) -> 0 | HSS37: TOTAL COSTOS DIRECTOS | HSZ37: =SUM(HSZ32:HSZ36) -> 0 | HTA37: TOTAL COSTOS DIRECTOS | HTH37: =SUM(HTH32:HTH36) -> 0 | HTI37: TOTAL COSTOS DIRECTOS | HTP37: =SUM(HTP32:HTP36) -> 0 | HTQ37: TOTAL COSTOS DIRECTOS | HTX37: =SUM(HTX32:HTX36) -> 0 | HTY37: TOTAL COSTOS DIRECTOS | HUF37: =SUM(HUF32:HUF36) -> 0 | HUG37: TOTAL COSTOS DIRECTOS | HUN37: =SUM(HUN32:HUN36) -> 0 | HUO37: TOTAL COSTOS DIRECTOS | HUV37: =SUM(HUV32:HUV36) -> 0 | HUW37: TOTAL COSTOS DIRECTOS | HVD37: =SUM(HVD32:HVD36) -> 0 | HVE37: TOTAL COSTOS DIRECTOS | HVL37: =SUM(HVL32:HVL36) -> 0 | HVM37: TOTAL COSTOS DIRECTOS | HVT37: =SUM(HVT32:HVT36) -> 0 | HVU37: TOTAL COSTOS DIRECTOS | HWB37: =SUM(HWB32:HWB36) -> 0 | HWC37: TOTAL COSTOS DIRECTOS | HWJ37: =SUM(HWJ32:HWJ36) -> 0 | HWK37: TOTAL COSTOS DIRECTOS | HWR37: =SUM(HWR32:HWR36) -> 0 | HWS37: TOTAL COSTOS DIRECTOS | HWZ37: =SUM(HWZ32:HWZ36) -> 0 | HXA37: TOTAL COSTOS DIRECTOS | HXH37: =SUM(HXH32:HXH36) -> 0 | HXI37: TOTAL COSTOS DIRECTOS | HXP37: =SUM(HXP32:HXP36) -> 0 | HXQ37: TOTAL COSTOS DIRECTOS | HXX37: =SUM(HXX32:HXX36) -> 0 | HXY37: TOTAL COSTOS DIRECTOS | HYF37: =SUM(HYF32:HYF36) -> 0 | HYG37: TOTAL COSTOS DIRECTOS | HYN37: =SUM(HYN32:HYN36) -> 0 | HYO37: TOTAL COSTOS DIRECTOS | HYV37: =SUM(HYV32:HYV36) -> 0 | HYW37: TOTAL COSTOS DIRECTOS | HZD37: =SUM(HZD32:HZD36) -> 0 | HZE37: TOTAL COSTOS DIRECTOS | HZL37: =SUM(HZL32:HZL36) -> 0 | HZM37: TOTAL COSTOS DIRECTOS | HZT37: =SUM(HZT32:HZT36) -> 0 | HZU37: TOTAL COSTOS DIRECTOS | IAB37: =SUM(IAB32:IAB36) -> 0 | IAC37: TOTAL COSTOS DIRECTOS | IAJ37: =SUM(IAJ32:IAJ36) -> 0 | IAK37: TOTAL COSTOS DIRECTOS | IAR37: =SUM(IAR32:IAR36) -> 0 | IAS37: TOTAL COSTOS DIRECTOS | IAZ37: =SUM(IAZ32:IAZ36) -> 0 | IBA37: TOTAL COSTOS DIRECTOS | IBH37: =SUM(IBH32:IBH36) -> 0 | IBI37: TOTAL COSTOS DIRECTOS | IBP37: =SUM(IBP32:IBP36) -> 0 | IBQ37: TOTAL COSTOS DIRECTOS | IBX37: =SUM(IBX32:IBX36) -> 0 | IBY37: TOTAL COSTOS DIRECTOS | ICF37: =SUM(ICF32:ICF36) -> 0 | ICG37: TOTAL COSTOS DIRECTOS | ICN37: =SUM(ICN32:ICN36) -> 0 | ICO37: TOTAL COSTOS DIRECTOS | ICV37: =SUM(ICV32:ICV36) -> 0 | ICW37: TOTAL COSTOS DIRECTOS | IDD37: =SUM(IDD32:IDD36) -> 0 | IDE37: TOTAL COSTOS DIRECTOS | IDL37: =SUM(IDL32:IDL36) -> 0 | IDM37: TOTAL COSTOS DIRECTOS | IDT37: =SUM(IDT32:IDT36) -> 0 | IDU37: TOTAL COSTOS DIRECTOS | IEB37: =SUM(IEB32:IEB36) -> 0 | IEC37: TOTAL COSTOS DIRECTOS | IEJ37: =SUM(IEJ32:IEJ36) -> 0 | IEK37: TOTAL COSTOS DIRECTOS | IER37: =SUM(IER32:IER36) -> 0 | IES37: TOTAL COSTOS DIRECTOS | IEZ37: =SUM(IEZ32:IEZ36) -> 0 | IFA37: TOTAL COSTOS DIRECTOS | IFH37: =SUM(IFH32:IFH36) -> 0 | IFI37: TOTAL COSTOS DIRECTOS | IFP37: =SUM(IFP32:IFP36) -> 0 | IFQ37: TOTAL COSTOS DIRECTOS | IFX37: =SUM(IFX32:IFX36) -> 0 | IFY37: TOTAL COSTOS DIRECTOS | IGF37: =SUM(IGF32:IGF36) -> 0 | IGG37: TOTAL COSTOS DIRECTOS | IGN37: =SUM(IGN32:IGN36) -> 0 | IGO37: TOTAL COSTOS DIRECTOS | IGV37: =SUM(IGV32:IGV36) -> 0 | IGW37: TOTAL COSTOS DIRECTOS | IHD37: =SUM(IHD32:IHD36) -> 0 | IHE37: TOTAL COSTOS DIRECTOS | IHL37: =SUM(IHL32:IHL36) -> 0 | IHM37: TOTAL COSTOS DIRECTOS | IHT37: =SUM(IHT32:IHT36) -> 0 | IHU37: TOTAL COSTOS DIRECTOS | IIB37: =SUM(IIB32:IIB36) -> 0 | IIC37: TOTAL COSTOS DIRECTOS | IIJ37: =SUM(IIJ32:IIJ36) -> 0 | IIK37: TOTAL COSTOS DIRECTOS | IIR37: =SUM(IIR32:IIR36) -> 0 | IIS37: TOTAL COSTOS DIRECTOS | IIZ37: =SUM(IIZ32:IIZ36) -> 0 | IJA37: TOTAL COSTOS DIRECTOS | IJH37: =SUM(IJH32:IJH36) -> 0 | IJI37: TOTAL COSTOS DIRECTOS | IJP37: =SUM(IJP32:IJP36) -> 0 | IJQ37: TOTAL COSTOS DIRECTOS | IJX37: =SUM(IJX32:IJX36) -> 0 | IJY37: TOTAL COSTOS DIRECTOS | IKF37: =SUM(IKF32:IKF36) -> 0 | IKG37: TOTAL COSTOS DIRECTOS | IKN37: =SUM(IKN32:IKN36) -> 0 | IKO37: TOTAL COSTOS DIRECTOS | IKV37: =SUM(IKV32:IKV36) -> 0 | IKW37: TOTAL COSTOS DIRECTOS | ILD37: =SUM(ILD32:ILD36) -> 0 | ILE37: TOTAL COSTOS DIRECTOS | ILL37: =SUM(ILL32:ILL36) -> 0 | ILM37: TOTAL COSTOS DIRECTOS | ILT37: =SUM(ILT32:ILT36) -> 0 | ILU37: TOTAL COSTOS DIRECTOS | IMB37: =SUM(IMB32:IMB36) -> 0 | IMC37: TOTAL COSTOS DIRECTOS | IMJ37: =SUM(IMJ32:IMJ36) -> 0 | IMK37: TOTAL COSTOS DIRECTOS | IMR37: =SUM(IMR32:IMR36) -> 0 | IMS37: TOTAL COSTOS DIRECTOS | IMZ37: =SUM(IMZ32:IMZ36) -> 0 | INA37: TOTAL COSTOS DIRECTOS | INH37: =SUM(INH32:INH36) -> 0 | INI37: TOTAL COSTOS DIRECTOS | INP37: =SUM(INP32:INP36) -> 0 | INQ37: TOTAL COSTOS DIRECTOS | INX37: =SUM(INX32:INX36) -> 0 | INY37: TOTAL COSTOS DIRECTOS | IOF37: =SUM(IOF32:IOF36) -> 0 | IOG37: TOTAL COSTOS DIRECTOS | ION37: =SUM(ION32:ION36) -> 0 | IOO37: TOTAL COSTOS DIRECTOS | IOV37: =SUM(IOV32:IOV36) -> 0 | IOW37: TOTAL COSTOS DIRECTOS | IPD37: =SUM(IPD32:IPD36) -> 0 | IPE37: TOTAL COSTOS DIRECTOS | IPL37: =SUM(IPL32:IPL36) -> 0 | IPM37: TOTAL COSTOS DIRECTOS | IPT37: =SUM(IPT32:IPT36) -> 0 | IPU37: TOTAL COSTOS DIRECTOS | IQB37: =SUM(IQB32:IQB36) -> 0 | IQC37: TOTAL COSTOS DIRECTOS | IQJ37: =SUM(IQJ32:IQJ36) -> 0 | IQK37: TOTAL COSTOS DIRECTOS | IQR37: =SUM(IQR32:IQR36) -> 0 | IQS37: TOTAL COSTOS DIRECTOS | IQZ37: =SUM(IQZ32:IQZ36) -> 0 | IRA37: TOTAL COSTOS DIRECTOS | IRH37: =SUM(IRH32:IRH36) -> 0 | IRI37: TOTAL COSTOS DIRECTOS | IRP37: =SUM(IRP32:IRP36) -> 0 | IRQ37: TOTAL COSTOS DIRECTOS | IRX37: =SUM(IRX32:IRX36) -> 0 | IRY37: TOTAL COSTOS DIRECTOS | ISF37: =SUM(ISF32:ISF36) -> 0 | ISG37: TOTAL COSTOS DIRECTOS | ISN37: =SUM(ISN32:ISN36) -> 0 | ISO37: TOTAL COSTOS DIRECTOS | ISV37: =SUM(ISV32:ISV36) -> 0 | ISW37: TOTAL COSTOS DIRECTOS | ITD37: =SUM(ITD32:ITD36) -> 0 | ITE37: TOTAL COSTOS DIRECTOS | ITL37: =SUM(ITL32:ITL36) -> 0 | ITM37: TOTAL COSTOS DIRECTOS | ITT37: =SUM(ITT32:ITT36) -> 0 | ITU37: TOTAL COSTOS DIRECTOS | IUB37: =SUM(IUB32:IUB36) -> 0 | IUC37: TOTAL COSTOS DIRECTOS | IUJ37: =SUM(IUJ32:IUJ36) -> 0 | IUK37: TOTAL COSTOS DIRECTOS | IUR37: =SUM(IUR32:IUR36) -> 0 | IUS37: TOTAL COSTOS DIRECTOS | IUZ37: =SUM(IUZ32:IUZ36) -> 0 | IVA37: TOTAL COSTOS DIRECTOS | IVH37: =SUM(IVH32:IVH36) -> 0 | IVI37: TOTAL COSTOS DIRECTOS | IVP37: =SUM(IVP32:IVP36) -> 0 | IVQ37: TOTAL COSTOS DIRECTOS | IVX37: =SUM(IVX32:IVX36) -> 0 | IVY37: TOTAL COSTOS DIRECTOS | IWF37: =SUM(IWF32:IWF36) -> 0 | IWG37: TOTAL COSTOS DIRECTOS | IWN37: =SUM(IWN32:IWN36) -> 0 | IWO37: TOTAL COSTOS DIRECTOS | IWV37: =SUM(IWV32:IWV36) -> 0 | IWW37: TOTAL COSTOS DIRECTOS | IXD37: =SUM(IXD32:IXD36) -> 0 | IXE37: TOTAL COSTOS DIRECTOS | IXL37: =SUM(IXL32:IXL36) -> 0 | IXM37: TOTAL COSTOS DIRECTOS | IXT37: =SUM(IXT32:IXT36) -> 0 | IXU37: TOTAL COSTOS DIRECTOS | IYB37: =SUM(IYB32:IYB36) -> 0 | IYC37: TOTAL COSTOS DIRECTOS | IYJ37: =SUM(IYJ32:IYJ36) -> 0 | IYK37: TOTAL COSTOS DIRECTOS | IYR37: =SUM(IYR32:IYR36) -> 0 | IYS37: TOTAL COSTOS DIRECTOS | IYZ37: =SUM(IYZ32:IYZ36) -> 0 | IZA37: TOTAL COSTOS DIRECTOS | IZH37: =SUM(IZH32:IZH36) -> 0 | IZI37: TOTAL COSTOS DIRECTOS | IZP37: =SUM(IZP32:IZP36) -> 0 | IZQ37: TOTAL COSTOS DIRECTOS | IZX37: =SUM(IZX32:IZX36) -> 0 | IZY37: TOTAL COSTOS DIRECTOS | JAF37: =SUM(JAF32:JAF36) -> 0 | JAG37: TOTAL COSTOS DIRECTOS | JAN37: =SUM(JAN32:JAN36) -> 0 | JAO37: TOTAL COSTOS DIRECTOS | JAV37: =SUM(JAV32:JAV36) -> 0 | JAW37: TOTAL COSTOS DIRECTOS | JBD37: =SUM(JBD32:JBD36) -> 0 | JBE37: TOTAL COSTOS DIRECTOS | JBL37: =SUM(JBL32:JBL36) -> 0 | JBM37: TOTAL COSTOS DIRECTOS | JBT37: =SUM(JBT32:JBT36) -> 0 | JBU37: TOTAL COSTOS DIRECTOS | JCB37: =SUM(JCB32:JCB36) -> 0 | JCC37: TOTAL COSTOS DIRECTOS | JCJ37: =SUM(JCJ32:JCJ36) -> 0 | JCK37: TOTAL COSTOS DIRECTOS | JCR37: =SUM(JCR32:JCR36) -> 0 | JCS37: TOTAL COSTOS DIRECTOS | JCZ37: =SUM(JCZ32:JCZ36) -> 0 | JDA37: TOTAL COSTOS DIRECTOS | JDH37: =SUM(JDH32:JDH36) -> 0 | JDI37: TOTAL COSTOS DIRECTOS | JDP37: =SUM(JDP32:JDP36) -> 0 | JDQ37: TOTAL COSTOS DIRECTOS | JDX37: =SUM(JDX32:JDX36) -> 0 | JDY37: TOTAL COSTOS DIRECTOS | JEF37: =SUM(JEF32:JEF36) -> 0 | JEG37: TOTAL COSTOS DIRECTOS | JEN37: =SUM(JEN32:JEN36) -> 0 | JEO37: TOTAL COSTOS DIRECTOS | JEV37: =SUM(JEV32:JEV36) -> 0 | JEW37: TOTAL COSTOS DIRECTOS | JFD37: =SUM(JFD32:JFD36) -> 0 | JFE37: TOTAL COSTOS DIRECTOS | JFL37: =SUM(JFL32:JFL36) -> 0 | JFM37: TOTAL COSTOS DIRECTOS | JFT37: =SUM(JFT32:JFT36) -> 0 | JFU37: TOTAL COSTOS DIRECTOS | JGB37: =SUM(JGB32:JGB36) -> 0 | JGC37: TOTAL COSTOS DIRECTOS | JGJ37: =SUM(JGJ32:JGJ36) -> 0 | JGK37: TOTAL COSTOS DIRECTOS | JGR37: =SUM(JGR32:JGR36) -> 0 | JGS37: TOTAL COSTOS DIRECTOS | JGZ37: =SUM(JGZ32:JGZ36) -> 0 | JHA37: TOTAL COSTOS DIRECTOS | JHH37: =SUM(JHH32:JHH36) -> 0 | JHI37: TOTAL COSTOS DIRECTOS | JHP37: =SUM(JHP32:JHP36) -> 0 | JHQ37: TOTAL COSTOS DIRECTOS | JHX37: =SUM(JHX32:JHX36) -> 0 | JHY37: TOTAL COSTOS DIRECTOS | JIF37: =SUM(JIF32:JIF36) -> 0 | JIG37: TOTAL COSTOS DIRECTOS | JIN37: =SUM(JIN32:JIN36) -> 0 | JIO37: TOTAL COSTOS DIRECTOS | JIV37: =SUM(JIV32:JIV36) -> 0 | JIW37: TOTAL COSTOS DIRECTOS | JJD37: =SUM(JJD32:JJD36) -> 0 | JJE37: TOTAL COSTOS DIRECTOS | JJL37: =SUM(JJL32:JJL36) -> 0 | JJM37: TOTAL COSTOS DIRECTOS | JJT37: =SUM(JJT32:JJT36) -> 0 | JJU37: TOTAL COSTOS DIRECTOS | JKB37: =SUM(JKB32:JKB36) -> 0 | JKC37: TOTAL COSTOS DIRECTOS | JKJ37: =SUM(JKJ32:JKJ36) -> 0 | JKK37: TOTAL COSTOS DIRECTOS | JKR37: =SUM(JKR32:JKR36) -> 0 | JKS37: TOTAL COSTOS DIRECTOS | JKZ37: =SUM(JKZ32:JKZ36) -> 0 | JLA37: TOTAL COSTOS DIRECTOS | JLH37: =SUM(JLH32:JLH36) -> 0 | JLI37: TOTAL COSTOS DIRECTOS | JLP37: =SUM(JLP32:JLP36) -> 0 | JLQ37: TOTAL COSTOS DIRECTOS | JLX37: =SUM(JLX32:JLX36) -> 0 | JLY37: TOTAL COSTOS DIRECTOS | JMF37: =SUM(JMF32:JMF36) -> 0 | JMG37: TOTAL COSTOS DIRECTOS | JMN37: =SUM(JMN32:JMN36) -> 0 | JMO37: TOTAL COSTOS DIRECTOS | JMV37: =SUM(JMV32:JMV36) -> 0 | JMW37: TOTAL COSTOS DIRECTOS | JND37: =SUM(JND32:JND36) -> 0 | JNE37: TOTAL COSTOS DIRECTOS | JNL37: =SUM(JNL32:JNL36) -> 0 | JNM37: TOTAL COSTOS DIRECTOS | JNT37: =SUM(JNT32:JNT36) -> 0 | JNU37: TOTAL COSTOS DIRECTOS | JOB37: =SUM(JOB32:JOB36) -> 0 | JOC37: TOTAL COSTOS DIRECTOS | JOJ37: =SUM(JOJ32:JOJ36) -> 0 | JOK37: TOTAL COSTOS DIRECTOS | JOR37: =SUM(JOR32:JOR36) -> 0 | JOS37: TOTAL COSTOS DIRECTOS | JOZ37: =SUM(JOZ32:JOZ36) -> 0 | JPA37: TOTAL COSTOS DIRECTOS | JPH37: =SUM(JPH32:JPH36) -> 0 | JPI37: TOTAL COSTOS DIRECTOS | JPP37: =SUM(JPP32:JPP36) -> 0 | JPQ37: TOTAL COSTOS DIRECTOS | JPX37: =SUM(JPX32:JPX36) -> 0 | JPY37: TOTAL COSTOS DIRECTOS | JQF37: =SUM(JQF32:JQF36) -> 0 | JQG37: TOTAL COSTOS DIRECTOS | JQN37: =SUM(JQN32:JQN36) -> 0 | JQO37: TOTAL COSTOS DIRECTOS | JQV37: =SUM(JQV32:JQV36) -> 0 | JQW37: TOTAL COSTOS DIRECTOS | JRD37: =SUM(JRD32:JRD36) -> 0 | JRE37: TOTAL COSTOS DIRECTOS | JRL37: =SUM(JRL32:JRL36) -> 0 | JRM37: TOTAL COSTOS DIRECTOS | JRT37: =SUM(JRT32:JRT36) -> 0 | JRU37: TOTAL COSTOS DIRECTOS | JSB37: =SUM(JSB32:JSB36) -> 0 | JSC37: TOTAL COSTOS DIRECTOS | JSJ37: =SUM(JSJ32:JSJ36) -> 0 | JSK37: TOTAL COSTOS DIRECTOS | JSR37: =SUM(JSR32:JSR36) -> 0 | JSS37: TOTAL COSTOS DIRECTOS | JSZ37: =SUM(JSZ32:JSZ36) -> 0 | JTA37: TOTAL COSTOS DIRECTOS | JTH37: =SUM(JTH32:JTH36) -> 0 | JTI37: TOTAL COSTOS DIRECTOS | JTP37: =SUM(JTP32:JTP36) -> 0 | JTQ37: TOTAL COSTOS DIRECTOS | JTX37: =SUM(JTX32:JTX36) -> 0 | JTY37: TOTAL COSTOS DIRECTOS | JUF37: =SUM(JUF32:JUF36) -> 0 | JUG37: TOTAL COSTOS DIRECTOS | JUN37: =SUM(JUN32:JUN36) -> 0 | JUO37: TOTAL COSTOS DIRECTOS | JUV37: =SUM(JUV32:JUV36) -> 0 | JUW37: TOTAL COSTOS DIRECTOS | JVD37: =SUM(JVD32:JVD36) -> 0 | JVE37: TOTAL COSTOS DIRECTOS | JVL37: =SUM(JVL32:JVL36) -> 0 | JVM37: TOTAL COSTOS DIRECTOS | JVT37: =SUM(JVT32:JVT36) -> 0 | JVU37: TOTAL COSTOS DIRECTOS | JWB37: =SUM(JWB32:JWB36) -> 0 | JWC37: TOTAL COSTOS DIRECTOS | JWJ37: =SUM(JWJ32:JWJ36) -> 0 | JWK37: TOTAL COSTOS DIRECTOS | JWR37: =SUM(JWR32:JWR36) -> 0 | JWS37: TOTAL COSTOS DIRECTOS | JWZ37: =SUM(JWZ32:JWZ36) -> 0 | JXA37: TOTAL COSTOS DIRECTOS | JXH37: =SUM(JXH32:JXH36) -> 0 | JXI37: TOTAL COSTOS DIRECTOS | JXP37: =SUM(JXP32:JXP36) -> 0 | JXQ37: TOTAL COSTOS DIRECTOS | JXX37: =SUM(JXX32:JXX36) -> 0 | JXY37: TOTAL COSTOS DIRECTOS | JYF37: =SUM(JYF32:JYF36) -> 0 | JYG37: TOTAL COSTOS DIRECTOS | JYN37: =SUM(JYN32:JYN36) -> 0 | JYO37: TOTAL COSTOS DIRECTOS | JYV37: =SUM(JYV32:JYV36) -> 0 | JYW37: TOTAL COSTOS DIRECTOS | JZD37: =SUM(JZD32:JZD36) -> 0 | JZE37: TOTAL COSTOS DIRECTOS | JZL37: =SUM(JZL32:JZL36) -> 0 | JZM37: TOTAL COSTOS DIRECTOS | JZT37: =SUM(JZT32:JZT36) -> 0 | JZU37: TOTAL COSTOS DIRECTOS | KAB37: =SUM(KAB32:KAB36) -> 0 | KAC37: TOTAL COSTOS DIRECTOS | KAJ37: =SUM(KAJ32:KAJ36) -> 0 | KAK37: TOTAL COSTOS DIRECTOS | KAR37: =SUM(KAR32:KAR36) -> 0 | KAS37: TOTAL COSTOS DIRECTOS | KAZ37: =SUM(KAZ32:KAZ36) -> 0 | KBA37: TOTAL COSTOS DIRECTOS | KBH37: =SUM(KBH32:KBH36) -> 0 | KBI37: TOTAL COSTOS DIRECTOS | KBP37: =SUM(KBP32:KBP36) -> 0 | KBQ37: TOTAL COSTOS DIRECTOS | KBX37: =SUM(KBX32:KBX36) -> 0 | KBY37: TOTAL COSTOS DIRECTOS | KCF37: =SUM(KCF32:KCF36) -> 0 | KCG37: TOTAL COSTOS DIRECTOS | KCN37: =SUM(KCN32:KCN36) -> 0 | KCO37: TOTAL COSTOS DIRECTOS | KCV37: =SUM(KCV32:KCV36) -> 0 | KCW37: TOTAL COSTOS DIRECTOS | KDD37: =SUM(KDD32:KDD36) -> 0 | KDE37: TOTAL COSTOS DIRECTOS | KDL37: =SUM(KDL32:KDL36) -> 0 | KDM37: TOTAL COSTOS DIRECTOS | KDT37: =SUM(KDT32:KDT36) -> 0 | KDU37: TOTAL COSTOS DIRECTOS | KEB37: =SUM(KEB32:KEB36) -> 0 | KEC37: TOTAL COSTOS DIRECTOS | KEJ37: =SUM(KEJ32:KEJ36) -> 0 | KEK37: TOTAL COSTOS DIRECTOS | KER37: =SUM(KER32:KER36) -> 0 | KES37: TOTAL COSTOS DIRECTOS | KEZ37: =SUM(KEZ32:KEZ36) -> 0 | KFA37: TOTAL COSTOS DIRECTOS | KFH37: =SUM(KFH32:KFH36) -> 0 | KFI37: TOTAL COSTOS DIRECTOS | KFP37: =SUM(KFP32:KFP36) -> 0 | KFQ37: TOTAL COSTOS DIRECTOS | KFX37: =SUM(KFX32:KFX36) -> 0 | KFY37: TOTAL COSTOS DIRECTOS | KGF37: =SUM(KGF32:KGF36) -> 0 | KGG37: TOTAL COSTOS DIRECTOS | KGN37: =SUM(KGN32:KGN36) -> 0 | KGO37: TOTAL COSTOS DIRECTOS | KGV37: =SUM(KGV32:KGV36) -> 0 | KGW37: TOTAL COSTOS DIRECTOS | KHD37: =SUM(KHD32:KHD36) -> 0 | KHE37: TOTAL COSTOS DIRECTOS | KHL37: =SUM(KHL32:KHL36) -> 0 | KHM37: TOTAL COSTOS DIRECTOS | KHT37: =SUM(KHT32:KHT36) -> 0 | KHU37: TOTAL COSTOS DIRECTOS | KIB37: =SUM(KIB32:KIB36) -> 0 | KIC37: TOTAL COSTOS DIRECTOS | KIJ37: =SUM(KIJ32:KIJ36) -> 0 | KIK37: TOTAL COSTOS DIRECTOS | KIR37: =SUM(KIR32:KIR36) -> 0 | KIS37: TOTAL COSTOS DIRECTOS | KIZ37: =SUM(KIZ32:KIZ36) -> 0 | KJA37: TOTAL COSTOS DIRECTOS | KJH37: =SUM(KJH32:KJH36) -> 0 | KJI37: TOTAL COSTOS DIRECTOS | KJP37: =SUM(KJP32:KJP36) -> 0 | KJQ37: TOTAL COSTOS DIRECTOS | KJX37: =SUM(KJX32:KJX36) -> 0 | KJY37: TOTAL COSTOS DIRECTOS | KKF37: =SUM(KKF32:KKF36) -> 0 | KKG37: TOTAL COSTOS DIRECTOS | KKN37: =SUM(KKN32:KKN36) -> 0 | KKO37: TOTAL COSTOS DIRECTOS | KKV37: =SUM(KKV32:KKV36) -> 0 | KKW37: TOTAL COSTOS DIRECTOS | KLD37: =SUM(KLD32:KLD36) -> 0 | KLE37: TOTAL COSTOS DIRECTOS | KLL37: =SUM(KLL32:KLL36) -> 0 | KLM37: TOTAL COSTOS DIRECTOS | KLT37: =SUM(KLT32:KLT36) -> 0 | KLU37: TOTAL COSTOS DIRECTOS | KMB37: =SUM(KMB32:KMB36) -> 0 | KMC37: TOTAL COSTOS DIRECTOS | KMJ37: =SUM(KMJ32:KMJ36) -> 0 | KMK37: TOTAL COSTOS DIRECTOS | KMR37: =SUM(KMR32:KMR36) -> 0 | KMS37: TOTAL COSTOS DIRECTOS | KMZ37: =SUM(KMZ32:KMZ36) -> 0 | KNA37: TOTAL COSTOS DIRECTOS | KNH37: =SUM(KNH32:KNH36) -> 0 | KNI37: TOTAL COSTOS DIRECTOS | KNP37: =SUM(KNP32:KNP36) -> 0 | KNQ37: TOTAL COSTOS DIRECTOS | KNX37: =SUM(KNX32:KNX36) -> 0 | KNY37: TOTAL COSTOS DIRECTOS | KOF37: =SUM(KOF32:KOF36) -> 0 | KOG37: TOTAL COSTOS DIRECTOS | KON37: =SUM(KON32:KON36) -> 0 | KOO37: TOTAL COSTOS DIRECTOS | KOV37: =SUM(KOV32:KOV36) -> 0 | KOW37: TOTAL COSTOS DIRECTOS | KPD37: =SUM(KPD32:KPD36) -> 0 | KPE37: TOTAL COSTOS DIRECTOS | KPL37: =SUM(KPL32:KPL36) -> 0 | KPM37: TOTAL COSTOS DIRECTOS | KPT37: =SUM(KPT32:KPT36) -> 0 | KPU37: TOTAL COSTOS DIRECTOS | KQB37: =SUM(KQB32:KQB36) -> 0 | KQC37: TOTAL COSTOS DIRECTOS | KQJ37: =SUM(KQJ32:KQJ36) -> 0 | KQK37: TOTAL COSTOS DIRECTOS | KQR37: =SUM(KQR32:KQR36) -> 0 | KQS37: TOTAL COSTOS DIRECTOS | KQZ37: =SUM(KQZ32:KQZ36) -> 0 | KRA37: TOTAL COSTOS DIRECTOS | KRH37: =SUM(KRH32:KRH36) -> 0 | KRI37: TOTAL COSTOS DIRECTOS | KRP37: =SUM(KRP32:KRP36) -> 0 | KRQ37: TOTAL COSTOS DIRECTOS | KRX37: =SUM(KRX32:KRX36) -> 0 | KRY37: TOTAL COSTOS DIRECTOS | KSF37: =SUM(KSF32:KSF36) -> 0 | KSG37: TOTAL COSTOS DIRECTOS | KSN37: =SUM(KSN32:KSN36) -> 0 | KSO37: TOTAL COSTOS DIRECTOS | KSV37: =SUM(KSV32:KSV36) -> 0 | KSW37: TOTAL COSTOS DIRECTOS | KTD37: =SUM(KTD32:KTD36) -> 0 | KTE37: TOTAL COSTOS DIRECTOS | KTL37: =SUM(KTL32:KTL36) -> 0 | KTM37: TOTAL COSTOS DIRECTOS | KTT37: =SUM(KTT32:KTT36) -> 0 | KTU37: TOTAL COSTOS DIRECTOS | KUB37: =SUM(KUB32:KUB36) -> 0 | KUC37: TOTAL COSTOS DIRECTOS | KUJ37: =SUM(KUJ32:KUJ36) -> 0 | KUK37: TOTAL COSTOS DIRECTOS | KUR37: =SUM(KUR32:KUR36) -> 0 | KUS37: TOTAL COSTOS DIRECTOS | KUZ37: =SUM(KUZ32:KUZ36) -> 0 | KVA37: TOTAL COSTOS DIRECTOS | KVH37: =SUM(KVH32:KVH36) -> 0 | KVI37: TOTAL COSTOS DIRECTOS | KVP37: =SUM(KVP32:KVP36) -> 0 | KVQ37: TOTAL COSTOS DIRECTOS | KVX37: =SUM(KVX32:KVX36) -> 0 | KVY37: TOTAL COSTOS DIRECTOS | KWF37: =SUM(KWF32:KWF36) -> 0 | KWG37: TOTAL COSTOS DIRECTOS | KWN37: =SUM(KWN32:KWN36) -> 0 | KWO37: TOTAL COSTOS DIRECTOS | KWV37: =SUM(KWV32:KWV36) -> 0 | KWW37: TOTAL COSTOS DIRECTOS | KXD37: =SUM(KXD32:KXD36) -> 0 | KXE37: TOTAL COSTOS DIRECTOS | KXL37: =SUM(KXL32:KXL36) -> 0 | KXM37: TOTAL COSTOS DIRECTOS | KXT37: =SUM(KXT32:KXT36) -> 0 | KXU37: TOTAL COSTOS DIRECTOS | KYB37: =SUM(KYB32:KYB36) -> 0 | KYC37: TOTAL COSTOS DIRECTOS | KYJ37: =SUM(KYJ32:KYJ36) -> 0 | KYK37: TOTAL COSTOS DIRECTOS | KYR37: =SUM(KYR32:KYR36) -> 0 | KYS37: TOTAL COSTOS DIRECTOS | KYZ37: =SUM(KYZ32:KYZ36) -> 0 | KZA37: TOTAL COSTOS DIRECTOS | KZH37: =SUM(KZH32:KZH36) -> 0 | KZI37: TOTAL COSTOS DIRECTOS | KZP37: =SUM(KZP32:KZP36) -> 0 | KZQ37: TOTAL COSTOS DIRECTOS | KZX37: =SUM(KZX32:KZX36) -> 0 | KZY37: TOTAL COSTOS DIRECTOS | LAF37: =SUM(LAF32:LAF36) -> 0 | LAG37: TOTAL COSTOS DIRECTOS | LAN37: =SUM(LAN32:LAN36) -> 0 | LAO37: TOTAL COSTOS DIRECTOS | LAV37: =SUM(LAV32:LAV36) -> 0 | LAW37: TOTAL COSTOS DIRECTOS | LBD37: =SUM(LBD32:LBD36) -> 0 | LBE37: TOTAL COSTOS DIRECTOS | LBL37: =SUM(LBL32:LBL36) -> 0 | LBM37: TOTAL COSTOS DIRECTOS | LBT37: =SUM(LBT32:LBT36) -> 0 | LBU37: TOTAL COSTOS DIRECTOS | LCB37: =SUM(LCB32:LCB36) -> 0 | LCC37: TOTAL COSTOS DIRECTOS | LCJ37: =SUM(LCJ32:LCJ36) -> 0 | LCK37: TOTAL COSTOS DIRECTOS | LCR37: =SUM(LCR32:LCR36) -> 0 | LCS37: TOTAL COSTOS DIRECTOS | LCZ37: =SUM(LCZ32:LCZ36) -> 0 | LDA37: TOTAL COSTOS DIRECTOS | LDH37: =SUM(LDH32:LDH36) -> 0 | LDI37: TOTAL COSTOS DIRECTOS | LDP37: =SUM(LDP32:LDP36) -> 0 | LDQ37: TOTAL COSTOS DIRECTOS | LDX37: =SUM(LDX32:LDX36) -> 0 | LDY37: TOTAL COSTOS DIRECTOS | LEF37: =SUM(LEF32:LEF36) -> 0 | LEG37: TOTAL COSTOS DIRECTOS | LEN37: =SUM(LEN32:LEN36) -> 0 | LEO37: TOTAL COSTOS DIRECTOS | LEV37: =SUM(LEV32:LEV36) -> 0 | LEW37: TOTAL COSTOS DIRECTOS | LFD37: =SUM(LFD32:LFD36) -> 0 | LFE37: TOTAL COSTOS DIRECTOS | LFL37: =SUM(LFL32:LFL36) -> 0 | LFM37: TOTAL COSTOS DIRECTOS | LFT37: =SUM(LFT32:LFT36) -> 0 | LFU37: TOTAL COSTOS DIRECTOS | LGB37: =SUM(LGB32:LGB36) -> 0 | LGC37: TOTAL COSTOS DIRECTOS | LGJ37: =SUM(LGJ32:LGJ36) -> 0 | LGK37: TOTAL COSTOS DIRECTOS | LGR37: =SUM(LGR32:LGR36) -> 0 | LGS37: TOTAL COSTOS DIRECTOS | LGZ37: =SUM(LGZ32:LGZ36) -> 0 | LHA37: TOTAL COSTOS DIRECTOS | LHH37: =SUM(LHH32:LHH36) -> 0 | LHI37: TOTAL COSTOS DIRECTOS | LHP37: =SUM(LHP32:LHP36) -> 0 | LHQ37: TOTAL COSTOS DIRECTOS | LHX37: =SUM(LHX32:LHX36) -> 0 | LHY37: TOTAL COSTOS DIRECTOS | LIF37: =SUM(LIF32:LIF36) -> 0 | LIG37: TOTAL COSTOS DIRECTOS | LIN37: =SUM(LIN32:LIN36) -> 0 | LIO37: TOTAL COSTOS DIRECTOS | LIV37: =SUM(LIV32:LIV36) -> 0 | LIW37: TOTAL COSTOS DIRECTOS | LJD37: =SUM(LJD32:LJD36) -> 0 | LJE37: TOTAL COSTOS DIRECTOS | LJL37: =SUM(LJL32:LJL36) -> 0 | LJM37: TOTAL COSTOS DIRECTOS | LJT37: =SUM(LJT32:LJT36) -> 0 | LJU37: TOTAL COSTOS DIRECTOS | LKB37: =SUM(LKB32:LKB36) -> 0 | LKC37: TOTAL COSTOS DIRECTOS | LKJ37: =SUM(LKJ32:LKJ36) -> 0 | LKK37: TOTAL COSTOS DIRECTOS | LKR37: =SUM(LKR32:LKR36) -> 0 | LKS37: TOTAL COSTOS DIRECTOS | LKZ37: =SUM(LKZ32:LKZ36) -> 0 | LLA37: TOTAL COSTOS DIRECTOS | LLH37: =SUM(LLH32:LLH36) -> 0 | LLI37: TOTAL COSTOS DIRECTOS | LLP37: =SUM(LLP32:LLP36) -> 0 | LLQ37: TOTAL COSTOS DIRECTOS | LLX37: =SUM(LLX32:LLX36) -> 0 | LLY37: TOTAL COSTOS DIRECTOS | LMF37: =SUM(LMF32:LMF36) -> 0 | LMG37: TOTAL COSTOS DIRECTOS | LMN37: =SUM(LMN32:LMN36) -> 0 | LMO37: TOTAL COSTOS DIRECTOS | LMV37: =SUM(LMV32:LMV36) -> 0 | LMW37: TOTAL COSTOS DIRECTOS | LND37: =SUM(LND32:LND36) -> 0 | LNE37: TOTAL COSTOS DIRECTOS | LNL37: =SUM(LNL32:LNL36) -> 0 | LNM37: TOTAL COSTOS DIRECTOS | LNT37: =SUM(LNT32:LNT36) -> 0 | LNU37: TOTAL COSTOS DIRECTOS | LOB37: =SUM(LOB32:LOB36) -> 0 | LOC37: TOTAL COSTOS DIRECTOS | LOJ37: =SUM(LOJ32:LOJ36) -> 0 | LOK37: TOTAL COSTOS DIRECTOS | LOR37: =SUM(LOR32:LOR36) -> 0 | LOS37: TOTAL COSTOS DIRECTOS | LOZ37: =SUM(LOZ32:LOZ36) -> 0 | LPA37: TOTAL COSTOS DIRECTOS | LPH37: =SUM(LPH32:LPH36) -> 0 | LPI37: TOTAL COSTOS DIRECTOS | LPP37: =SUM(LPP32:LPP36) -> 0 | LPQ37: TOTAL COSTOS DIRECTOS | LPX37: =SUM(LPX32:LPX36) -> 0 | LPY37: TOTAL COSTOS DIRECTOS | LQF37: =SUM(LQF32:LQF36) -> 0 | LQG37: TOTAL COSTOS DIRECTOS | LQN37: =SUM(LQN32:LQN36) -> 0 | LQO37: TOTAL COSTOS DIRECTOS | LQV37: =SUM(LQV32:LQV36) -> 0 | LQW37: TOTAL COSTOS DIRECTOS | LRD37: =SUM(LRD32:LRD36) -> 0 | LRE37: TOTAL COSTOS DIRECTOS | LRL37: =SUM(LRL32:LRL36) -> 0 | LRM37: TOTAL COSTOS DIRECTOS | LRT37: =SUM(LRT32:LRT36) -> 0 | LRU37: TOTAL COSTOS DIRECTOS | LSB37: =SUM(LSB32:LSB36) -> 0 | LSC37: TOTAL COSTOS DIRECTOS | LSJ37: =SUM(LSJ32:LSJ36) -> 0 | LSK37: TOTAL COSTOS DIRECTOS | LSR37: =SUM(LSR32:LSR36) -> 0 | LSS37: TOTAL COSTOS DIRECTOS | LSZ37: =SUM(LSZ32:LSZ36) -> 0 | LTA37: TOTAL COSTOS DIRECTOS | LTH37: =SUM(LTH32:LTH36) -> 0 | LTI37: TOTAL COSTOS DIRECTOS | LTP37: =SUM(LTP32:LTP36) -> 0 | LTQ37: TOTAL COSTOS DIRECTOS | LTX37: =SUM(LTX32:LTX36) -> 0 | LTY37: TOTAL COSTOS DIRECTOS | LUF37: =SUM(LUF32:LUF36) -> 0 | LUG37: TOTAL COSTOS DIRECTOS | LUN37: =SUM(LUN32:LUN36) -> 0 | LUO37: TOTAL COSTOS DIRECTOS | LUV37: =SUM(LUV32:LUV36) -> 0 | LUW37: TOTAL COSTOS DIRECTOS | LVD37: =SUM(LVD32:LVD36) -> 0 | LVE37: TOTAL COSTOS DIRECTOS | LVL37: =SUM(LVL32:LVL36) -> 0 | LVM37: TOTAL COSTOS DIRECTOS | LVT37: =SUM(LVT32:LVT36) -> 0 | LVU37: TOTAL COSTOS DIRECTOS | LWB37: =SUM(LWB32:LWB36) -> 0 | LWC37: TOTAL COSTOS DIRECTOS | LWJ37: =SUM(LWJ32:LWJ36) -> 0 | LWK37: TOTAL COSTOS DIRECTOS | LWR37: =SUM(LWR32:LWR36) -> 0 | LWS37: TOTAL COSTOS DIRECTOS | LWZ37: =SUM(LWZ32:LWZ36) -> 0 | LXA37: TOTAL COSTOS DIRECTOS | LXH37: =SUM(LXH32:LXH36) -> 0 | LXI37: TOTAL COSTOS DIRECTOS | LXP37: =SUM(LXP32:LXP36) -> 0 | LXQ37: TOTAL COSTOS DIRECTOS | LXX37: =SUM(LXX32:LXX36) -> 0 | LXY37: TOTAL COSTOS DIRECTOS | LYF37: =SUM(LYF32:LYF36) -> 0 | LYG37: TOTAL COSTOS DIRECTOS | LYN37: =SUM(LYN32:LYN36) -> 0 | LYO37: TOTAL COSTOS DIRECTOS | LYV37: =SUM(LYV32:LYV36) -> 0 | LYW37: TOTAL COSTOS DIRECTOS | LZD37: =SUM(LZD32:LZD36) -> 0 | LZE37: TOTAL COSTOS DIRECTOS | LZL37: =SUM(LZL32:LZL36) -> 0 | LZM37: TOTAL COSTOS DIRECTOS | LZT37: =SUM(LZT32:LZT36) -> 0 | LZU37: TOTAL COSTOS DIRECTOS | MAB37: =SUM(MAB32:MAB36) -> 0 | MAC37: TOTAL COSTOS DIRECTOS | MAJ37: =SUM(MAJ32:MAJ36) -> 0 | MAK37: TOTAL COSTOS DIRECTOS | MAR37: =SUM(MAR32:MAR36) -> 0 | MAS37: TOTAL COSTOS DIRECTOS | MAZ37: =SUM(MAZ32:MAZ36) -> 0 | MBA37: TOTAL COSTOS DIRECTOS | MBH37: =SUM(MBH32:MBH36) -> 0 | MBI37: TOTAL COSTOS DIRECTOS | MBP37: =SUM(MBP32:MBP36) -> 0 | MBQ37: TOTAL COSTOS DIRECTOS | MBX37: =SUM(MBX32:MBX36) -> 0 | MBY37: TOTAL COSTOS DIRECTOS | MCF37: =SUM(MCF32:MCF36) -> 0 | MCG37: TOTAL COSTOS DIRECTOS | MCN37: =SUM(MCN32:MCN36) -> 0 | MCO37: TOTAL COSTOS DIRECTOS | MCV37: =SUM(MCV32:MCV36) -> 0 | MCW37: TOTAL COSTOS DIRECTOS | MDD37: =SUM(MDD32:MDD36) -> 0 | MDE37: TOTAL COSTOS DIRECTOS | MDL37: =SUM(MDL32:MDL36) -> 0 | MDM37: TOTAL COSTOS DIRECTOS | MDT37: =SUM(MDT32:MDT36) -> 0 | MDU37: TOTAL COSTOS DIRECTOS | MEB37: =SUM(MEB32:MEB36) -> 0 | MEC37: TOTAL COSTOS DIRECTOS | MEJ37: =SUM(MEJ32:MEJ36) -> 0 | MEK37: TOTAL COSTOS DIRECTOS | MER37: =SUM(MER32:MER36) -> 0 | MES37: TOTAL COSTOS DIRECTOS | MEZ37: =SUM(MEZ32:MEZ36) -> 0 | MFA37: TOTAL COSTOS DIRECTOS | MFH37: =SUM(MFH32:MFH36) -> 0 | MFI37: TOTAL COSTOS DIRECTOS | MFP37: =SUM(MFP32:MFP36) -> 0 | MFQ37: TOTAL COSTOS DIRECTOS | MFX37: =SUM(MFX32:MFX36) -> 0 | MFY37: TOTAL COSTOS DIRECTOS | MGF37: =SUM(MGF32:MGF36) -> 0 | MGG37: TOTAL COSTOS DIRECTOS | MGN37: =SUM(MGN32:MGN36) -> 0 | MGO37: TOTAL COSTOS DIRECTOS | MGV37: =SUM(MGV32:MGV36) -> 0 | MGW37: TOTAL COSTOS DIRECTOS | MHD37: =SUM(MHD32:MHD36) -> 0 | MHE37: TOTAL COSTOS DIRECTOS | MHL37: =SUM(MHL32:MHL36) -> 0 | MHM37: TOTAL COSTOS DIRECTOS | MHT37: =SUM(MHT32:MHT36) -> 0 | MHU37: TOTAL COSTOS DIRECTOS | MIB37: =SUM(MIB32:MIB36) -> 0 | MIC37: TOTAL COSTOS DIRECTOS | MIJ37: =SUM(MIJ32:MIJ36) -> 0 | MIK37: TOTAL COSTOS DIRECTOS | MIR37: =SUM(MIR32:MIR36) -> 0 | MIS37: TOTAL COSTOS DIRECTOS | MIZ37: =SUM(MIZ32:MIZ36) -> 0 | MJA37: TOTAL COSTOS DIRECTOS | MJH37: =SUM(MJH32:MJH36) -> 0 | MJI37: TOTAL COSTOS DIRECTOS | MJP37: =SUM(MJP32:MJP36) -> 0 | MJQ37: TOTAL COSTOS DIRECTOS | MJX37: =SUM(MJX32:MJX36) -> 0 | MJY37: TOTAL COSTOS DIRECTOS | MKF37: =SUM(MKF32:MKF36) -> 0 | MKG37: TOTAL COSTOS DIRECTOS | MKN37: =SUM(MKN32:MKN36) -> 0 | MKO37: TOTAL COSTOS DIRECTOS | MKV37: =SUM(MKV32:MKV36) -> 0 | MKW37: TOTAL COSTOS DIRECTOS | MLD37: =SUM(MLD32:MLD36) -> 0 | MLE37: TOTAL COSTOS DIRECTOS | MLL37: =SUM(MLL32:MLL36) -> 0 | MLM37: TOTAL COSTOS DIRECTOS | MLT37: =SUM(MLT32:MLT36) -> 0 | MLU37: TOTAL COSTOS DIRECTOS | MMB37: =SUM(MMB32:MMB36) -> 0 | MMC37: TOTAL COSTOS DIRECTOS | MMJ37: =SUM(MMJ32:MMJ36) -> 0 | MMK37: TOTAL COSTOS DIRECTOS | MMR37: =SUM(MMR32:MMR36) -> 0 | MMS37: TOTAL COSTOS DIRECTOS | MMZ37: =SUM(MMZ32:MMZ36) -> 0 | MNA37: TOTAL COSTOS DIRECTOS | MNH37: =SUM(MNH32:MNH36) -> 0 | MNI37: TOTAL COSTOS DIRECTOS | MNP37: =SUM(MNP32:MNP36) -> 0 | MNQ37: TOTAL COSTOS DIRECTOS | MNX37: =SUM(MNX32:MNX36) -> 0 | MNY37: TOTAL COSTOS DIRECTOS | MOF37: =SUM(MOF32:MOF36) -> 0 | MOG37: TOTAL COSTOS DIRECTOS | MON37: =SUM(MON32:MON36) -> 0 | MOO37: TOTAL COSTOS DIRECTOS | MOV37: =SUM(MOV32:MOV36) -> 0 | MOW37: TOTAL COSTOS DIRECTOS | MPD37: =SUM(MPD32:MPD36) -> 0 | MPE37: TOTAL COSTOS DIRECTOS | MPL37: =SUM(MPL32:MPL36) -> 0 | MPM37: TOTAL COSTOS DIRECTOS | MPT37: =SUM(MPT32:MPT36) -> 0 | MPU37: TOTAL COSTOS DIRECTOS | MQB37: =SUM(MQB32:MQB36) -> 0 | MQC37: TOTAL COSTOS DIRECTOS | MQJ37: =SUM(MQJ32:MQJ36) -> 0 | MQK37: TOTAL COSTOS DIRECTOS | MQR37: =SUM(MQR32:MQR36) -> 0 | MQS37: TOTAL COSTOS DIRECTOS | MQZ37: =SUM(MQZ32:MQZ36) -> 0 | MRA37: TOTAL COSTOS DIRECTOS | MRH37: =SUM(MRH32:MRH36) -> 0 | MRI37: TOTAL COSTOS DIRECTOS | MRP37: =SUM(MRP32:MRP36) -> 0 | MRQ37: TOTAL COSTOS DIRECTOS | MRX37: =SUM(MRX32:MRX36) -> 0 | MRY37: TOTAL COSTOS DIRECTOS | MSF37: =SUM(MSF32:MSF36) -> 0 | MSG37: TOTAL COSTOS DIRECTOS | MSN37: =SUM(MSN32:MSN36) -> 0 | MSO37: TOTAL COSTOS DIRECTOS | MSV37: =SUM(MSV32:MSV36) -> 0 | MSW37: TOTAL COSTOS DIRECTOS | MTD37: =SUM(MTD32:MTD36) -> 0 | MTE37: TOTAL COSTOS DIRECTOS | MTL37: =SUM(MTL32:MTL36) -> 0 | MTM37: TOTAL COSTOS DIRECTOS | MTT37: =SUM(MTT32:MTT36) -> 0 | MTU37: TOTAL COSTOS DIRECTOS | MUB37: =SUM(MUB32:MUB36) -> 0 | MUC37: TOTAL COSTOS DIRECTOS | MUJ37: =SUM(MUJ32:MUJ36) -> 0 | MUK37: TOTAL COSTOS DIRECTOS | MUR37: =SUM(MUR32:MUR36) -> 0 | MUS37: TOTAL COSTOS DIRECTOS | MUZ37: =SUM(MUZ32:MUZ36) -> 0 | MVA37: TOTAL COSTOS DIRECTOS | MVH37: =SUM(MVH32:MVH36) -> 0 | MVI37: TOTAL COSTOS DIRECTOS | MVP37: =SUM(MVP32:MVP36) -> 0 | MVQ37: TOTAL COSTOS DIRECTOS | MVX37: =SUM(MVX32:MVX36) -> 0 | MVY37: TOTAL COSTOS DIRECTOS | MWF37: =SUM(MWF32:MWF36) -> 0 | MWG37: TOTAL COSTOS DIRECTOS | MWN37: =SUM(MWN32:MWN36) -> 0 | MWO37: TOTAL COSTOS DIRECTOS | MWV37: =SUM(MWV32:MWV36) -> 0 | MWW37: TOTAL COSTOS DIRECTOS | MXD37: =SUM(MXD32:MXD36) -> 0 | MXE37: TOTAL COSTOS DIRECTOS | MXL37: =SUM(MXL32:MXL36) -> 0 | MXM37: TOTAL COSTOS DIRECTOS | MXT37: =SUM(MXT32:MXT36) -> 0 | MXU37: TOTAL COSTOS DIRECTOS | MYB37: =SUM(MYB32:MYB36) -> 0 | MYC37: TOTAL COSTOS DIRECTOS | MYJ37: =SUM(MYJ32:MYJ36) -> 0 | MYK37: TOTAL COSTOS DIRECTOS | MYR37: =SUM(MYR32:MYR36) -> 0 | MYS37: TOTAL COSTOS DIRECTOS | MYZ37: =SUM(MYZ32:MYZ36) -> 0 | MZA37: TOTAL COSTOS DIRECTOS | MZH37: =SUM(MZH32:MZH36) -> 0 | MZI37: TOTAL COSTOS DIRECTOS | MZP37: =SUM(MZP32:MZP36) -> 0 | MZQ37: TOTAL COSTOS DIRECTOS | MZX37: =SUM(MZX32:MZX36) -> 0 | MZY37: TOTAL COSTOS DIRECTOS | NAF37: =SUM(NAF32:NAF36) -> 0 | NAG37: TOTAL COSTOS DIRECTOS | NAN37: =SUM(NAN32:NAN36) -> 0 | NAO37: TOTAL COSTOS DIRECTOS | NAV37: =SUM(NAV32:NAV36) -> 0 | NAW37: TOTAL COSTOS DIRECTOS | NBD37: =SUM(NBD32:NBD36) -> 0 | NBE37: TOTAL COSTOS DIRECTOS | NBL37: =SUM(NBL32:NBL36) -> 0 | NBM37: TOTAL COSTOS DIRECTOS | NBT37: =SUM(NBT32:NBT36) -> 0 | NBU37: TOTAL COSTOS DIRECTOS | NCB37: =SUM(NCB32:NCB36) -> 0 | NCC37: TOTAL COSTOS DIRECTOS | NCJ37: =SUM(NCJ32:NCJ36) -> 0 | NCK37: TOTAL COSTOS DIRECTOS | NCR37: =SUM(NCR32:NCR36) -> 0 | NCS37: TOTAL COSTOS DIRECTOS | NCZ37: =SUM(NCZ32:NCZ36) -> 0 | NDA37: TOTAL COSTOS DIRECTOS | NDH37: =SUM(NDH32:NDH36) -> 0 | NDI37: TOTAL COSTOS DIRECTOS | NDP37: =SUM(NDP32:NDP36) -> 0 | NDQ37: TOTAL COSTOS DIRECTOS | NDX37: =SUM(NDX32:NDX36) -> 0 | NDY37: TOTAL COSTOS DIRECTOS | NEF37: =SUM(NEF32:NEF36) -> 0 | NEG37: TOTAL COSTOS DIRECTOS | NEN37: =SUM(NEN32:NEN36) -> 0 | NEO37: TOTAL COSTOS DIRECTOS | NEV37: =SUM(NEV32:NEV36) -> 0 | NEW37: TOTAL COSTOS DIRECTOS | NFD37: =SUM(NFD32:NFD36) -> 0 | NFE37: TOTAL COSTOS DIRECTOS | NFL37: =SUM(NFL32:NFL36) -> 0 | NFM37: TOTAL COSTOS DIRECTOS | NFT37: =SUM(NFT32:NFT36) -> 0 | NFU37: TOTAL COSTOS DIRECTOS | NGB37: =SUM(NGB32:NGB36) -> 0 | NGC37: TOTAL COSTOS DIRECTOS | NGJ37: =SUM(NGJ32:NGJ36) -> 0 | NGK37: TOTAL COSTOS DIRECTOS | NGR37: =SUM(NGR32:NGR36) -> 0 | NGS37: TOTAL COSTOS DIRECTOS | NGZ37: =SUM(NGZ32:NGZ36) -> 0 | NHA37: TOTAL COSTOS DIRECTOS | NHH37: =SUM(NHH32:NHH36) -> 0 | NHI37: TOTAL COSTOS DIRECTOS | NHP37: =SUM(NHP32:NHP36) -> 0 | NHQ37: TOTAL COSTOS DIRECTOS | NHX37: =SUM(NHX32:NHX36) -> 0 | NHY37: TOTAL COSTOS DIRECTOS | NIF37: =SUM(NIF32:NIF36) -> 0 | NIG37: TOTAL COSTOS DIRECTOS | NIN37: =SUM(NIN32:NIN36) -> 0 | NIO37: TOTAL COSTOS DIRECTOS | NIV37: =SUM(NIV32:NIV36) -> 0 | NIW37: TOTAL COSTOS DIRECTOS | NJD37: =SUM(NJD32:NJD36) -> 0 | NJE37: TOTAL COSTOS DIRECTOS | NJL37: =SUM(NJL32:NJL36) -> 0 | NJM37: TOTAL COSTOS DIRECTOS | NJT37: =SUM(NJT32:NJT36) -> 0 | NJU37: TOTAL COSTOS DIRECTOS | NKB37: =SUM(NKB32:NKB36) -> 0 | NKC37: TOTAL COSTOS DIRECTOS | NKJ37: =SUM(NKJ32:NKJ36) -> 0 | NKK37: TOTAL COSTOS DIRECTOS | NKR37: =SUM(NKR32:NKR36) -> 0 | NKS37: TOTAL COSTOS DIRECTOS | NKZ37: =SUM(NKZ32:NKZ36) -> 0 | NLA37: TOTAL COSTOS DIRECTOS | NLH37: =SUM(NLH32:NLH36) -> 0 | NLI37: TOTAL COSTOS DIRECTOS | NLP37: =SUM(NLP32:NLP36) -> 0 | NLQ37: TOTAL COSTOS DIRECTOS | NLX37: =SUM(NLX32:NLX36) -> 0 | NLY37: TOTAL COSTOS DIRECTOS | NMF37: =SUM(NMF32:NMF36) -> 0 | NMG37: TOTAL COSTOS DIRECTOS | NMN37: =SUM(NMN32:NMN36) -> 0 | NMO37: TOTAL COSTOS DIRECTOS | NMV37: =SUM(NMV32:NMV36) -> 0 | NMW37: TOTAL COSTOS DIRECTOS | NND37: =SUM(NND32:NND36) -> 0 | NNE37: TOTAL COSTOS DIRECTOS | NNL37: =SUM(NNL32:NNL36) -> 0 | NNM37: TOTAL COSTOS DIRECTOS | NNT37: =SUM(NNT32:NNT36) -> 0 | NNU37: TOTAL COSTOS DIRECTOS | NOB37: =SUM(NOB32:NOB36) -> 0 | NOC37: TOTAL COSTOS DIRECTOS | NOJ37: =SUM(NOJ32:NOJ36) -> 0 | NOK37: TOTAL COSTOS DIRECTOS | NOR37: =SUM(NOR32:NOR36) -> 0 | NOS37: TOTAL COSTOS DIRECTOS | NOZ37: =SUM(NOZ32:NOZ36) -> 0 | NPA37: TOTAL COSTOS DIRECTOS | NPH37: =SUM(NPH32:NPH36) -> 0 | NPI37: TOTAL COSTOS DIRECTOS | NPP37: =SUM(NPP32:NPP36) -> 0 | NPQ37: TOTAL COSTOS DIRECTOS | NPX37: =SUM(NPX32:NPX36) -> 0 | NPY37: TOTAL COSTOS DIRECTOS | NQF37: =SUM(NQF32:NQF36) -> 0 | NQG37: TOTAL COSTOS DIRECTOS | NQN37: =SUM(NQN32:NQN36) -> 0 | NQO37: TOTAL COSTOS DIRECTOS | NQV37: =SUM(NQV32:NQV36) -> 0 | NQW37: TOTAL COSTOS DIRECTOS | NRD37: =SUM(NRD32:NRD36) -> 0 | NRE37: TOTAL COSTOS DIRECTOS | NRL37: =SUM(NRL32:NRL36) -> 0 | NRM37: TOTAL COSTOS DIRECTOS | NRT37: =SUM(NRT32:NRT36) -> 0 | NRU37: TOTAL COSTOS DIRECTOS | NSB37: =SUM(NSB32:NSB36) -> 0 | NSC37: TOTAL COSTOS DIRECTOS | NSJ37: =SUM(NSJ32:NSJ36) -> 0 | NSK37: TOTAL COSTOS DIRECTOS | NSR37: =SUM(NSR32:NSR36) -> 0 | NSS37: TOTAL COSTOS DIRECTOS | NSZ37: =SUM(NSZ32:NSZ36) -> 0 | NTA37: TOTAL COSTOS DIRECTOS | NTH37: =SUM(NTH32:NTH36) -> 0 | NTI37: TOTAL COSTOS DIRECTOS | NTP37: =SUM(NTP32:NTP36) -> 0 | NTQ37: TOTAL COSTOS DIRECTOS | NTX37: =SUM(NTX32:NTX36) -> 0 | NTY37: TOTAL COSTOS DIRECTOS | NUF37: =SUM(NUF32:NUF36) -> 0 | NUG37: TOTAL COSTOS DIRECTOS | NUN37: =SUM(NUN32:NUN36) -> 0 | NUO37: TOTAL COSTOS DIRECTOS | NUV37: =SUM(NUV32:NUV36) -> 0 | NUW37: TOTAL COSTOS DIRECTOS | NVD37: =SUM(NVD32:NVD36) -> 0 | NVE37: TOTAL COSTOS DIRECTOS | NVL37: =SUM(NVL32:NVL36) -> 0 | NVM37: TOTAL COSTOS DIRECTOS | NVT37: =SUM(NVT32:NVT36) -> 0 | NVU37: TOTAL COSTOS DIRECTOS | NWB37: =SUM(NWB32:NWB36) -> 0 | NWC37: TOTAL COSTOS DIRECTOS | NWJ37: =SUM(NWJ32:NWJ36) -> 0 | NWK37: TOTAL COSTOS DIRECTOS | NWR37: =SUM(NWR32:NWR36) -> 0 | NWS37: TOTAL COSTOS DIRECTOS | NWZ37: =SUM(NWZ32:NWZ36) -> 0 | NXA37: TOTAL COSTOS DIRECTOS | NXH37: =SUM(NXH32:NXH36) -> 0 | NXI37: TOTAL COSTOS DIRECTOS | NXP37: =SUM(NXP32:NXP36) -> 0 | NXQ37: TOTAL COSTOS DIRECTOS | NXX37: =SUM(NXX32:NXX36) -> 0 | NXY37: TOTAL COSTOS DIRECTOS | NYF37: =SUM(NYF32:NYF36) -> 0 | NYG37: TOTAL COSTOS DIRECTOS | NYN37: =SUM(NYN32:NYN36) -> 0 | NYO37: TOTAL COSTOS DIRECTOS | NYV37: =SUM(NYV32:NYV36) -> 0 | NYW37: TOTAL COSTOS DIRECTOS | NZD37: =SUM(NZD32:NZD36) -> 0 | NZE37: TOTAL COSTOS DIRECTOS | NZL37: =SUM(NZL32:NZL36) -> 0 | NZM37: TOTAL COSTOS DIRECTOS | NZT37: =SUM(NZT32:NZT36) -> 0 | NZU37: TOTAL COSTOS DIRECTOS | OAB37: =SUM(OAB32:OAB36) -> 0 | OAC37: TOTAL COSTOS DIRECTOS | OAJ37: =SUM(OAJ32:OAJ36) -> 0 | OAK37: TOTAL COSTOS DIRECTOS | OAR37: =SUM(OAR32:OAR36) -> 0 | OAS37: TOTAL COSTOS DIRECTOS | OAZ37: =SUM(OAZ32:OAZ36) -> 0 | OBA37: TOTAL COSTOS DIRECTOS | OBH37: =SUM(OBH32:OBH36) -> 0 | OBI37: TOTAL COSTOS DIRECTOS | OBP37: =SUM(OBP32:OBP36) -> 0 | OBQ37: TOTAL COSTOS DIRECTOS | OBX37: =SUM(OBX32:OBX36) -> 0 | OBY37: TOTAL COSTOS DIRECTOS | OCF37: =SUM(OCF32:OCF36) -> 0 | OCG37: TOTAL COSTOS DIRECTOS | OCN37: =SUM(OCN32:OCN36) -> 0 | OCO37: TOTAL COSTOS DIRECTOS | OCV37: =SUM(OCV32:OCV36) -> 0 | OCW37: TOTAL COSTOS DIRECTOS | ODD37: =SUM(ODD32:ODD36) -> 0 | ODE37: TOTAL COSTOS DIRECTOS | ODL37: =SUM(ODL32:ODL36) -> 0 | ODM37: TOTAL COSTOS DIRECTOS | ODT37: =SUM(ODT32:ODT36) -> 0 | ODU37: TOTAL COSTOS DIRECTOS | OEB37: =SUM(OEB32:OEB36) -> 0 | OEC37: TOTAL COSTOS DIRECTOS | OEJ37: =SUM(OEJ32:OEJ36) -> 0 | OEK37: TOTAL COSTOS DIRECTOS | OER37: =SUM(OER32:OER36) -> 0 | OES37: TOTAL COSTOS DIRECTOS | OEZ37: =SUM(OEZ32:OEZ36) -> 0 | OFA37: TOTAL COSTOS DIRECTOS | OFH37: =SUM(OFH32:OFH36) -> 0 | OFI37: TOTAL COSTOS DIRECTOS | OFP37: =SUM(OFP32:OFP36) -> 0 | OFQ37: TOTAL COSTOS DIRECTOS | OFX37: =SUM(OFX32:OFX36) -> 0 | OFY37: TOTAL COSTOS DIRECTOS | OGF37: =SUM(OGF32:OGF36) -> 0 | OGG37: TOTAL COSTOS DIRECTOS | OGN37: =SUM(OGN32:OGN36) -> 0 | OGO37: TOTAL COSTOS DIRECTOS | OGV37: =SUM(OGV32:OGV36) -> 0 | OGW37: TOTAL COSTOS DIRECTOS | OHD37: =SUM(OHD32:OHD36) -> 0 | OHE37: TOTAL COSTOS DIRECTOS | OHL37: =SUM(OHL32:OHL36) -> 0 | OHM37: TOTAL COSTOS DIRECTOS | OHT37: =SUM(OHT32:OHT36) -> 0 | OHU37: TOTAL COSTOS DIRECTOS | OIB37: =SUM(OIB32:OIB36) -> 0 | OIC37: TOTAL COSTOS DIRECTOS | OIJ37: =SUM(OIJ32:OIJ36) -> 0 | OIK37: TOTAL COSTOS DIRECTOS | OIR37: =SUM(OIR32:OIR36) -> 0 | OIS37: TOTAL COSTOS DIRECTOS | OIZ37: =SUM(OIZ32:OIZ36) -> 0 | OJA37: TOTAL COSTOS DIRECTOS | OJH37: =SUM(OJH32:OJH36) -> 0 | OJI37: TOTAL COSTOS DIRECTOS | OJP37: =SUM(OJP32:OJP36) -> 0 | OJQ37: TOTAL COSTOS DIRECTOS | OJX37: =SUM(OJX32:OJX36) -> 0 | OJY37: TOTAL COSTOS DIRECTOS | OKF37: =SUM(OKF32:OKF36) -> 0 | OKG37: TOTAL COSTOS DIRECTOS | OKN37: =SUM(OKN32:OKN36) -> 0 | OKO37: TOTAL COSTOS DIRECTOS | OKV37: =SUM(OKV32:OKV36) -> 0 | OKW37: TOTAL COSTOS DIRECTOS | OLD37: =SUM(OLD32:OLD36) -> 0 | OLE37: TOTAL COSTOS DIRECTOS | OLL37: =SUM(OLL32:OLL36) -> 0 | OLM37: TOTAL COSTOS DIRECTOS | OLT37: =SUM(OLT32:OLT36) -> 0 | OLU37: TOTAL COSTOS DIRECTOS | OMB37: =SUM(OMB32:OMB36) -> 0 | OMC37: TOTAL COSTOS DIRECTOS | OMJ37: =SUM(OMJ32:OMJ36) -> 0 | OMK37: TOTAL COSTOS DIRECTOS | OMR37: =SUM(OMR32:OMR36) -> 0 | OMS37: TOTAL COSTOS DIRECTOS | OMZ37: =SUM(OMZ32:OMZ36) -> 0 | ONA37: TOTAL COSTOS DIRECTOS | ONH37: =SUM(ONH32:ONH36) -> 0 | ONI37: TOTAL COSTOS DIRECTOS | ONP37: =SUM(ONP32:ONP36) -> 0 | ONQ37: TOTAL COSTOS DIRECTOS | ONX37: =SUM(ONX32:ONX36) -> 0 | ONY37: TOTAL COSTOS DIRECTOS | OOF37: =SUM(OOF32:OOF36) -> 0 | OOG37: TOTAL COSTOS DIRECTOS | OON37: =SUM(OON32:OON36) -> 0 | OOO37: TOTAL COSTOS DIRECTOS | OOV37: =SUM(OOV32:OOV36) -> 0 | OOW37: TOTAL COSTOS DIRECTOS | OPD37: =SUM(OPD32:OPD36) -> 0 | OPE37: TOTAL COSTOS DIRECTOS | OPL37: =SUM(OPL32:OPL36) -> 0 | OPM37: TOTAL COSTOS DIRECTOS | OPT37: =SUM(OPT32:OPT36) -> 0 | OPU37: TOTAL COSTOS DIRECTOS | OQB37: =SUM(OQB32:OQB36) -> 0 | OQC37: TOTAL COSTOS DIRECTOS | OQJ37: =SUM(OQJ32:OQJ36) -> 0 | OQK37: TOTAL COSTOS DIRECTOS | OQR37: =SUM(OQR32:OQR36) -> 0 | OQS37: TOTAL COSTOS DIRECTOS | OQZ37: =SUM(OQZ32:OQZ36) -> 0 | ORA37: TOTAL COSTOS DIRECTOS | ORH37: =SUM(ORH32:ORH36) -> 0 | ORI37: TOTAL COSTOS DIRECTOS | ORP37: =SUM(ORP32:ORP36) -> 0 | ORQ37: TOTAL COSTOS DIRECTOS | ORX37: =SUM(ORX32:ORX36) -> 0 | ORY37: TOTAL COSTOS DIRECTOS | OSF37: =SUM(OSF32:OSF36) -> 0 | OSG37: TOTAL COSTOS DIRECTOS | OSN37: =SUM(OSN32:OSN36) -> 0 | OSO37: TOTAL COSTOS DIRECTOS | OSV37: =SUM(OSV32:OSV36) -> 0 | OSW37: TOTAL COSTOS DIRECTOS | OTD37: =SUM(OTD32:OTD36) -> 0 | OTE37: TOTAL COSTOS DIRECTOS | OTL37: =SUM(OTL32:OTL36) -> 0 | OTM37: TOTAL COSTOS DIRECTOS | OTT37: =SUM(OTT32:OTT36) -> 0 | OTU37: TOTAL COSTOS DIRECTOS | OUB37: =SUM(OUB32:OUB36) -> 0 | OUC37: TOTAL COSTOS DIRECTOS | OUJ37: =SUM(OUJ32:OUJ36) -> 0 | OUK37: TOTAL COSTOS DIRECTOS | OUR37: =SUM(OUR32:OUR36) -> 0 | OUS37: TOTAL COSTOS DIRECTOS | OUZ37: =SUM(OUZ32:OUZ36) -> 0 | OVA37: TOTAL COSTOS DIRECTOS | OVH37: =SUM(OVH32:OVH36) -> 0 | OVI37: TOTAL COSTOS DIRECTOS | OVP37: =SUM(OVP32:OVP36) -> 0 | OVQ37: TOTAL COSTOS DIRECTOS | OVX37: =SUM(OVX32:OVX36) -> 0 | OVY37: TOTAL COSTOS DIRECTOS | OWF37: =SUM(OWF32:OWF36) -> 0 | OWG37: TOTAL COSTOS DIRECTOS | OWN37: =SUM(OWN32:OWN36) -> 0 | OWO37: TOTAL COSTOS DIRECTOS | OWV37: =SUM(OWV32:OWV36) -> 0 | OWW37: TOTAL COSTOS DIRECTOS | OXD37: =SUM(OXD32:OXD36) -> 0 | OXE37: TOTAL COSTOS DIRECTOS | OXL37: =SUM(OXL32:OXL36) -> 0 | OXM37: TOTAL COSTOS DIRECTOS | OXT37: =SUM(OXT32:OXT36) -> 0 | OXU37: TOTAL COSTOS DIRECTOS | OYB37: =SUM(OYB32:OYB36) -> 0 | OYC37: TOTAL COSTOS DIRECTOS | OYJ37: =SUM(OYJ32:OYJ36) -> 0 | OYK37: TOTAL COSTOS DIRECTOS | OYR37: =SUM(OYR32:OYR36) -> 0 | OYS37: TOTAL COSTOS DIRECTOS | OYZ37: =SUM(OYZ32:OYZ36) -> 0 | OZA37: TOTAL COSTOS DIRECTOS | OZH37: =SUM(OZH32:OZH36) -> 0 | OZI37: TOTAL COSTOS DIRECTOS | OZP37: =SUM(OZP32:OZP36) -> 0 | OZQ37: TOTAL COSTOS DIRECTOS | OZX37: =SUM(OZX32:OZX36) -> 0 | OZY37: TOTAL COSTOS DIRECTOS | PAF37: =SUM(PAF32:PAF36) -> 0 | PAG37: TOTAL COSTOS DIRECTOS | PAN37: =SUM(PAN32:PAN36) -> 0 | PAO37: TOTAL COSTOS DIRECTOS | PAV37: =SUM(PAV32:PAV36) -> 0 | PAW37: TOTAL COSTOS DIRECTOS | PBD37: =SUM(PBD32:PBD36) -> 0 | PBE37: TOTAL COSTOS DIRECTOS | PBL37: =SUM(PBL32:PBL36) -> 0 | PBM37: TOTAL COSTOS DIRECTOS | PBT37: =SUM(PBT32:PBT36) -> 0 | PBU37: TOTAL COSTOS DIRECTOS | PCB37: =SUM(PCB32:PCB36) -> 0 | PCC37: TOTAL COSTOS DIRECTOS | PCJ37: =SUM(PCJ32:PCJ36) -> 0 | PCK37: TOTAL COSTOS DIRECTOS | PCR37: =SUM(PCR32:PCR36) -> 0 | PCS37: TOTAL COSTOS DIRECTOS | PCZ37: =SUM(PCZ32:PCZ36) -> 0 | PDA37: TOTAL COSTOS DIRECTOS | PDH37: =SUM(PDH32:PDH36) -> 0 | PDI37: TOTAL COSTOS DIRECTOS | PDP37: =SUM(PDP32:PDP36) -> 0 | PDQ37: TOTAL COSTOS DIRECTOS | PDX37: =SUM(PDX32:PDX36) -> 0 | PDY37: TOTAL COSTOS DIRECTOS | PEF37: =SUM(PEF32:PEF36) -> 0 | PEG37: TOTAL COSTOS DIRECTOS | PEN37: =SUM(PEN32:PEN36) -> 0 | PEO37: TOTAL COSTOS DIRECTOS | PEV37: =SUM(PEV32:PEV36) -> 0 | PEW37: TOTAL COSTOS DIRECTOS | PFD37: =SUM(PFD32:PFD36) -> 0 | PFE37: TOTAL COSTOS DIRECTOS | PFL37: =SUM(PFL32:PFL36) -> 0 | PFM37: TOTAL COSTOS DIRECTOS | PFT37: =SUM(PFT32:PFT36) -> 0 | PFU37: TOTAL COSTOS DIRECTOS | PGB37: =SUM(PGB32:PGB36) -> 0 | PGC37: TOTAL COSTOS DIRECTOS | PGJ37: =SUM(PGJ32:PGJ36) -> 0 | PGK37: TOTAL COSTOS DIRECTOS | PGR37: =SUM(PGR32:PGR36) -> 0 | PGS37: TOTAL COSTOS DIRECTOS | PGZ37: =SUM(PGZ32:PGZ36) -> 0 | PHA37: TOTAL COSTOS DIRECTOS | PHH37: =SUM(PHH32:PHH36) -> 0 | PHI37: TOTAL COSTOS DIRECTOS | PHP37: =SUM(PHP32:PHP36) -> 0 | PHQ37: TOTAL COSTOS DIRECTOS | PHX37: =SUM(PHX32:PHX36) -> 0 | PHY37: TOTAL COSTOS DIRECTOS | PIF37: =SUM(PIF32:PIF36) -> 0 | PIG37: TOTAL COSTOS DIRECTOS | PIN37: =SUM(PIN32:PIN36) -> 0 | PIO37: TOTAL COSTOS DIRECTOS | PIV37: =SUM(PIV32:PIV36) -> 0 | PIW37: TOTAL COSTOS DIRECTOS | PJD37: =SUM(PJD32:PJD36) -> 0 | PJE37: TOTAL COSTOS DIRECTOS | PJL37: =SUM(PJL32:PJL36) -> 0 | PJM37: TOTAL COSTOS DIRECTOS | PJT37: =SUM(PJT32:PJT36) -> 0 | PJU37: TOTAL COSTOS DIRECTOS | PKB37: =SUM(PKB32:PKB36) -> 0 | PKC37: TOTAL COSTOS DIRECTOS | PKJ37: =SUM(PKJ32:PKJ36) -> 0 | PKK37: TOTAL COSTOS DIRECTOS | PKR37: =SUM(PKR32:PKR36) -> 0 | PKS37: TOTAL COSTOS DIRECTOS | PKZ37: =SUM(PKZ32:PKZ36) -> 0 | PLA37: TOTAL COSTOS DIRECTOS | PLH37: =SUM(PLH32:PLH36) -> 0 | PLI37: TOTAL COSTOS DIRECTOS | PLP37: =SUM(PLP32:PLP36) -> 0 | PLQ37: TOTAL COSTOS DIRECTOS | PLX37: =SUM(PLX32:PLX36) -> 0 | PLY37: TOTAL COSTOS DIRECTOS | PMF37: =SUM(PMF32:PMF36) -> 0 | PMG37: TOTAL COSTOS DIRECTOS | PMN37: =SUM(PMN32:PMN36) -> 0 | PMO37: TOTAL COSTOS DIRECTOS | PMV37: =SUM(PMV32:PMV36) -> 0 | PMW37: TOTAL COSTOS DIRECTOS | PND37: =SUM(PND32:PND36) -> 0 | PNE37: TOTAL COSTOS DIRECTOS | PNL37: =SUM(PNL32:PNL36) -> 0 | PNM37: TOTAL COSTOS DIRECTOS | PNT37: =SUM(PNT32:PNT36) -> 0 | PNU37: TOTAL COSTOS DIRECTOS | POB37: =SUM(POB32:POB36) -> 0 | POC37: TOTAL COSTOS DIRECTOS | POJ37: =SUM(POJ32:POJ36) -> 0 | POK37: TOTAL COSTOS DIRECTOS | POR37: =SUM(POR32:POR36) -> 0 | POS37: TOTAL COSTOS DIRECTOS | POZ37: =SUM(POZ32:POZ36) -> 0 | PPA37: TOTAL COSTOS DIRECTOS | PPH37: =SUM(PPH32:PPH36) -> 0 | PPI37: TOTAL COSTOS DIRECTOS | PPP37: =SUM(PPP32:PPP36) -> 0 | PPQ37: TOTAL COSTOS DIRECTOS | PPX37: =SUM(PPX32:PPX36) -> 0 | PPY37: TOTAL COSTOS DIRECTOS | PQF37: =SUM(PQF32:PQF36) -> 0 | PQG37: TOTAL COSTOS DIRECTOS | PQN37: =SUM(PQN32:PQN36) -> 0 | PQO37: TOTAL COSTOS DIRECTOS | PQV37: =SUM(PQV32:PQV36) -> 0 | PQW37: TOTAL COSTOS DIRECTOS | PRD37: =SUM(PRD32:PRD36) -> 0 | PRE37: TOTAL COSTOS DIRECTOS | PRL37: =SUM(PRL32:PRL36) -> 0 | PRM37: TOTAL COSTOS DIRECTOS | PRT37: =SUM(PRT32:PRT36) -> 0 | PRU37: TOTAL COSTOS DIRECTOS | PSB37: =SUM(PSB32:PSB36) -> 0 | PSC37: TOTAL COSTOS DIRECTOS | PSJ37: =SUM(PSJ32:PSJ36) -> 0 | PSK37: TOTAL COSTOS DIRECTOS | PSR37: =SUM(PSR32:PSR36) -> 0 | PSS37: TOTAL COSTOS DIRECTOS | PSZ37: =SUM(PSZ32:PSZ36) -> 0 | PTA37: TOTAL COSTOS DIRECTOS | PTH37: =SUM(PTH32:PTH36) -> 0 | PTI37: TOTAL COSTOS DIRECTOS | PTP37: =SUM(PTP32:PTP36) -> 0 | PTQ37: TOTAL COSTOS DIRECTOS | PTX37: =SUM(PTX32:PTX36) -> 0 | PTY37: TOTAL COSTOS DIRECTOS | PUF37: =SUM(PUF32:PUF36) -> 0 | PUG37: TOTAL COSTOS DIRECTOS | PUN37: =SUM(PUN32:PUN36) -> 0 | PUO37: TOTAL COSTOS DIRECTOS | PUV37: =SUM(PUV32:PUV36) -> 0 | PUW37: TOTAL COSTOS DIRECTOS | PVD37: =SUM(PVD32:PVD36) -> 0 | PVE37: TOTAL COSTOS DIRECTOS | PVL37: =SUM(PVL32:PVL36) -> 0 | PVM37: TOTAL COSTOS DIRECTOS | PVT37: =SUM(PVT32:PVT36) -> 0 | PVU37: TOTAL COSTOS DIRECTOS | PWB37: =SUM(PWB32:PWB36) -> 0 | PWC37: TOTAL COSTOS DIRECTOS | PWJ37: =SUM(PWJ32:PWJ36) -> 0 | PWK37: TOTAL COSTOS DIRECTOS | PWR37: =SUM(PWR32:PWR36) -> 0 | PWS37: TOTAL COSTOS DIRECTOS | PWZ37: =SUM(PWZ32:PWZ36) -> 0 | PXA37: TOTAL COSTOS DIRECTOS | PXH37: =SUM(PXH32:PXH36) -> 0 | PXI37: TOTAL COSTOS DIRECTOS | PXP37: =SUM(PXP32:PXP36) -> 0 | PXQ37: TOTAL COSTOS DIRECTOS | PXX37: =SUM(PXX32:PXX36) -> 0 | PXY37: TOTAL COSTOS DIRECTOS | PYF37: =SUM(PYF32:PYF36) -> 0 | PYG37: TOTAL COSTOS DIRECTOS | PYN37: =SUM(PYN32:PYN36) -> 0 | PYO37: TOTAL COSTOS DIRECTOS | PYV37: =SUM(PYV32:PYV36) -> 0 | PYW37: TOTAL COSTOS DIRECTOS | PZD37: =SUM(PZD32:PZD36) -> 0 | PZE37: TOTAL COSTOS DIRECTOS | PZL37: =SUM(PZL32:PZL36) -> 0 | PZM37: TOTAL COSTOS DIRECTOS | PZT37: =SUM(PZT32:PZT36) -> 0 | PZU37: TOTAL COSTOS DIRECTOS | QAB37: =SUM(QAB32:QAB36) -> 0 | QAC37: TOTAL COSTOS DIRECTOS | QAJ37: =SUM(QAJ32:QAJ36) -> 0 | QAK37: TOTAL COSTOS DIRECTOS | QAR37: =SUM(QAR32:QAR36) -> 0 | QAS37: TOTAL COSTOS DIRECTOS | QAZ37: =SUM(QAZ32:QAZ36) -> 0 | QBA37: TOTAL COSTOS DIRECTOS | QBH37: =SUM(QBH32:QBH36) -> 0 | QBI37: TOTAL COSTOS DIRECTOS | QBP37: =SUM(QBP32:QBP36) -> 0 | QBQ37: TOTAL COSTOS DIRECTOS | QBX37: =SUM(QBX32:QBX36) -> 0 | QBY37: TOTAL COSTOS DIRECTOS | QCF37: =SUM(QCF32:QCF36) -> 0 | QCG37: TOTAL COSTOS DIRECTOS | QCN37: =SUM(QCN32:QCN36) -> 0 | QCO37: TOTAL COSTOS DIRECTOS | QCV37: =SUM(QCV32:QCV36) -> 0 | QCW37: TOTAL COSTOS DIRECTOS | QDD37: =SUM(QDD32:QDD36) -> 0 | QDE37: TOTAL COSTOS DIRECTOS | QDL37: =SUM(QDL32:QDL36) -> 0 | QDM37: TOTAL COSTOS DIRECTOS | QDT37: =SUM(QDT32:QDT36) -> 0 | QDU37: TOTAL COSTOS DIRECTOS | QEB37: =SUM(QEB32:QEB36) -> 0 | QEC37: TOTAL COSTOS DIRECTOS | QEJ37: =SUM(QEJ32:QEJ36) -> 0 | QEK37: TOTAL COSTOS DIRECTOS | QER37: =SUM(QER32:QER36) -> 0 | QES37: TOTAL COSTOS DIRECTOS | QEZ37: =SUM(QEZ32:QEZ36) -> 0 | QFA37: TOTAL COSTOS DIRECTOS | QFH37: =SUM(QFH32:QFH36) -> 0 | QFI37: TOTAL COSTOS DIRECTOS | QFP37: =SUM(QFP32:QFP36) -> 0 | QFQ37: TOTAL COSTOS DIRECTOS | QFX37: =SUM(QFX32:QFX36) -> 0 | QFY37: TOTAL COSTOS DIRECTOS | QGF37: =SUM(QGF32:QGF36) -> 0 | QGG37: TOTAL COSTOS DIRECTOS | QGN37: =SUM(QGN32:QGN36) -> 0 | QGO37: TOTAL COSTOS DIRECTOS | QGV37: =SUM(QGV32:QGV36) -> 0 | QGW37: TOTAL COSTOS DIRECTOS | QHD37: =SUM(QHD32:QHD36) -> 0 | QHE37: TOTAL COSTOS DIRECTOS | QHL37: =SUM(QHL32:QHL36) -> 0 | QHM37: TOTAL COSTOS DIRECTOS | QHT37: =SUM(QHT32:QHT36) -> 0 | QHU37: TOTAL COSTOS DIRECTOS | QIB37: =SUM(QIB32:QIB36) -> 0 | QIC37: TOTAL COSTOS DIRECTOS | QIJ37: =SUM(QIJ32:QIJ36) -> 0 | QIK37: TOTAL COSTOS DIRECTOS | QIR37: =SUM(QIR32:QIR36) -> 0 | QIS37: TOTAL COSTOS DIRECTOS | QIZ37: =SUM(QIZ32:QIZ36) -> 0 | QJA37: TOTAL COSTOS DIRECTOS | QJH37: =SUM(QJH32:QJH36) -> 0 | QJI37: TOTAL COSTOS DIRECTOS | QJP37: =SUM(QJP32:QJP36) -> 0 | QJQ37: TOTAL COSTOS DIRECTOS | QJX37: =SUM(QJX32:QJX36) -> 0 | QJY37: TOTAL COSTOS DIRECTOS | QKF37: =SUM(QKF32:QKF36) -> 0 | QKG37: TOTAL COSTOS DIRECTOS | QKN37: =SUM(QKN32:QKN36) -> 0 | QKO37: TOTAL COSTOS DIRECTOS | QKV37: =SUM(QKV32:QKV36) -> 0 | QKW37: TOTAL COSTOS DIRECTOS | QLD37: =SUM(QLD32:QLD36) -> 0 | QLE37: TOTAL COSTOS DIRECTOS | QLL37: =SUM(QLL32:QLL36) -> 0 | QLM37: TOTAL COSTOS DIRECTOS | QLT37: =SUM(QLT32:QLT36) -> 0 | QLU37: TOTAL COSTOS DIRECTOS | QMB37: =SUM(QMB32:QMB36) -> 0 | QMC37: TOTAL COSTOS DIRECTOS | QMJ37: =SUM(QMJ32:QMJ36) -> 0 | QMK37: TOTAL COSTOS DIRECTOS | QMR37: =SUM(QMR32:QMR36) -> 0 | QMS37: TOTAL COSTOS DIRECTOS | QMZ37: =SUM(QMZ32:QMZ36) -> 0 | QNA37: TOTAL COSTOS DIRECTOS | QNH37: =SUM(QNH32:QNH36) -> 0 | QNI37: TOTAL COSTOS DIRECTOS | QNP37: =SUM(QNP32:QNP36) -> 0 | QNQ37: TOTAL COSTOS DIRECTOS | QNX37: =SUM(QNX32:QNX36) -> 0 | QNY37: TOTAL COSTOS DIRECTOS | QOF37: =SUM(QOF32:QOF36) -> 0 | QOG37: TOTAL COSTOS DIRECTOS | QON37: =SUM(QON32:QON36) -> 0 | QOO37: TOTAL COSTOS DIRECTOS | QOV37: =SUM(QOV32:QOV36) -> 0 | QOW37: TOTAL COSTOS DIRECTOS | QPD37: =SUM(QPD32:QPD36) -> 0 | QPE37: TOTAL COSTOS DIRECTOS | QPL37: =SUM(QPL32:QPL36) -> 0 | QPM37: TOTAL COSTOS DIRECTOS | QPT37: =SUM(QPT32:QPT36) -> 0 | QPU37: TOTAL COSTOS DIRECTOS | QQB37: =SUM(QQB32:QQB36) -> 0 | QQC37: TOTAL COSTOS DIRECTOS | QQJ37: =SUM(QQJ32:QQJ36) -> 0 | QQK37: TOTAL COSTOS DIRECTOS | QQR37: =SUM(QQR32:QQR36) -> 0 | QQS37: TOTAL COSTOS DIRECTOS | QQZ37: =SUM(QQZ32:QQZ36) -> 0 | QRA37: TOTAL COSTOS DIRECTOS | QRH37: =SUM(QRH32:QRH36) -> 0 | QRI37: TOTAL COSTOS DIRECTOS | QRP37: =SUM(QRP32:QRP36) -> 0 | QRQ37: TOTAL COSTOS DIRECTOS | QRX37: =SUM(QRX32:QRX36) -> 0 | QRY37: TOTAL COSTOS DIRECTOS | QSF37: =SUM(QSF32:QSF36) -> 0 | QSG37: TOTAL COSTOS DIRECTOS | QSN37: =SUM(QSN32:QSN36) -> 0 | QSO37: TOTAL COSTOS DIRECTOS | QSV37: =SUM(QSV32:QSV36) -> 0 | QSW37: TOTAL COSTOS DIRECTOS | QTD37: =SUM(QTD32:QTD36) -> 0 | QTE37: TOTAL COSTOS DIRECTOS | QTL37: =SUM(QTL32:QTL36) -> 0 | QTM37: TOTAL COSTOS DIRECTOS | QTT37: =SUM(QTT32:QTT36) -> 0 | QTU37: TOTAL COSTOS DIRECTOS | QUB37: =SUM(QUB32:QUB36) -> 0 | QUC37: TOTAL COSTOS DIRECTOS | QUJ37: =SUM(QUJ32:QUJ36) -> 0 | QUK37: TOTAL COSTOS DIRECTOS | QUR37: =SUM(QUR32:QUR36) -> 0 | QUS37: TOTAL COSTOS DIRECTOS | QUZ37: =SUM(QUZ32:QUZ36) -> 0 | QVA37: TOTAL COSTOS DIRECTOS | QVH37: =SUM(QVH32:QVH36) -> 0 | QVI37: TOTAL COSTOS DIRECTOS | QVP37: =SUM(QVP32:QVP36) -> 0 | QVQ37: TOTAL COSTOS DIRECTOS | QVX37: =SUM(QVX32:QVX36) -> 0 | QVY37: TOTAL COSTOS DIRECTOS | QWF37: =SUM(QWF32:QWF36) -> 0 | QWG37: TOTAL COSTOS DIRECTOS | QWN37: =SUM(QWN32:QWN36) -> 0 | QWO37: TOTAL COSTOS DIRECTOS | QWV37: =SUM(QWV32:QWV36) -> 0 | QWW37: TOTAL COSTOS DIRECTOS | QXD37: =SUM(QXD32:QXD36) -> 0 | QXE37: TOTAL COSTOS DIRECTOS | QXL37: =SUM(QXL32:QXL36) -> 0 | QXM37: TOTAL COSTOS DIRECTOS | QXT37: =SUM(QXT32:QXT36) -> 0 | QXU37: TOTAL COSTOS DIRECTOS | QYB37: =SUM(QYB32:QYB36) -> 0 | QYC37: TOTAL COSTOS DIRECTOS | QYJ37: =SUM(QYJ32:QYJ36) -> 0 | QYK37: TOTAL COSTOS DIRECTOS | QYR37: =SUM(QYR32:QYR36) -> 0 | QYS37: TOTAL COSTOS DIRECTOS | QYZ37: =SUM(QYZ32:QYZ36) -> 0 | QZA37: TOTAL COSTOS DIRECTOS | QZH37: =SUM(QZH32:QZH36) -> 0 | QZI37: TOTAL COSTOS DIRECTOS | QZP37: =SUM(QZP32:QZP36) -> 0 | QZQ37: TOTAL COSTOS DIRECTOS | QZX37: =SUM(QZX32:QZX36) -> 0 | QZY37: TOTAL COSTOS DIRECTOS | RAF37: =SUM(RAF32:RAF36) -> 0 | RAG37: TOTAL COSTOS DIRECTOS | RAN37: =SUM(RAN32:RAN36) -> 0 | RAO37: TOTAL COSTOS DIRECTOS | RAV37: =SUM(RAV32:RAV36) -> 0 | RAW37: TOTAL COSTOS DIRECTOS | RBD37: =SUM(RBD32:RBD36) -> 0 | RBE37: TOTAL COSTOS DIRECTOS | RBL37: =SUM(RBL32:RBL36) -> 0 | RBM37: TOTAL COSTOS DIRECTOS | RBT37: =SUM(RBT32:RBT36) -> 0 | RBU37: TOTAL COSTOS DIRECTOS | RCB37: =SUM(RCB32:RCB36) -> 0 | RCC37: TOTAL COSTOS DIRECTOS | RCJ37: =SUM(RCJ32:RCJ36) -> 0 | RCK37: TOTAL COSTOS DIRECTOS | RCR37: =SUM(RCR32:RCR36) -> 0 | RCS37: TOTAL COSTOS DIRECTOS | RCZ37: =SUM(RCZ32:RCZ36) -> 0 | RDA37: TOTAL COSTOS DIRECTOS | RDH37: =SUM(RDH32:RDH36) -> 0 | RDI37: TOTAL COSTOS DIRECTOS | RDP37: =SUM(RDP32:RDP36) -> 0 | RDQ37: TOTAL COSTOS DIRECTOS | RDX37: =SUM(RDX32:RDX36) -> 0 | RDY37: TOTAL COSTOS DIRECTOS | REF37: =SUM(REF32:REF36) -> 0 | REG37: TOTAL COSTOS DIRECTOS | REN37: =SUM(REN32:REN36) -> 0 | REO37: TOTAL COSTOS DIRECTOS | REV37: =SUM(REV32:REV36) -> 0 | REW37: TOTAL COSTOS DIRECTOS | RFD37: =SUM(RFD32:RFD36) -> 0 | RFE37: TOTAL COSTOS DIRECTOS | RFL37: =SUM(RFL32:RFL36) -> 0 | RFM37: TOTAL COSTOS DIRECTOS | RFT37: =SUM(RFT32:RFT36) -> 0 | RFU37: TOTAL COSTOS DIRECTOS | RGB37: =SUM(RGB32:RGB36) -> 0 | RGC37: TOTAL COSTOS DIRECTOS | RGJ37: =SUM(RGJ32:RGJ36) -> 0 | RGK37: TOTAL COSTOS DIRECTOS | RGR37: =SUM(RGR32:RGR36) -> 0 | RGS37: TOTAL COSTOS DIRECTOS | RGZ37: =SUM(RGZ32:RGZ36) -> 0 | RHA37: TOTAL COSTOS DIRECTOS | RHH37: =SUM(RHH32:RHH36) -> 0 | RHI37: TOTAL COSTOS DIRECTOS | RHP37: =SUM(RHP32:RHP36) -> 0 | RHQ37: TOTAL COSTOS DIRECTOS | RHX37: =SUM(RHX32:RHX36) -> 0 | RHY37: TOTAL COSTOS DIRECTOS | RIF37: =SUM(RIF32:RIF36) -> 0 | RIG37: TOTAL COSTOS DIRECTOS | RIN37: =SUM(RIN32:RIN36) -> 0 | RIO37: TOTAL COSTOS DIRECTOS | RIV37: =SUM(RIV32:RIV36) -> 0 | RIW37: TOTAL COSTOS DIRECTOS | RJD37: =SUM(RJD32:RJD36) -> 0 | RJE37: TOTAL COSTOS DIRECTOS | RJL37: =SUM(RJL32:RJL36) -> 0 | RJM37: TOTAL COSTOS DIRECTOS | RJT37: =SUM(RJT32:RJT36) -> 0 | RJU37: TOTAL COSTOS DIRECTOS | RKB37: =SUM(RKB32:RKB36) -> 0 | RKC37: TOTAL COSTOS DIRECTOS | RKJ37: =SUM(RKJ32:RKJ36) -> 0 | RKK37: TOTAL COSTOS DIRECTOS | RKR37: =SUM(RKR32:RKR36) -> 0 | RKS37: TOTAL COSTOS DIRECTOS | RKZ37: =SUM(RKZ32:RKZ36) -> 0 | RLA37: TOTAL COSTOS DIRECTOS | RLH37: =SUM(RLH32:RLH36) -> 0 | RLI37: TOTAL COSTOS DIRECTOS | RLP37: =SUM(RLP32:RLP36) -> 0 | RLQ37: TOTAL COSTOS DIRECTOS | RLX37: =SUM(RLX32:RLX36) -> 0 | RLY37: TOTAL COSTOS DIRECTOS | RMF37: =SUM(RMF32:RMF36) -> 0 | RMG37: TOTAL COSTOS DIRECTOS | RMN37: =SUM(RMN32:RMN36) -> 0 | RMO37: TOTAL COSTOS DIRECTOS | RMV37: =SUM(RMV32:RMV36) -> 0 | RMW37: TOTAL COSTOS DIRECTOS | RND37: =SUM(RND32:RND36) -> 0 | RNE37: TOTAL COSTOS DIRECTOS | RNL37: =SUM(RNL32:RNL36) -> 0 | RNM37: TOTAL COSTOS DIRECTOS | RNT37: =SUM(RNT32:RNT36) -> 0 | RNU37: TOTAL COSTOS DIRECTOS | ROB37: =SUM(ROB32:ROB36) -> 0 | ROC37: TOTAL COSTOS DIRECTOS | ROJ37: =SUM(ROJ32:ROJ36) -> 0 | ROK37: TOTAL COSTOS DIRECTOS | ROR37: =SUM(ROR32:ROR36) -> 0 | ROS37: TOTAL COSTOS DIRECTOS | ROZ37: =SUM(ROZ32:ROZ36) -> 0 | RPA37: TOTAL COSTOS DIRECTOS | RPH37: =SUM(RPH32:RPH36) -> 0 | RPI37: TOTAL COSTOS DIRECTOS | RPP37: =SUM(RPP32:RPP36) -> 0 | RPQ37: TOTAL COSTOS DIRECTOS | RPX37: =SUM(RPX32:RPX36) -> 0 | RPY37: TOTAL COSTOS DIRECTOS | RQF37: =SUM(RQF32:RQF36) -> 0 | RQG37: TOTAL COSTOS DIRECTOS | RQN37: =SUM(RQN32:RQN36) -> 0 | RQO37: TOTAL COSTOS DIRECTOS | RQV37: =SUM(RQV32:RQV36) -> 0 | RQW37: TOTAL COSTOS DIRECTOS | RRD37: =SUM(RRD32:RRD36) -> 0 | RRE37: TOTAL COSTOS DIRECTOS | RRL37: =SUM(RRL32:RRL36) -> 0 | RRM37: TOTAL COSTOS DIRECTOS | RRT37: =SUM(RRT32:RRT36) -> 0 | RRU37: TOTAL COSTOS DIRECTOS | RSB37: =SUM(RSB32:RSB36) -> 0 | RSC37: TOTAL COSTOS DIRECTOS | RSJ37: =SUM(RSJ32:RSJ36) -> 0 | RSK37: TOTAL COSTOS DIRECTOS | RSR37: =SUM(RSR32:RSR36) -> 0 | RSS37: TOTAL COSTOS DIRECTOS | RSZ37: =SUM(RSZ32:RSZ36) -> 0 | RTA37: TOTAL COSTOS DIRECTOS | RTH37: =SUM(RTH32:RTH36) -> 0 | RTI37: TOTAL COSTOS DIRECTOS | RTP37: =SUM(RTP32:RTP36) -> 0 | RTQ37: TOTAL COSTOS DIRECTOS | RTX37: =SUM(RTX32:RTX36) -> 0 | RTY37: TOTAL COSTOS DIRECTOS | RUF37: =SUM(RUF32:RUF36) -> 0 | RUG37: TOTAL COSTOS DIRECTOS | RUN37: =SUM(RUN32:RUN36) -> 0 | RUO37: TOTAL COSTOS DIRECTOS | RUV37: =SUM(RUV32:RUV36) -> 0 | RUW37: TOTAL COSTOS DIRECTOS | RVD37: =SUM(RVD32:RVD36) -> 0 | RVE37: TOTAL COSTOS DIRECTOS | RVL37: =SUM(RVL32:RVL36) -> 0 | RVM37: TOTAL COSTOS DIRECTOS | RVT37: =SUM(RVT32:RVT36) -> 0 | RVU37: TOTAL COSTOS DIRECTOS | RWB37: =SUM(RWB32:RWB36) -> 0 | RWC37: TOTAL COSTOS DIRECTOS | RWJ37: =SUM(RWJ32:RWJ36) -> 0 | RWK37: TOTAL COSTOS DIRECTOS | RWR37: =SUM(RWR32:RWR36) -> 0 | RWS37: TOTAL COSTOS DIRECTOS | RWZ37: =SUM(RWZ32:RWZ36) -> 0 | RXA37: TOTAL COSTOS DIRECTOS | RXH37: =SUM(RXH32:RXH36) -> 0 | RXI37: TOTAL COSTOS DIRECTOS | RXP37: =SUM(RXP32:RXP36) -> 0 | RXQ37: TOTAL COSTOS DIRECTOS | RXX37: =SUM(RXX32:RXX36) -> 0 | RXY37: TOTAL COSTOS DIRECTOS | RYF37: =SUM(RYF32:RYF36) -> 0 | RYG37: TOTAL COSTOS DIRECTOS | RYN37: =SUM(RYN32:RYN36) -> 0 | RYO37: TOTAL COSTOS DIRECTOS | RYV37: =SUM(RYV32:RYV36) -> 0 | RYW37: TOTAL COSTOS DIRECTOS | RZD37: =SUM(RZD32:RZD36) -> 0 | RZE37: TOTAL COSTOS DIRECTOS | RZL37: =SUM(RZL32:RZL36) -> 0 | RZM37: TOTAL COSTOS DIRECTOS | RZT37: =SUM(RZT32:RZT36) -> 0 | RZU37: TOTAL COSTOS DIRECTOS | SAB37: =SUM(SAB32:SAB36) -> 0 | SAC37: TOTAL COSTOS DIRECTOS | SAJ37: =SUM(SAJ32:SAJ36) -> 0 | SAK37: TOTAL COSTOS DIRECTOS | SAR37: =SUM(SAR32:SAR36) -> 0 | SAS37: TOTAL COSTOS DIRECTOS | SAZ37: =SUM(SAZ32:SAZ36) -> 0 | SBA37: TOTAL COSTOS DIRECTOS | SBH37: =SUM(SBH32:SBH36) -> 0 | SBI37: TOTAL COSTOS DIRECTOS | SBP37: =SUM(SBP32:SBP36) -> 0 | SBQ37: TOTAL COSTOS DIRECTOS | SBX37: =SUM(SBX32:SBX36) -> 0 | SBY37: TOTAL COSTOS DIRECTOS | SCF37: =SUM(SCF32:SCF36) -> 0 | SCG37: TOTAL COSTOS DIRECTOS | SCN37: =SUM(SCN32:SCN36) -> 0 | SCO37: TOTAL COSTOS DIRECTOS | SCV37: =SUM(SCV32:SCV36) -> 0 | SCW37: TOTAL COSTOS DIRECTOS | SDD37: =SUM(SDD32:SDD36) -> 0 | SDE37: TOTAL COSTOS DIRECTOS | SDL37: =SUM(SDL32:SDL36) -> 0 | SDM37: TOTAL COSTOS DIRECTOS | SDT37: =SUM(SDT32:SDT36) -> 0 | SDU37: TOTAL COSTOS DIRECTOS | SEB37: =SUM(SEB32:SEB36) -> 0 | SEC37: TOTAL COSTOS DIRECTOS | SEJ37: =SUM(SEJ32:SEJ36) -> 0 | SEK37: TOTAL COSTOS DIRECTOS | SER37: =SUM(SER32:SER36) -> 0 | SES37: TOTAL COSTOS DIRECTOS | SEZ37: =SUM(SEZ32:SEZ36) -> 0 | SFA37: TOTAL COSTOS DIRECTOS | SFH37: =SUM(SFH32:SFH36) -> 0 | SFI37: TOTAL COSTOS DIRECTOS | SFP37: =SUM(SFP32:SFP36) -> 0 | SFQ37: TOTAL COSTOS DIRECTOS | SFX37: =SUM(SFX32:SFX36) -> 0 | SFY37: TOTAL COSTOS DIRECTOS | SGF37: =SUM(SGF32:SGF36) -> 0 | SGG37: TOTAL COSTOS DIRECTOS | SGN37: =SUM(SGN32:SGN36) -> 0 | SGO37: TOTAL COSTOS DIRECTOS | SGV37: =SUM(SGV32:SGV36) -> 0 | SGW37: TOTAL COSTOS DIRECTOS | SHD37: =SUM(SHD32:SHD36) -> 0 | SHE37: TOTAL COSTOS DIRECTOS | SHL37: =SUM(SHL32:SHL36) -> 0 | SHM37: TOTAL COSTOS DIRECTOS | SHT37: =SUM(SHT32:SHT36) -> 0 | SHU37: TOTAL COSTOS DIRECTOS | SIB37: =SUM(SIB32:SIB36) -> 0 | SIC37: TOTAL COSTOS DIRECTOS | SIJ37: =SUM(SIJ32:SIJ36) -> 0 | SIK37: TOTAL COSTOS DIRECTOS | SIR37: =SUM(SIR32:SIR36) -> 0 | SIS37: TOTAL COSTOS DIRECTOS | SIZ37: =SUM(SIZ32:SIZ36) -> 0 | SJA37: TOTAL COSTOS DIRECTOS | SJH37: =SUM(SJH32:SJH36) -> 0 | SJI37: TOTAL COSTOS DIRECTOS | SJP37: =SUM(SJP32:SJP36) -> 0 | SJQ37: TOTAL COSTOS DIRECTOS | SJX37: =SUM(SJX32:SJX36) -> 0 | SJY37: TOTAL COSTOS DIRECTOS | SKF37: =SUM(SKF32:SKF36) -> 0 | SKG37: TOTAL COSTOS DIRECTOS | SKN37: =SUM(SKN32:SKN36) -> 0 | SKO37: TOTAL COSTOS DIRECTOS | SKV37: =SUM(SKV32:SKV36) -> 0 | SKW37: TOTAL COSTOS DIRECTOS | SLD37: =SUM(SLD32:SLD36) -> 0 | SLE37: TOTAL COSTOS DIRECTOS | SLL37: =SUM(SLL32:SLL36) -> 0 | SLM37: TOTAL COSTOS DIRECTOS | SLT37: =SUM(SLT32:SLT36) -> 0 | SLU37: TOTAL COSTOS DIRECTOS | SMB37: =SUM(SMB32:SMB36) -> 0 | SMC37: TOTAL COSTOS DIRECTOS | SMJ37: =SUM(SMJ32:SMJ36) -> 0 | SMK37: TOTAL COSTOS DIRECTOS | SMR37: =SUM(SMR32:SMR36) -> 0 | SMS37: TOTAL COSTOS DIRECTOS | SMZ37: =SUM(SMZ32:SMZ36) -> 0 | SNA37: TOTAL COSTOS DIRECTOS | SNH37: =SUM(SNH32:SNH36) -> 0 | SNI37: TOTAL COSTOS DIRECTOS | SNP37: =SUM(SNP32:SNP36) -> 0 | SNQ37: TOTAL COSTOS DIRECTOS | SNX37: =SUM(SNX32:SNX36) -> 0 | SNY37: TOTAL COSTOS DIRECTOS | SOF37: =SUM(SOF32:SOF36) -> 0 | SOG37: TOTAL COSTOS DIRECTOS | SON37: =SUM(SON32:SON36) -> 0 | SOO37: TOTAL COSTOS DIRECTOS | SOV37: =SUM(SOV32:SOV36) -> 0 | SOW37: TOTAL COSTOS DIRECTOS | SPD37: =SUM(SPD32:SPD36) -> 0 | SPE37: TOTAL COSTOS DIRECTOS | SPL37: =SUM(SPL32:SPL36) -> 0 | SPM37: TOTAL COSTOS DIRECTOS | SPT37: =SUM(SPT32:SPT36) -> 0 | SPU37: TOTAL COSTOS DIRECTOS | SQB37: =SUM(SQB32:SQB36) -> 0 | SQC37: TOTAL COSTOS DIRECTOS | SQJ37: =SUM(SQJ32:SQJ36) -> 0 | SQK37: TOTAL COSTOS DIRECTOS | SQR37: =SUM(SQR32:SQR36) -> 0 | SQS37: TOTAL COSTOS DIRECTOS | SQZ37: =SUM(SQZ32:SQZ36) -> 0 | SRA37: TOTAL COSTOS DIRECTOS | SRH37: =SUM(SRH32:SRH36) -> 0 | SRI37: TOTAL COSTOS DIRECTOS | SRP37: =SUM(SRP32:SRP36) -> 0 | SRQ37: TOTAL COSTOS DIRECTOS | SRX37: =SUM(SRX32:SRX36) -> 0 | SRY37: TOTAL COSTOS DIRECTOS | SSF37: =SUM(SSF32:SSF36) -> 0 | SSG37: TOTAL COSTOS DIRECTOS | SSN37: =SUM(SSN32:SSN36) -> 0 | SSO37: TOTAL COSTOS DIRECTOS | SSV37: =SUM(SSV32:SSV36) -> 0 | SSW37: TOTAL COSTOS DIRECTOS | STD37: =SUM(STD32:STD36) -> 0 | STE37: TOTAL COSTOS DIRECTOS | STL37: =SUM(STL32:STL36) -> 0 | STM37: TOTAL COSTOS DIRECTOS | STT37: =SUM(STT32:STT36) -> 0 | STU37: TOTAL COSTOS DIRECTOS | SUB37: =SUM(SUB32:SUB36) -> 0 | SUC37: TOTAL COSTOS DIRECTOS | SUJ37: =SUM(SUJ32:SUJ36) -> 0 | SUK37: TOTAL COSTOS DIRECTOS | SUR37: =SUM(SUR32:SUR36) -> 0 | SUS37: TOTAL COSTOS DIRECTOS | SUZ37: =SUM(SUZ32:SUZ36) -> 0 | SVA37: TOTAL COSTOS DIRECTOS | SVH37: =SUM(SVH32:SVH36) -> 0 | SVI37: TOTAL COSTOS DIRECTOS | SVP37: =SUM(SVP32:SVP36) -> 0 | SVQ37: TOTAL COSTOS DIRECTOS | SVX37: =SUM(SVX32:SVX36) -> 0 | SVY37: TOTAL COSTOS DIRECTOS | SWF37: =SUM(SWF32:SWF36) -> 0 | SWG37: TOTAL COSTOS DIRECTOS | SWN37: =SUM(SWN32:SWN36) -> 0 | SWO37: TOTAL COSTOS DIRECTOS | SWV37: =SUM(SWV32:SWV36) -> 0 | SWW37: TOTAL COSTOS DIRECTOS | SXD37: =SUM(SXD32:SXD36) -> 0 | SXE37: TOTAL COSTOS DIRECTOS | SXL37: =SUM(SXL32:SXL36) -> 0 | SXM37: TOTAL COSTOS DIRECTOS | SXT37: =SUM(SXT32:SXT36) -> 0 | SXU37: TOTAL COSTOS DIRECTOS | SYB37: =SUM(SYB32:SYB36) -> 0 | SYC37: TOTAL COSTOS DIRECTOS | SYJ37: =SUM(SYJ32:SYJ36) -> 0 | SYK37: TOTAL COSTOS DIRECTOS | SYR37: =SUM(SYR32:SYR36) -> 0 | SYS37: TOTAL COSTOS DIRECTOS | SYZ37: =SUM(SYZ32:SYZ36) -> 0 | SZA37: TOTAL COSTOS DIRECTOS | SZH37: =SUM(SZH32:SZH36) -> 0 | SZI37: TOTAL COSTOS DIRECTOS | SZP37: =SUM(SZP32:SZP36) -> 0 | SZQ37: TOTAL COSTOS DIRECTOS | SZX37: =SUM(SZX32:SZX36) -> 0 | SZY37: TOTAL COSTOS DIRECTOS | TAF37: =SUM(TAF32:TAF36) -> 0 | TAG37: TOTAL COSTOS DIRECTOS | TAN37: =SUM(TAN32:TAN36) -> 0 | TAO37: TOTAL COSTOS DIRECTOS | TAV37: =SUM(TAV32:TAV36) -> 0 | TAW37: TOTAL COSTOS DIRECTOS | TBD37: =SUM(TBD32:TBD36) -> 0 | TBE37: TOTAL COSTOS DIRECTOS | TBL37: =SUM(TBL32:TBL36) -> 0 | TBM37: TOTAL COSTOS DIRECTOS | TBT37: =SUM(TBT32:TBT36) -> 0 | TBU37: TOTAL COSTOS DIRECTOS | TCB37: =SUM(TCB32:TCB36) -> 0 | TCC37: TOTAL COSTOS DIRECTOS | TCJ37: =SUM(TCJ32:TCJ36) -> 0 | TCK37: TOTAL COSTOS DIRECTOS | TCR37: =SUM(TCR32:TCR36) -> 0 | TCS37: TOTAL COSTOS DIRECTOS | TCZ37: =SUM(TCZ32:TCZ36) -> 0 | TDA37: TOTAL COSTOS DIRECTOS | TDH37: =SUM(TDH32:TDH36) -> 0 | TDI37: TOTAL COSTOS DIRECTOS | TDP37: =SUM(TDP32:TDP36) -> 0 | TDQ37: TOTAL COSTOS DIRECTOS | TDX37: =SUM(TDX32:TDX36) -> 0 | TDY37: TOTAL COSTOS DIRECTOS | TEF37: =SUM(TEF32:TEF36) -> 0 | TEG37: TOTAL COSTOS DIRECTOS | TEN37: =SUM(TEN32:TEN36) -> 0 | TEO37: TOTAL COSTOS DIRECTOS | TEV37: =SUM(TEV32:TEV36) -> 0 | TEW37: TOTAL COSTOS DIRECTOS | TFD37: =SUM(TFD32:TFD36) -> 0 | TFE37: TOTAL COSTOS DIRECTOS | TFL37: =SUM(TFL32:TFL36) -> 0 | TFM37: TOTAL COSTOS DIRECTOS | TFT37: =SUM(TFT32:TFT36) -> 0 | TFU37: TOTAL COSTOS DIRECTOS | TGB37: =SUM(TGB32:TGB36) -> 0 | TGC37: TOTAL COSTOS DIRECTOS | TGJ37: =SUM(TGJ32:TGJ36) -> 0 | TGK37: TOTAL COSTOS DIRECTOS | TGR37: =SUM(TGR32:TGR36) -> 0 | TGS37: TOTAL COSTOS DIRECTOS | TGZ37: =SUM(TGZ32:TGZ36) -> 0 | THA37: TOTAL COSTOS DIRECTOS | THH37: =SUM(THH32:THH36) -> 0 | THI37: TOTAL COSTOS DIRECTOS | THP37: =SUM(THP32:THP36) -> 0 | THQ37: TOTAL COSTOS DIRECTOS | THX37: =SUM(THX32:THX36) -> 0 | THY37: TOTAL COSTOS DIRECTOS | TIF37: =SUM(TIF32:TIF36) -> 0 | TIG37: TOTAL COSTOS DIRECTOS | TIN37: =SUM(TIN32:TIN36) -> 0 | TIO37: TOTAL COSTOS DIRECTOS | TIV37: =SUM(TIV32:TIV36) -> 0 | TIW37: TOTAL COSTOS DIRECTOS | TJD37: =SUM(TJD32:TJD36) -> 0 | TJE37: TOTAL COSTOS DIRECTOS | TJL37: =SUM(TJL32:TJL36) -> 0 | TJM37: TOTAL COSTOS DIRECTOS | TJT37: =SUM(TJT32:TJT36) -> 0 | TJU37: TOTAL COSTOS DIRECTOS | TKB37: =SUM(TKB32:TKB36) -> 0 | TKC37: TOTAL COSTOS DIRECTOS | TKJ37: =SUM(TKJ32:TKJ36) -> 0 | TKK37: TOTAL COSTOS DIRECTOS | TKR37: =SUM(TKR32:TKR36) -> 0 | TKS37: TOTAL COSTOS DIRECTOS | TKZ37: =SUM(TKZ32:TKZ36) -> 0 | TLA37: TOTAL COSTOS DIRECTOS | TLH37: =SUM(TLH32:TLH36) -> 0 | TLI37: TOTAL COSTOS DIRECTOS | TLP37: =SUM(TLP32:TLP36) -> 0 | TLQ37: TOTAL COSTOS DIRECTOS | TLX37: =SUM(TLX32:TLX36) -> 0 | TLY37: TOTAL COSTOS DIRECTOS | TMF37: =SUM(TMF32:TMF36) -> 0 | TMG37: TOTAL COSTOS DIRECTOS | TMN37: =SUM(TMN32:TMN36) -> 0 | TMO37: TOTAL COSTOS DIRECTOS | TMV37: =SUM(TMV32:TMV36) -> 0 | TMW37: TOTAL COSTOS DIRECTOS | TND37: =SUM(TND32:TND36) -> 0 | TNE37: TOTAL COSTOS DIRECTOS | TNL37: =SUM(TNL32:TNL36) -> 0 | TNM37: TOTAL COSTOS DIRECTOS | TNT37: =SUM(TNT32:TNT36) -> 0 | TNU37: TOTAL COSTOS DIRECTOS | TOB37: =SUM(TOB32:TOB36) -> 0 | TOC37: TOTAL COSTOS DIRECTOS | TOJ37: =SUM(TOJ32:TOJ36) -> 0 | TOK37: TOTAL COSTOS DIRECTOS | TOR37: =SUM(TOR32:TOR36) -> 0 | TOS37: TOTAL COSTOS DIRECTOS | TOZ37: =SUM(TOZ32:TOZ36) -> 0 | TPA37: TOTAL COSTOS DIRECTOS | TPH37: =SUM(TPH32:TPH36) -> 0 | TPI37: TOTAL COSTOS DIRECTOS | TPP37: =SUM(TPP32:TPP36) -> 0 | TPQ37: TOTAL COSTOS DIRECTOS | TPX37: =SUM(TPX32:TPX36) -> 0 | TPY37: TOTAL COSTOS DIRECTOS | TQF37: =SUM(TQF32:TQF36) -> 0 | TQG37: TOTAL COSTOS DIRECTOS | TQN37: =SUM(TQN32:TQN36) -> 0 | TQO37: TOTAL COSTOS DIRECTOS | TQV37: =SUM(TQV32:TQV36) -> 0 | TQW37: TOTAL COSTOS DIRECTOS | TRD37: =SUM(TRD32:TRD36) -> 0 | TRE37: TOTAL COSTOS DIRECTOS | TRL37: =SUM(TRL32:TRL36) -> 0 | TRM37: TOTAL COSTOS DIRECTOS | TRT37: =SUM(TRT32:TRT36) -> 0 | TRU37: TOTAL COSTOS DIRECTOS | TSB37: =SUM(TSB32:TSB36) -> 0 | TSC37: TOTAL COSTOS DIRECTOS | TSJ37: =SUM(TSJ32:TSJ36) -> 0 | TSK37: TOTAL COSTOS DIRECTOS | TSR37: =SUM(TSR32:TSR36) -> 0 | TSS37: TOTAL COSTOS DIRECTOS | TSZ37: =SUM(TSZ32:TSZ36) -> 0 | TTA37: TOTAL COSTOS DIRECTOS | TTH37: =SUM(TTH32:TTH36) -> 0 | TTI37: TOTAL COSTOS DIRECTOS | TTP37: =SUM(TTP32:TTP36) -> 0 | TTQ37: TOTAL COSTOS DIRECTOS | TTX37: =SUM(TTX32:TTX36) -> 0 | TTY37: TOTAL COSTOS DIRECTOS | TUF37: =SUM(TUF32:TUF36) -> 0 | TUG37: TOTAL COSTOS DIRECTOS | TUN37: =SUM(TUN32:TUN36) -> 0 | TUO37: TOTAL COSTOS DIRECTOS | TUV37: =SUM(TUV32:TUV36) -> 0 | TUW37: TOTAL COSTOS DIRECTOS | TVD37: =SUM(TVD32:TVD36) -> 0 | TVE37: TOTAL COSTOS DIRECTOS | TVL37: =SUM(TVL32:TVL36) -> 0 | TVM37: TOTAL COSTOS DIRECTOS | TVT37: =SUM(TVT32:TVT36) -> 0 | TVU37: TOTAL COSTOS DIRECTOS | TWB37: =SUM(TWB32:TWB36) -> 0 | TWC37: TOTAL COSTOS DIRECTOS | TWJ37: =SUM(TWJ32:TWJ36) -> 0 | TWK37: TOTAL COSTOS DIRECTOS | TWR37: =SUM(TWR32:TWR36) -> 0 | TWS37: TOTAL COSTOS DIRECTOS | TWZ37: =SUM(TWZ32:TWZ36) -> 0 | TXA37: TOTAL COSTOS DIRECTOS | TXH37: =SUM(TXH32:TXH36) -> 0 | TXI37: TOTAL COSTOS DIRECTOS | TXP37: =SUM(TXP32:TXP36) -> 0 | TXQ37: TOTAL COSTOS DIRECTOS | TXX37: =SUM(TXX32:TXX36) -> 0 | TXY37: TOTAL COSTOS DIRECTOS | TYF37: =SUM(TYF32:TYF36) -> 0 | TYG37: TOTAL COSTOS DIRECTOS | TYN37: =SUM(TYN32:TYN36) -> 0 | TYO37: TOTAL COSTOS DIRECTOS | TYV37: =SUM(TYV32:TYV36) -> 0 | TYW37: TOTAL COSTOS DIRECTOS | TZD37: =SUM(TZD32:TZD36) -> 0 | TZE37: TOTAL COSTOS DIRECTOS | TZL37: =SUM(TZL32:TZL36) -> 0 | TZM37: TOTAL COSTOS DIRECTOS | TZT37: =SUM(TZT32:TZT36) -> 0 | TZU37: TOTAL COSTOS DIRECTOS | UAB37: =SUM(UAB32:UAB36) -> 0 | UAC37: TOTAL COSTOS DIRECTOS | UAJ37: =SUM(UAJ32:UAJ36) -> 0 | UAK37: TOTAL COSTOS DIRECTOS | UAR37: =SUM(UAR32:UAR36) -> 0 | UAS37: TOTAL COSTOS DIRECTOS | UAZ37: =SUM(UAZ32:UAZ36) -> 0 | UBA37: TOTAL COSTOS DIRECTOS | UBH37: =SUM(UBH32:UBH36) -> 0 | UBI37: TOTAL COSTOS DIRECTOS | UBP37: =SUM(UBP32:UBP36) -> 0 | UBQ37: TOTAL COSTOS DIRECTOS | UBX37: =SUM(UBX32:UBX36) -> 0 | UBY37: TOTAL COSTOS DIRECTOS | UCF37: =SUM(UCF32:UCF36) -> 0 | UCG37: TOTAL COSTOS DIRECTOS | UCN37: =SUM(UCN32:UCN36) -> 0 | UCO37: TOTAL COSTOS DIRECTOS | UCV37: =SUM(UCV32:UCV36) -> 0 | UCW37: TOTAL COSTOS DIRECTOS | UDD37: =SUM(UDD32:UDD36) -> 0 | UDE37: TOTAL COSTOS DIRECTOS | UDL37: =SUM(UDL32:UDL36) -> 0 | UDM37: TOTAL COSTOS DIRECTOS | UDT37: =SUM(UDT32:UDT36) -> 0 | UDU37: TOTAL COSTOS DIRECTOS | UEB37: =SUM(UEB32:UEB36) -> 0 | UEC37: TOTAL COSTOS DIRECTOS | UEJ37: =SUM(UEJ32:UEJ36) -> 0 | UEK37: TOTAL COSTOS DIRECTOS | UER37: =SUM(UER32:UER36) -> 0 | UES37: TOTAL COSTOS DIRECTOS | UEZ37: =SUM(UEZ32:UEZ36) -> 0 | UFA37: TOTAL COSTOS DIRECTOS | UFH37: =SUM(UFH32:UFH36) -> 0 | UFI37: TOTAL COSTOS DIRECTOS | UFP37: =SUM(UFP32:UFP36) -> 0 | UFQ37: TOTAL COSTOS DIRECTOS | UFX37: =SUM(UFX32:UFX36) -> 0 | UFY37: TOTAL COSTOS DIRECTOS | UGF37: =SUM(UGF32:UGF36) -> 0 | UGG37: TOTAL COSTOS DIRECTOS | UGN37: =SUM(UGN32:UGN36) -> 0 | UGO37: TOTAL COSTOS DIRECTOS | UGV37: =SUM(UGV32:UGV36) -> 0 | UGW37: TOTAL COSTOS DIRECTOS | UHD37: =SUM(UHD32:UHD36) -> 0 | UHE37: TOTAL COSTOS DIRECTOS | UHL37: =SUM(UHL32:UHL36) -> 0 | UHM37: TOTAL COSTOS DIRECTOS | UHT37: =SUM(UHT32:UHT36) -> 0 | UHU37: TOTAL COSTOS DIRECTOS | UIB37: =SUM(UIB32:UIB36) -> 0 | UIC37: TOTAL COSTOS DIRECTOS | UIJ37: =SUM(UIJ32:UIJ36) -> 0 | UIK37: TOTAL COSTOS DIRECTOS | UIR37: =SUM(UIR32:UIR36) -> 0 | UIS37: TOTAL COSTOS DIRECTOS | UIZ37: =SUM(UIZ32:UIZ36) -> 0 | UJA37: TOTAL COSTOS DIRECTOS | UJH37: =SUM(UJH32:UJH36) -> 0 | UJI37: TOTAL COSTOS DIRECTOS | UJP37: =SUM(UJP32:UJP36) -> 0 | UJQ37: TOTAL COSTOS DIRECTOS | UJX37: =SUM(UJX32:UJX36) -> 0 | UJY37: TOTAL COSTOS DIRECTOS | UKF37: =SUM(UKF32:UKF36) -> 0 | UKG37: TOTAL COSTOS DIRECTOS | UKN37: =SUM(UKN32:UKN36) -> 0 | UKO37: TOTAL COSTOS DIRECTOS | UKV37: =SUM(UKV32:UKV36) -> 0 | UKW37: TOTAL COSTOS DIRECTOS | ULD37: =SUM(ULD32:ULD36) -> 0 | ULE37: TOTAL COSTOS DIRECTOS | ULL37: =SUM(ULL32:ULL36) -> 0 | ULM37: TOTAL COSTOS DIRECTOS | ULT37: =SUM(ULT32:ULT36) -> 0 | ULU37: TOTAL COSTOS DIRECTOS | UMB37: =SUM(UMB32:UMB36) -> 0 | UMC37: TOTAL COSTOS DIRECTOS | UMJ37: =SUM(UMJ32:UMJ36) -> 0 | UMK37: TOTAL COSTOS DIRECTOS | UMR37: =SUM(UMR32:UMR36) -> 0 | UMS37: TOTAL COSTOS DIRECTOS | UMZ37: =SUM(UMZ32:UMZ36) -> 0 | UNA37: TOTAL COSTOS DIRECTOS | UNH37: =SUM(UNH32:UNH36) -> 0 | UNI37: TOTAL COSTOS DIRECTOS | UNP37: =SUM(UNP32:UNP36) -> 0 | UNQ37: TOTAL COSTOS DIRECTOS | UNX37: =SUM(UNX32:UNX36) -> 0 | UNY37: TOTAL COSTOS DIRECTOS | UOF37: =SUM(UOF32:UOF36) -> 0 | UOG37: TOTAL COSTOS DIRECTOS | UON37: =SUM(UON32:UON36) -> 0 | UOO37: TOTAL COSTOS DIRECTOS | UOV37: =SUM(UOV32:UOV36) -> 0 | UOW37: TOTAL COSTOS DIRECTOS | UPD37: =SUM(UPD32:UPD36) -> 0 | UPE37: TOTAL COSTOS DIRECTOS | UPL37: =SUM(UPL32:UPL36) -> 0 | UPM37: TOTAL COSTOS DIRECTOS | UPT37: =SUM(UPT32:UPT36) -> 0 | UPU37: TOTAL COSTOS DIRECTOS | UQB37: =SUM(UQB32:UQB36) -> 0 | UQC37: TOTAL COSTOS DIRECTOS | UQJ37: =SUM(UQJ32:UQJ36) -> 0 | UQK37: TOTAL COSTOS DIRECTOS | UQR37: =SUM(UQR32:UQR36) -> 0 | UQS37: TOTAL COSTOS DIRECTOS | UQZ37: =SUM(UQZ32:UQZ36) -> 0 | URA37: TOTAL COSTOS DIRECTOS | URH37: =SUM(URH32:URH36) -> 0 | URI37: TOTAL COSTOS DIRECTOS | URP37: =SUM(URP32:URP36) -> 0 | URQ37: TOTAL COSTOS DIRECTOS | URX37: =SUM(URX32:URX36) -> 0 | URY37: TOTAL COSTOS DIRECTOS | USF37: =SUM(USF32:USF36) -> 0 | USG37: TOTAL COSTOS DIRECTOS | USN37: =SUM(USN32:USN36) -> 0 | USO37: TOTAL COSTOS DIRECTOS | USV37: =SUM(USV32:USV36) -> 0 | USW37: TOTAL COSTOS DIRECTOS | UTD37: =SUM(UTD32:UTD36) -> 0 | UTE37: TOTAL COSTOS DIRECTOS | UTL37: =SUM(UTL32:UTL36) -> 0 | UTM37: TOTAL COSTOS DIRECTOS | UTT37: =SUM(UTT32:UTT36) -> 0 | UTU37: TOTAL COSTOS DIRECTOS | UUB37: =SUM(UUB32:UUB36) -> 0 | UUC37: TOTAL COSTOS DIRECTOS | UUJ37: =SUM(UUJ32:UUJ36) -> 0 | UUK37: TOTAL COSTOS DIRECTOS | UUR37: =SUM(UUR32:UUR36) -> 0 | UUS37: TOTAL COSTOS DIRECTOS | UUZ37: =SUM(UUZ32:UUZ36) -> 0 | UVA37: TOTAL COSTOS DIRECTOS | UVH37: =SUM(UVH32:UVH36) -> 0 | UVI37: TOTAL COSTOS DIRECTOS | UVP37: =SUM(UVP32:UVP36) -> 0 | UVQ37: TOTAL COSTOS DIRECTOS | UVX37: =SUM(UVX32:UVX36) -> 0 | UVY37: TOTAL COSTOS DIRECTOS | UWF37: =SUM(UWF32:UWF36) -> 0 | UWG37: TOTAL COSTOS DIRECTOS | UWN37: =SUM(UWN32:UWN36) -> 0 | UWO37: TOTAL COSTOS DIRECTOS | UWV37: =SUM(UWV32:UWV36) -> 0 | UWW37: TOTAL COSTOS DIRECTOS | UXD37: =SUM(UXD32:UXD36) -> 0 | UXE37: TOTAL COSTOS DIRECTOS | UXL37: =SUM(UXL32:UXL36) -> 0 | UXM37: TOTAL COSTOS DIRECTOS | UXT37: =SUM(UXT32:UXT36) -> 0 | UXU37: TOTAL COSTOS DIRECTOS | UYB37: =SUM(UYB32:UYB36) -> 0 | UYC37: TOTAL COSTOS DIRECTOS | UYJ37: =SUM(UYJ32:UYJ36) -> 0 | UYK37: TOTAL COSTOS DIRECTOS | UYR37: =SUM(UYR32:UYR36) -> 0 | UYS37: TOTAL COSTOS DIRECTOS | UYZ37: =SUM(UYZ32:UYZ36) -> 0 | UZA37: TOTAL COSTOS DIRECTOS | UZH37: =SUM(UZH32:UZH36) -> 0 | UZI37: TOTAL COSTOS DIRECTOS | UZP37: =SUM(UZP32:UZP36) -> 0 | UZQ37: TOTAL COSTOS DIRECTOS | UZX37: =SUM(UZX32:UZX36) -> 0 | UZY37: TOTAL COSTOS DIRECTOS | VAF37: =SUM(VAF32:VAF36) -> 0 | VAG37: TOTAL COSTOS DIRECTOS | VAN37: =SUM(VAN32:VAN36) -> 0 | VAO37: TOTAL COSTOS DIRECTOS | VAV37: =SUM(VAV32:VAV36) -> 0 | VAW37: TOTAL COSTOS DIRECTOS | VBD37: =SUM(VBD32:VBD36) -> 0 | VBE37: TOTAL COSTOS DIRECTOS | VBL37: =SUM(VBL32:VBL36) -> 0 | VBM37: TOTAL COSTOS DIRECTOS | VBT37: =SUM(VBT32:VBT36) -> 0 | VBU37: TOTAL COSTOS DIRECTOS | VCB37: =SUM(VCB32:VCB36) -> 0 | VCC37: TOTAL COSTOS DIRECTOS | VCJ37: =SUM(VCJ32:VCJ36) -> 0 | VCK37: TOTAL COSTOS DIRECTOS | VCR37: =SUM(VCR32:VCR36) -> 0 | VCS37: TOTAL COSTOS DIRECTOS | VCZ37: =SUM(VCZ32:VCZ36) -> 0 | VDA37: TOTAL COSTOS DIRECTOS | VDH37: =SUM(VDH32:VDH36) -> 0 | VDI37: TOTAL COSTOS DIRECTOS | VDP37: =SUM(VDP32:VDP36) -> 0 | VDQ37: TOTAL COSTOS DIRECTOS | VDX37: =SUM(VDX32:VDX36) -> 0 | VDY37: TOTAL COSTOS DIRECTOS | VEF37: =SUM(VEF32:VEF36) -> 0 | VEG37: TOTAL COSTOS DIRECTOS | VEN37: =SUM(VEN32:VEN36) -> 0 | VEO37: TOTAL COSTOS DIRECTOS | VEV37: =SUM(VEV32:VEV36) -> 0 | VEW37: TOTAL COSTOS DIRECTOS | VFD37: =SUM(VFD32:VFD36) -> 0 | VFE37: TOTAL COSTOS DIRECTOS | VFL37: =SUM(VFL32:VFL36) -> 0 | VFM37: TOTAL COSTOS DIRECTOS | VFT37: =SUM(VFT32:VFT36) -> 0 | VFU37: TOTAL COSTOS DIRECTOS | VGB37: =SUM(VGB32:VGB36) -> 0 | VGC37: TOTAL COSTOS DIRECTOS | VGJ37: =SUM(VGJ32:VGJ36) -> 0 | VGK37: TOTAL COSTOS DIRECTOS | VGR37: =SUM(VGR32:VGR36) -> 0 | VGS37: TOTAL COSTOS DIRECTOS | VGZ37: =SUM(VGZ32:VGZ36) -> 0 | VHA37: TOTAL COSTOS DIRECTOS | VHH37: =SUM(VHH32:VHH36) -> 0 | VHI37: TOTAL COSTOS DIRECTOS | VHP37: =SUM(VHP32:VHP36) -> 0 | VHQ37: TOTAL COSTOS DIRECTOS | VHX37: =SUM(VHX32:VHX36) -> 0 | VHY37: TOTAL COSTOS DIRECTOS | VIF37: =SUM(VIF32:VIF36) -> 0 | VIG37: TOTAL COSTOS DIRECTOS | VIN37: =SUM(VIN32:VIN36) -> 0 | VIO37: TOTAL COSTOS DIRECTOS | VIV37: =SUM(VIV32:VIV36) -> 0 | VIW37: TOTAL COSTOS DIRECTOS | VJD37: =SUM(VJD32:VJD36) -> 0 | VJE37: TOTAL COSTOS DIRECTOS | VJL37: =SUM(VJL32:VJL36) -> 0 | VJM37: TOTAL COSTOS DIRECTOS | VJT37: =SUM(VJT32:VJT36) -> 0 | VJU37: TOTAL COSTOS DIRECTOS | VKB37: =SUM(VKB32:VKB36) -> 0 | VKC37: TOTAL COSTOS DIRECTOS | VKJ37: =SUM(VKJ32:VKJ36) -> 0 | VKK37: TOTAL COSTOS DIRECTOS | VKR37: =SUM(VKR32:VKR36) -> 0 | VKS37: TOTAL COSTOS DIRECTOS | VKZ37: =SUM(VKZ32:VKZ36) -> 0 | VLA37: TOTAL COSTOS DIRECTOS | VLH37: =SUM(VLH32:VLH36) -> 0 | VLI37: TOTAL COSTOS DIRECTOS | VLP37: =SUM(VLP32:VLP36) -> 0 | VLQ37: TOTAL COSTOS DIRECTOS | VLX37: =SUM(VLX32:VLX36) -> 0 | VLY37: TOTAL COSTOS DIRECTOS | VMF37: =SUM(VMF32:VMF36) -> 0 | VMG37: TOTAL COSTOS DIRECTOS | VMN37: =SUM(VMN32:VMN36) -> 0 | VMO37: TOTAL COSTOS DIRECTOS | VMV37: =SUM(VMV32:VMV36) -> 0 | VMW37: TOTAL COSTOS DIRECTOS | VND37: =SUM(VND32:VND36) -> 0 | VNE37: TOTAL COSTOS DIRECTOS | VNL37: =SUM(VNL32:VNL36) -> 0 | VNM37: TOTAL COSTOS DIRECTOS | VNT37: =SUM(VNT32:VNT36) -> 0 | VNU37: TOTAL COSTOS DIRECTOS | VOB37: =SUM(VOB32:VOB36) -> 0 | VOC37: TOTAL COSTOS DIRECTOS | VOJ37: =SUM(VOJ32:VOJ36) -> 0 | VOK37: TOTAL COSTOS DIRECTOS | VOR37: =SUM(VOR32:VOR36) -> 0 | VOS37: TOTAL COSTOS DIRECTOS | VOZ37: =SUM(VOZ32:VOZ36) -> 0 | VPA37: TOTAL COSTOS DIRECTOS | VPH37: =SUM(VPH32:VPH36) -> 0 | VPI37: TOTAL COSTOS DIRECTOS | VPP37: =SUM(VPP32:VPP36) -> 0 | VPQ37: TOTAL COSTOS DIRECTOS | VPX37: =SUM(VPX32:VPX36) -> 0 | VPY37: TOTAL COSTOS DIRECTOS | VQF37: =SUM(VQF32:VQF36) -> 0 | VQG37: TOTAL COSTOS DIRECTOS | VQN37: =SUM(VQN32:VQN36) -> 0 | VQO37: TOTAL COSTOS DIRECTOS | VQV37: =SUM(VQV32:VQV36) -> 0 | VQW37: TOTAL COSTOS DIRECTOS | VRD37: =SUM(VRD32:VRD36) -> 0 | VRE37: TOTAL COSTOS DIRECTOS | VRL37: =SUM(VRL32:VRL36) -> 0 | VRM37: TOTAL COSTOS DIRECTOS | VRT37: =SUM(VRT32:VRT36) -> 0 | VRU37: TOTAL COSTOS DIRECTOS | VSB37: =SUM(VSB32:VSB36) -> 0 | VSC37: TOTAL COSTOS DIRECTOS | VSJ37: =SUM(VSJ32:VSJ36) -> 0 | VSK37: TOTAL COSTOS DIRECTOS | VSR37: =SUM(VSR32:VSR36) -> 0 | VSS37: TOTAL COSTOS DIRECTOS | VSZ37: =SUM(VSZ32:VSZ36) -> 0 | VTA37: TOTAL COSTOS DIRECTOS | VTH37: =SUM(VTH32:VTH36) -> 0 | VTI37: TOTAL COSTOS DIRECTOS | VTP37: =SUM(VTP32:VTP36) -> 0 | VTQ37: TOTAL COSTOS DIRECTOS | VTX37: =SUM(VTX32:VTX36) -> 0 | VTY37: TOTAL COSTOS DIRECTOS | VUF37: =SUM(VUF32:VUF36) -> 0 | VUG37: TOTAL COSTOS DIRECTOS | VUN37: =SUM(VUN32:VUN36) -> 0 | VUO37: TOTAL COSTOS DIRECTOS | VUV37: =SUM(VUV32:VUV36) -> 0 | VUW37: TOTAL COSTOS DIRECTOS | VVD37: =SUM(VVD32:VVD36) -> 0 | VVE37: TOTAL COSTOS DIRECTOS | VVL37: =SUM(VVL32:VVL36) -> 0 | VVM37: TOTAL COSTOS DIRECTOS | VVT37: =SUM(VVT32:VVT36) -> 0 | VVU37: TOTAL COSTOS DIRECTOS | VWB37: =SUM(VWB32:VWB36) -> 0 | VWC37: TOTAL COSTOS DIRECTOS | VWJ37: =SUM(VWJ32:VWJ36) -> 0 | VWK37: TOTAL COSTOS DIRECTOS | VWR37: =SUM(VWR32:VWR36) -> 0 | VWS37: TOTAL COSTOS DIRECTOS | VWZ37: =SUM(VWZ32:VWZ36) -> 0 | VXA37: TOTAL COSTOS DIRECTOS | VXH37: =SUM(VXH32:VXH36) -> 0 | VXI37: TOTAL COSTOS DIRECTOS | VXP37: =SUM(VXP32:VXP36) -> 0 | VXQ37: TOTAL COSTOS DIRECTOS | VXX37: =SUM(VXX32:VXX36) -> 0 | VXY37: TOTAL COSTOS DIRECTOS | VYF37: =SUM(VYF32:VYF36) -> 0 | VYG37: TOTAL COSTOS DIRECTOS | VYN37: =SUM(VYN32:VYN36) -> 0 | VYO37: TOTAL COSTOS DIRECTOS | VYV37: =SUM(VYV32:VYV36) -> 0 | VYW37: TOTAL COSTOS DIRECTOS | VZD37: =SUM(VZD32:VZD36) -> 0 | VZE37: TOTAL COSTOS DIRECTOS | VZL37: =SUM(VZL32:VZL36) -> 0 | VZM37: TOTAL COSTOS DIRECTOS | VZT37: =SUM(VZT32:VZT36) -> 0 | VZU37: TOTAL COSTOS DIRECTOS | WAB37: =SUM(WAB32:WAB36) -> 0 | WAC37: TOTAL COSTOS DIRECTOS | WAJ37: =SUM(WAJ32:WAJ36) -> 0 | WAK37: TOTAL COSTOS DIRECTOS | WAR37: =SUM(WAR32:WAR36) -> 0 | WAS37: TOTAL COSTOS DIRECTOS | WAZ37: =SUM(WAZ32:WAZ36) -> 0 | WBA37: TOTAL COSTOS DIRECTOS | WBH37: =SUM(WBH32:WBH36) -> 0 | WBI37: TOTAL COSTOS DIRECTOS | WBP37: =SUM(WBP32:WBP36) -> 0 | WBQ37: TOTAL COSTOS DIRECTOS | WBX37: =SUM(WBX32:WBX36) -> 0 | WBY37: TOTAL COSTOS DIRECTOS | WCF37: =SUM(WCF32:WCF36) -> 0 | WCG37: TOTAL COSTOS DIRECTOS | WCN37: =SUM(WCN32:WCN36) -> 0 | WCO37: TOTAL COSTOS DIRECTOS | WCV37: =SUM(WCV32:WCV36) -> 0 | WCW37: TOTAL COSTOS DIRECTOS | WDD37: =SUM(WDD32:WDD36) -> 0 | WDE37: TOTAL COSTOS DIRECTOS | WDL37: =SUM(WDL32:WDL36) -> 0 | WDM37: TOTAL COSTOS DIRECTOS | WDT37: =SUM(WDT32:WDT36) -> 0 | WDU37: TOTAL COSTOS DIRECTOS | WEB37: =SUM(WEB32:WEB36) -> 0 | WEC37: TOTAL COSTOS DIRECTOS | WEJ37: =SUM(WEJ32:WEJ36) -> 0 | WEK37: TOTAL COSTOS DIRECTOS | WER37: =SUM(WER32:WER36) -> 0 | WES37: TOTAL COSTOS DIRECTOS | WEZ37: =SUM(WEZ32:WEZ36) -> 0 | WFA37: TOTAL COSTOS DIRECTOS | WFH37: =SUM(WFH32:WFH36) -> 0 | WFI37: TOTAL COSTOS DIRECTOS | WFP37: =SUM(WFP32:WFP36) -> 0 | WFQ37: TOTAL COSTOS DIRECTOS | WFX37: =SUM(WFX32:WFX36) -> 0 | WFY37: TOTAL COSTOS DIRECTOS | WGF37: =SUM(WGF32:WGF36) -> 0 | WGG37: TOTAL COSTOS DIRECTOS | WGN37: =SUM(WGN32:WGN36) -> 0 | WGO37: TOTAL COSTOS DIRECTOS | WGV37: =SUM(WGV32:WGV36) -> 0 | WGW37: TOTAL COSTOS DIRECTOS | WHD37: =SUM(WHD32:WHD36) -> 0 | WHE37: TOTAL COSTOS DIRECTOS | WHL37: =SUM(WHL32:WHL36) -> 0 | WHM37: TOTAL COSTOS DIRECTOS | WHT37: =SUM(WHT32:WHT36) -> 0 | WHU37: TOTAL COSTOS DIRECTOS | WIB37: =SUM(WIB32:WIB36) -> 0 | WIC37: TOTAL COSTOS DIRECTOS | WIJ37: =SUM(WIJ32:WIJ36) -> 0 | WIK37: TOTAL COSTOS DIRECTOS | WIR37: =SUM(WIR32:WIR36) -> 0 | WIS37: TOTAL COSTOS DIRECTOS | WIZ37: =SUM(WIZ32:WIZ36) -> 0 | WJA37: TOTAL COSTOS DIRECTOS | WJH37: =SUM(WJH32:WJH36) -> 0 | WJI37: TOTAL COSTOS DIRECTOS | WJP37: =SUM(WJP32:WJP36) -> 0 | WJQ37: TOTAL COSTOS DIRECTOS | WJX37: =SUM(WJX32:WJX36) -> 0 | WJY37: TOTAL COSTOS DIRECTOS | WKF37: =SUM(WKF32:WKF36) -> 0 | WKG37: TOTAL COSTOS DIRECTOS | WKN37: =SUM(WKN32:WKN36) -> 0 | WKO37: TOTAL COSTOS DIRECTOS | WKV37: =SUM(WKV32:WKV36) -> 0 | WKW37: TOTAL COSTOS DIRECTOS | WLD37: =SUM(WLD32:WLD36) -> 0 | WLE37: TOTAL COSTOS DIRECTOS | WLL37: =SUM(WLL32:WLL36) -> 0 | WLM37: TOTAL COSTOS DIRECTOS | WLT37: =SUM(WLT32:WLT36) -> 0 | WLU37: TOTAL COSTOS DIRECTOS | WMB37: =SUM(WMB32:WMB36) -> 0 | WMC37: TOTAL COSTOS DIRECTOS | WMJ37: =SUM(WMJ32:WMJ36) -> 0 | WMK37: TOTAL COSTOS DIRECTOS | WMR37: =SUM(WMR32:WMR36) -> 0 | WMS37: TOTAL COSTOS DIRECTOS | WMZ37: =SUM(WMZ32:WMZ36) -> 0 | WNA37: TOTAL COSTOS DIRECTOS | WNH37: =SUM(WNH32:WNH36) -> 0 | WNI37: TOTAL COSTOS DIRECTOS | WNP37: =SUM(WNP32:WNP36) -> 0 | WNQ37: TOTAL COSTOS DIRECTOS | WNX37: =SUM(WNX32:WNX36) -> 0 | WNY37: TOTAL COSTOS DIRECTOS | WOF37: =SUM(WOF32:WOF36) -> 0 | WOG37: TOTAL COSTOS DIRECTOS | WON37: =SUM(WON32:WON36) -> 0 | WOO37: TOTAL COSTOS DIRECTOS | WOV37: =SUM(WOV32:WOV36) -> 0 | WOW37: TOTAL COSTOS DIRECTOS | WPD37: =SUM(WPD32:WPD36) -> 0 | WPE37: TOTAL COSTOS DIRECTOS | WPL37: =SUM(WPL32:WPL36) -> 0 | WPM37: TOTAL COSTOS DIRECTOS | WPT37: =SUM(WPT32:WPT36) -> 0 | WPU37: TOTAL COSTOS DIRECTOS | WQB37: =SUM(WQB32:WQB36) -> 0 | WQC37: TOTAL COSTOS DIRECTOS | WQJ37: =SUM(WQJ32:WQJ36) -> 0 | WQK37: TOTAL COSTOS DIRECTOS | WQR37: =SUM(WQR32:WQR36) -> 0 | WQS37: TOTAL COSTOS DIRECTOS | WQZ37: =SUM(WQZ32:WQZ36) -> 0 | WRA37: TOTAL COSTOS DIRECTOS | WRH37: =SUM(WRH32:WRH36) -> 0 | WRI37: TOTAL COSTOS DIRECTOS | WRP37: =SUM(WRP32:WRP36) -> 0 | WRQ37: TOTAL COSTOS DIRECTOS | WRX37: =SUM(WRX32:WRX36) -> 0 | WRY37: TOTAL COSTOS DIRECTOS | WSF37: =SUM(WSF32:WSF36) -> 0 | WSG37: TOTAL COSTOS DIRECTOS | WSN37: =SUM(WSN32:WSN36) -> 0 | WSO37: TOTAL COSTOS DIRECTOS | WSV37: =SUM(WSV32:WSV36) -> 0 | WSW37: TOTAL COSTOS DIRECTOS | WTD37: =SUM(WTD32:WTD36) -> 0 | WTE37: TOTAL COSTOS DIRECTOS | WTL37: =SUM(WTL32:WTL36) -> 0 | WTM37: TOTAL COSTOS DIRECTOS | WTT37: =SUM(WTT32:WTT36) -> 0 | WTU37: TOTAL COSTOS DIRECTOS | WUB37: =SUM(WUB32:WUB36) -> 0 | WUC37: TOTAL COSTOS DIRECTOS | WUJ37: =SUM(WUJ32:WUJ36) -> 0 | WUK37: TOTAL COSTOS DIRECTOS | WUR37: =SUM(WUR32:WUR36) -> 0 | WUS37: TOTAL COSTOS DIRECTOS | WUZ37: =SUM(WUZ32:WUZ36) -> 0 | WVA37: TOTAL COSTOS DIRECTOS | WVH37: =SUM(WVH32:WVH36) -> 0 | WVI37: TOTAL COSTOS DIRECTOS | WVP37: =SUM(WVP32:WVP36) -> 0 | WVQ37: TOTAL COSTOS DIRECTOS | WVX37: =SUM(WVX32:WVX36) -> 0 | WVY37: TOTAL COSTOS DIRECTOS | WWF37: =SUM(WWF32:WWF36) -> 0 | WWG37: TOTAL COSTOS DIRECTOS | WWN37: =SUM(WWN32:WWN36) -> 0 | WWO37: TOTAL COSTOS DIRECTOS | WWV37: =SUM(WWV32:WWV36) -> 0 | WWW37: TOTAL COSTOS DIRECTOS | WXD37: =SUM(WXD32:WXD36) -> 0 | WXE37: TOTAL COSTOS DIRECTOS | WXL37: =SUM(WXL32:WXL36) -> 0 | WXM37: TOTAL COSTOS DIRECTOS | WXT37: =SUM(WXT32:WXT36) -> 0 | WXU37: TOTAL COSTOS DIRECTOS | WYB37: =SUM(WYB32:WYB36) -> 0 | WYC37: TOTAL COSTOS DIRECTOS | WYJ37: =SUM(WYJ32:WYJ36) -> 0 | WYK37: TOTAL COSTOS DIRECTOS | WYR37: =SUM(WYR32:WYR36) -> 0 | WYS37: TOTAL COSTOS DIRECTOS | WYZ37: =SUM(WYZ32:WYZ36) -> 0 | WZA37: TOTAL COSTOS DIRECTOS | WZH37: =SUM(WZH32:WZH36) -> 0 | WZI37: TOTAL COSTOS DIRECTOS | WZP37: =SUM(WZP32:WZP36) -> 0 | WZQ37: TOTAL COSTOS DIRECTOS | WZX37: =SUM(WZX32:WZX36) -> 0 | WZY37: TOTAL COSTOS DIRECTOS | XAF37: =SUM(XAF32:XAF36) -> 0 | XAG37: TOTAL COSTOS DIRECTOS | XAN37: =SUM(XAN32:XAN36) -> 0 | XAO37: TOTAL COSTOS DIRECTOS | XAV37: =SUM(XAV32:XAV36) -> 0 | XAW37: TOTAL COSTOS DIRECTOS | XBD37: =SUM(XBD32:XBD36) -> 0 | XBE37: TOTAL COSTOS DIRECTOS | XBL37: =SUM(XBL32:XBL36) -> 0 | XBM37: TOTAL COSTOS DIRECTOS | XBT37: =SUM(XBT32:XBT36) -> 0 | XBU37: TOTAL COSTOS DIRECTOS | XCB37: =SUM(XCB32:XCB36) -> 0 | XCC37: TOTAL COSTOS DIRECTOS | XCJ37: =SUM(XCJ32:XCJ36) -> 0 | XCK37: TOTAL COSTOS DIRECTOS | XCR37: =SUM(XCR32:XCR36) -> 0 | XCS37: TOTAL COSTOS DIRECTOS | XCZ37: =SUM(XCZ32:XCZ36) -> 0 | XDA37: TOTAL COSTOS DIRECTOS | XDH37: =SUM(XDH32:XDH36) -> 0 | XDI37: TOTAL COSTOS DIRECTOS | XDP37: =SUM(XDP32:XDP36) -> 0 | XDQ37: TOTAL COSTOS DIRECTOS | XDX37: =SUM(XDX32:XDX36) -> 0 | XDY37: TOTAL COSTOS DIRECTOS | XEF37: =SUM(XEF32:XEF36) -> 0 | XEG37: TOTAL COSTOS DIRECTOS | XEN37: =SUM(XEN32:XEN36) -> 0 | XEO37: TOTAL COSTOS DIRECTOS | XEV37: =SUM(XEV32:XEV36) -> 0 | XEW37: TOTAL COSTOS DIRECTOS | XFD37: =SUM(XFD32:XFD36) -> 0
A44: GRAN TOTAL | H44: =H37+H40+H43 -> 1.3668067e+08

Sheet APU 1.1
P2: ANALISIS DE PRECIOS UNITARIOS
A5: OBJETO: | I5: "CONSULTORÍA PARA EL MANTENIMIENTO Y MEJORAMIENTO DE LA INFRAESTRUCTURA FÍSICA DE LOS INMUEBLES DE LA RAMA JUDICIAL EN EL CAUCA" | AD5: ENTIDAD | AF5: ='[2]1,1'!AF5:AI5 -> Consejo superior de la judicatura - Popayan | AJ5: CONTRATO N° | AK5: 27 de 2020
AD6: ='[2]1,1'!AD6:AE6 -> SUPERVISION | AF6: ='[2]1,1'!AF6:AI6 -> Consejo superior de la judicatura - Popayan | AJ6: FECHA DE INICIO
AD7: FRENTE | AJ7: FECHA DE TERMINACIÓN
A8: CAPÍTULO | I8: ='PRESUPUESTO Cubierta CALOTO'!B20 -> Cubierta | AD8: SUBCAPITULO | AJ8: ACTA N°
A9: ITEM | I9: ='PRESUPUESTO Cubierta CALOTO'!A21 -> 1.1 | M9: ='PRESUPUESTO Cubierta CALOTO'!B21 -> Desmonte de cubierta y/o elementos componentes incluye trasiego hasta 25 ml a zona de acopio. | AJ9: UNIDAD | AK9: 1
A10: MATERIALES
A11: DESCRIPCIÓN | AD11: UNIDAD | AE11: CANTIDAD | AG11: PRECIO UNITARIO | AI11: VALOR TOTAL | AK11: SUBTOTAL
A12: Varas de soporte para desmonte de cubierta. | AD12: Und | AE12: 0.029803369 | AG12: 11230 | AI12: =AG12*AE12 -> 334.69183
AI13: =AG13*AE13 -> 0
AI14: =AG14*AE14 -> 0 | AO14: 20
AI15: =AG15*AE15 -> 0 | AO15: 20
AI16: =AG16*AE16 -> 0
AI17: =AG17*AE17 -> 0
AI18: =AG18*AE18 -> 0
AI19: =AG19*AE19 -> 0
AI20: =AG20*AE20 -> 0
AI21: =AG21*AE21 -> 0
AI22: =AG22*AE22 -> 0
AI23: =AG23*AE23 -> 0
AI24: =AG24*AE24 -> 0
AI25: =AG25*AE25 -> 0
AI26: =AG26*AE26 -> 0
A27: SUBTOTAL MATERIALES | AK27: =SUM(AI12:AJ26) -> 334.69183 | AO27: 0.1
A28: MANO DE OBRA
A29: TRABAJOR | AD29: Unidad | AE29: RENDIMIENTO | AG29: PRESTACION | AI29: VALOR TOTAL | AK29: SUBTOTAL
A30: HORA CUADRILLA AA ALBAÑILERIA DESMONTE Y BAJADA DE MATERIAL | AD30: Hr | AE30: 0.36432626 | AG30: 20383.24 | AI30: =AG30*AE30 -> 7426.1497
A31: HORA CUADRILLA AA ALBAÑILERIA TRASCIEGO A MAX. 25 ML DE DISTANCIA | AD31: Hr | AE31: 0.1927 | AG31: 20383.24 | AI31: =AG31*AE31 -> 3927.8503
AD32: Hr | AI32: =AG32*AE32 -> 0
A33: SUBTOTAL ,MANO DE OBRA | AK33: =SUM(AI30:AJ32) -> 11354
A34: HERRAMIENTA
A35: DESCRIPCION | AD35: UNIDAD | AE35: CANTIDAD | AG35: PRECIO UNIT | AI35: VALOR TOTAL | AK35: SUBTOTAL
A36: Taladro | AD36: Hr | AE36: 22.935735 | AG36: 7648 | AI36: =AG36/AE36 -> 333.45345
A37: PULIDORA /CORTADORA | AD37: D | AE37: 110 | AG37: 50000 | AI37: =AG37/AE37 -> 454.54545
A38: Herramienta menor | AD38: GL | AE38: 0.42 | AG38: 456 | AI38: =AG38/AE38 -> 1085.7143
A39: Seccion de andamio certificado | AD39: D | AE39: 3.7 | AG39: 25000 | AI39: =AG39/AE39 -> 6756.7568
A40: Planchon ordinario | AD40: MS | AE40: 8 | AG40: 9648 | AI40: =AG40/AE40 -> 1206
A41: Manilas, cuerdas y elementos de descargue en altura. | AD41: D | AE41: 20 | AG41: 23450 | AI41: =AG41/AE41 -> 1172.5
A42: SUBTOTAL , HERRAMIENTAS | AK42: =SUM(AI36:AJ41) -> 11008.97
A43: EQUIPO
A44: DESCRIPCION | AD44: TIPO | AE44: RENDIMIENTO | AG44: TARIFA/HORA | AI44: VALOR TOTAL | AK44: SUBTOTAL
A45: Transporte general de materiales | AD45: Viaje | AE45: 0 | AG45: 0 | AI45: =AG45*AE45 -> 0
A46: SUBTOTAL, EQUIPO | AK46: =+AI45 -> 0
A47: PRECIO TOTAL AJUSTADO | AK47: =+ROUND((AK27+AK33+AK42+AK46), 0) -> 22698

Sheet APU 1.2
P2: ANALISIS DE PRECIOS UNITARIOS
A5: OBJETO: | I5: "CONSULTORÍA PARA EL MANTENIMIENTO Y MEJORAMIENTO DE LA INFRAESTRUCTURA FÍSICA DE LOS INMUEBLES DE LA RAMA JUDICIAL EN EL CAUCA" | AD5: ENTIDAD | AF5: ='[2]1,1'!AF5:AI5 -> Consejo superior de la judicatura - Popayan | AJ5: CONTRATO N° | AK5: 27 de 2020
AD6: ='[2]1,1'!AD6:AE6 -> SUPERVISION | AF6: ='[2]1,1'!AF6:AI6 -> Consejo superior de la judicatura - Popayan | AJ6: FECHA DE INICIO
AD7: FRENTE | AJ7: FECHA DE TERMINACIÓN
A8: CAPÍTULO | I8: ='PRESUPUESTO Cubierta CALOTO'!B20 -> Cubierta | AD8: SUBCAPITULO | AJ8: ACTA N°
A9: ITEM | I9: ='PRESUPUESTO Cubierta CALOTO'!A22 -> 1.2 | M9: ='PRESUPUESTO Cubierta CALOTO'!B22 -> Mantenimiento de estructura en madera existente, incluye desmonte del elemento a reponer, reposicion con el nuevo elemento, instalacion y fijacion del elemento reemplazado. | AJ9: UNIDAD | AK9: 1
A10: MATERIALES
A11: DESCRIPCIÓN | AD11: UNIDAD | AE11: CANTIDAD | AG11: PRECIO UNITARIO | AI11: VALOR TOTAL | AK11: SUBTOTAL
A12: Tira de madera 10x20 | AD12: ML | AE12: 1 | AG12: 14350 | AI12: =AG12*AE12 -> 14350
A13: Puntilla | AD13: LB | AE13: 0.5 | AG13: 4985 | AI13: =AG13*AE13 -> 2492.5
AI14: =AG14*AE14 -> 0 | AO14: 20
AI15: =AG15*AE15 -> 0 | AO15: 20
AI16: =AG16*AE16 -> 0
AI17: =AG17*AE17 -> 0
AI18: =AG18*AE18 -> 0
AI19: =AG19*AE19 -> 0
AI20: =AG20*AE20 -> 0
AI21: =AG21*AE21 -> 0
AI22: =AG22*AE22 -> 0
AI23: =AG23*AE23 -> 0
AI24: =AG24*AE24 -> 0
AI25: =AG25*AE25 -> 0
AI26: =AG26*AE26 -> 0
A27: SUBTOTAL MATERIALES | AK27: =SUM(AI12:AJ26) -> 16842.5 | AO27: 0.1
A28: MANO DE OBRA
A29: TRABAJOR | AD29: Unidad | AE29: RENDIMIENTO | AG29: PRESTACION | AI29: VALOR TOTAL | AK29: SUBTOTAL
A30: OFICIAL CARPINTERIA | AD30: Hr | AE30: 0.1988765 | AG30: 39367 | AI30: =AG30*AE30 -> 7829.1711
AI31: =AG31*AE31 -> 0
AI32: =AG32*AE32 -> 0
A33: SUBTOTAL ,MANO DE OBRA | AK33: =SUM(AI30:AJ32) -> 7829.1711
A34: HERRAMIENTA
A35: DESCRIPCION | AD35: UNIDAD | AE35: CANTIDAD | AG35: PRECIO UNIT | AI35: VALOR TOTAL | AK35: SUBTOTAL
A36: Taladro | AD36: Hr | AE36: 22.935746 | AG36: 7648 | AI36: =AG36/AE36 -> 333.45329
A37: PULIDORA /CORTADORA | AD37: D | AE37: 110 | AG37: 50000 | AI37: =AG37/AE37 -> 454.54545
A38: Herramienta menor | AD38: GL | AE38: 0.42 | AG38: 456 | AI38: =AG38/AE38 -> 1085.7143
A39: Seccion de andamio certificado | AD39: D | AE39: 13 | AG39: 25000 | AI39: =AG39/AE39 -> 1923.0769
A40: Planchon ordinario | AD40: MS | AE40: 12 | AG40: 9648 | AI40: =AG40/AE40 -> 804
A41: Manilas, cuerdas y elementos de descargue en altura. | AD41: D | AE41: 40 | AG41: 23450 | AI41: =AG41/AE41 -> 586.25
A42: SUBTOTAL , HERRAMIENTAS | AK42: =SUM(AI36:AJ41) -> 5187.04
A43: EQUIPO
A44: DESCRIPCION | AD44: TIPO | AE44: RENDIMIENTO | AG44: TARIFA/HORA | AI44: VALOR TOTAL | AK44: SUBTOTAL
A45: Transporte general de materiales | AD45: Viaje | AE45: 0 | AG45: 0 | AI45: =AG45*AE45 -> 0
A46: SUBTOTAL, EQUIPO | AK46: =+AI45 -> 0
A47: PRECIO TOTAL AJUSTADO | AK47: =+ROUND((AK27+AK33+AK42+AK46), 0) -> 29859

Sheet APU 1.3
P2: ANALISIS DE PRECIOS UNITARIOS
A5: OBJETO: | I5: "CONSULTORÍA PARA EL MANTENIMIENTO Y MEJORAMIENTO DE LA INFRAESTRUCTURA FÍSICA DE LOS INMUEBLES DE LA RAMA JUDICIAL EN EL CAUCA" | AD5: ENTIDAD | AF5: ='[2]1,1'!AF5:AI5 -> Consejo superior de la judicatura - Popayan | AJ5: CONTRATO N° | AK5: 27 de 2020
AD6: ='[2]1,1'!AD6:AE6 -> SUPERVISION | AF6: ='[2]1,1'!AF6:AI6 -> Consejo superior de la judicatura - Popayan | AJ6: FECHA DE INICIO
AD7: FRENTE | AJ7: FECHA DE TERMINACIÓN
A8: CAPÍTULO | I8: ='PRESUPUESTO Cubierta CALOTO'!B20 -> Cubierta | AD8: SUBCAPITULO | AJ8: ACTA N°
A9: ITEM | I9: ='PRESUPUESTO Cubierta CALOTO'!A23 -> 1.3 | M9: ='PRESUPUESTO Cubierta CALOTO'!B23 -> Pintura a 4 caras de perfil de madera existente,incluye pintura a recambios de perfiles en madera, incluye lijado, inmunizacion y pintura en esmalte. | AJ9: UNIDAD | AK9: 1
A10: MATERIALES
A11: DESCRIPCIÓN | AD11: UNIDAD | AE11: CANTIDAD | AG11: PRECIO UNITARIO | AI11: VALOR TOTAL | AK11: SUBTOTAL
A12: Pintura de esmalte | AD12: GL | AE12: 0.04 | AG12: 67450 | AI12: =AG12*AE12 -> 2698
A13: Brocha 2" | AD13: UND | AE13: 0.05 | AG13: 5160 | AI13: =AG13*AE13 -> 258
A14: Puntilla | AD14: LB | AE14: 0.02 | AG14: 4985 | AI14: =AG14*AE14 -> 99.7 | AO14: 20
A15: Cinta de enmascarar | AD15: UND | AE15: 0.05 | AG15: 3560 | AI15: =AG15*AE15 -> 178 | AO15: 20
A16: Lija | AD16: HJ | AE16: 0.05 | AG16: 3450 | AI16: =AG16*AE16 -> 172.5
A17: Inmunizante para madera | AD17: GL | AE17: 0.01 | AG17: 26570 | AI17: =AG17*AE17 -> 265.7
AI18: =AG18*AE18 -> 0
AI19: =AG19*AE19 -> 0
AI20: =AG20*AE20 -> 0
AI21: =AG21*AE21 -> 0
AI22: =AG22*AE22 -> 0
AI23: =AG23*AE23 -> 0
AI24: =AG24*AE24 -> 0
AI25: =AG25*AE25 -> 0
AI26: =AG26*AE26 -> 0
A27: SUBTOTAL MATERIALES | AK27: =SUM(AI12:AJ26) -> 3671.9 | AO27: 0.1
A28: MANO DE OBRA
A29: TRABAJOR | AD29: Unidad | AE29: RENDIMIENTO | AG29: PRESTACION | AI29: VALOR TOTAL | AK29: SUBTOTAL
A30: OFICIAL CARPINTERIA | AD30: Hr | AE30: 39367 | AG30: 0.11997227 | AI30: =AG30*AE30 -> 4722.9483
AI31: =AG31*AE31 -> 0
AI32: =AG32*AE32 -> 0
A33: SUBTOTAL ,MANO DE OBRA | AK33: =SUM(AI30:AJ32) -> 4722.9483
A34: HERRAMIENTA
A35: DESCRIPCION | AD35: UNIDAD | AE35: CANTIDAD | AG35: PRECIO UNIT | AI35: VALOR TOTAL | AK35: SUBTOTAL
A36: Herramienta menor | AD36: GL | AE36: 1.5 | AG36: 456 | AI36: =AG36/AE36 -> 304
A37: Seccion de andamio certificado | AD37: D | AE37: 35 | AG37: 25000 | AI37: =AG37/AE37 -> 714.28571
A38: Planchon ordinario | AD38: MS | AE38: 20 | AG38: 9648 | AI38: =AG38/AE38 -> 482.4
AE39: 0 | AG39: 0
AE40: 0 | AG40: 0
AE41: 0 | AG41: 0
A42: SUBTOTAL , HERRAMIENTAS | AK42: =SUM(AI36:AJ41) -> 1500.6857
A43: EQUIPO
A44: DESCRIPCION | AD44: TIPO | AE44: RENDIMIENTO | AG44: TARIFA/HORA | AI44: VALOR TOTAL | AK44: SUBTOTAL
A45: Transporte general de materiales | AD45: Viaje | AE45: 0 | AG45: 0 | AI45: =AG45*AE45 -> 0
A46: SUBTOTAL, EQUIPO | AK46: =+AI45 -> 0
A47: PRECIO TOTAL AJUSTADO | AK47: =+ROUND((AK27+AK33+AK42+AK46), 0) -> 9896

Sheet APU 1.4
P2: ANALISIS DE PRECIOS UNITARIOS
A5: OBJETO: | I5: "CONSULTORÍA PARA EL MANTENIMIENTO Y MEJORAMIENTO DE LA INFRAESTRUCTURA FÍSICA DE LOS INMUEBLES DE LA RAMA JUDICIAL EN EL CAUCA" | AD5: ENTIDAD | AF5: ='[2]1,1'!AF5:AI5 -> Consejo superior de la judicatura - Popayan | AJ5: CONTRATO N° | AK5: 27 de 2020
AD6: ='[2]1,1'!AD6:AE6 -> SUPERVISION | AF6: ='[2]1,1'!AF6:AI6 -> Consejo superior de la judicatura - Popayan | AJ6: FECHA DE INICIO
AD7: FRENTE | AJ7: FECHA DE TERMINACIÓN
A8: CAPÍTULO | I8: ='PRESUPUESTO Cubierta CALOTO'!B20 -> Cubierta | AD8: SUBCAPITULO | AJ8: ACTA N°
A9: ITEM | I9: ='PRESUPUESTO Cubierta CALOTO'!A24 -> 1.4 | M9: ='PRESUPUESTO Cubierta CALOTO'!B24 -> Mantenimiento de la base de cubierta compuesta (multicapa artesanal) y de soporte existente apoyado sobre parales y soportes en madera, incluye el suministro de mortero 1:4, manto y cambio de malla galvanizada de reposicion, | AJ9: UNIDAD | AK9: 1
A10: MATERIALES
A11: DESCRIPCIÓN | AD11: UNIDAD | AE11: CANTIDAD | AG11: PRECIO UNITARIO | AI11: VALOR TOTAL | AK11: SUBTOTAL
A12: Malla galvanizada No. 10 | AD12: M2 | AE12: 1 | AG12: 7150 | AI12: =AG12*AE12 -> 7150
A13: Alambre negro | AD13: KG | AE13: 0.25 | AG13: 3564 | AI13: =AG13*AE13 -> 891
A14: Mortero de pega 1:4 | AD14: M2 | AE14: 1 | AG14: 11450 | AI14: =AG14*AE14 -> 11450 | AO14: 20
A15: Manto adhesivo 0.04mm con foil de aluminio | AD15: M2 | AE15: 1 | AG15: 43630 | AI15: =AG15*AE15 -> 43630 | AO15: 20
AI16: =AG16*AE16 -> 0
AI17: =AG17*AE17 -> 0
AI18: =AG18*AE18 -> 0
AI19: =AG19*AE19 -> 0
AI20: =AG20*AE20 -> 0
AI21: =AG21*AE21 -> 0
AI22: =AG22*AE22 -> 0
AI23: =AG23*AE23 -> 0
AI24: =AG24*AE24 -> 0
AI25: =AG25*AE25 -> 0
AI26: =AG26*AE26 -> 0
A27: SUBTOTAL MATERIALES | AK27: =SUM(AI12:AJ26) -> 63121 | AO27: 0.1
A28: MANO DE OBRA
A29: TRABAJOR | AD29: Unidad | AE29: RENDIMIENTO | AG29: PRESTACION | AI29: VALOR TOTAL | AK29: SUBTOTAL
A30: OFICIAL OBRA CIVIL | AD30: Hr | AE30: 0.29 | AG30: 39367 | AI30: =AG30*AE30 -> 11416.43
A31: OFICIAL IMPERMEABILIZACION | AD31: Hr | AE31: 0.36267268 | AG31: 39367 | AI31: =AG31*AE31 -> 14277.336
A32: OFICIAL | AD32: Hr | AI32: =AG32*AE32 -> 0
A33: SUBTOTAL ,MANO DE OBRA | AK33: =SUM(AI30:AJ32) -> 25693.766
A34: HERRAMIENTA
A35: DESCRIPCION | AD35: UNIDAD | AE35: CANTIDAD | AG35: PRECIO UNIT | AI35: VALOR TOTAL | AK35: SUBTOTAL
A36: Taladro | AD36: Hr | AE36: 22.936006 | AG36: 7648 | AI36: =AG36/AE36 -> 333.44951
A37: PULIDORA /CORTADORA | AD37: D | AE37: 110 | AG37: 50000 | AI37: =AG37/AE37 -> 454.54545
A38: Herramienta menor | AD38: GL | AE38: 0.65 | AG38: 456 | AI38: =AG38/AE38 -> 701.53846
A39: Seccion de andamio certificado | AD39: D | AE39: 23 | AG39: 25000 | AI39: =AG39/AE39 -> 1086.9565
A40: Planchon ordinario | AD40: MS | AE40: 16 | AG40: 9648 | AI40: =AG40/AE40 -> 603
A41: Manilas, cuerdas y elementos de descargue en altura. | AD41: D | AE41: 40 | AG41: 23450 | AI41: =AG41/AE41 -> 586.25
AE42: 0 | AG42: 0
A43: SUBTOTAL , HERRAMIENTAS | AK43: =SUM(AI36:AJ41) -> 3765.74
A44: EQUIPO
A45: DESCRIPCION | AD45: TIPO | AE45: RENDIMIENTO | AG45: TARIFA/HORA | AI45: VALOR TOTAL | AK45: SUBTOTAL
A46: Transporte general de materiales | AD46: Viaje | AE46: 0 | AG46: 0 | AI46: =AG46*AE46 -> 0
A47: SUBTOTAL, EQUIPO | AK47: =+AI46 -> 0
A48: PRECIO TOTAL AJUSTADO | AK48: =+ROUND((AK27+AK33+AK43+AK47), 0) -> 92581

Sheet APU 1.5
P2: ANALISIS DE PRECIOS UNITARIOS
A5: OBJETO: | I5: "CONSULTORÍA PARA EL MANTENIMIENTO Y MEJORAMIENTO DE LA INFRAESTRUCTURA FÍSICA DE LOS INMUEBLES DE LA RAMA JUDICIAL EN EL CAUCA" | AD5: ENTIDAD | AF5: ='[2]1,1'!AF5:AI5 -> Consejo superior de la judicatura - Popayan | AJ5: CONTRATO N° | AK5: 27 de 2020
AD6: ='[2]1,1'!AD6:AE6 -> SUPERVISION | AF6: ='[2]1,1'!AF6:AI6 -> Consejo superior de la judicatura - Popayan | AJ6: FECHA DE INICIO
AD7: FRENTE | AJ7: FECHA DE TERMINACIÓN
A8: CAPÍTULO | I8: ='PRESUPUESTO Cubierta CALOTO'!B20 -> Cubierta | AD8: SUBCAPITULO | AJ8: ACTA N°
A9: ITEM | I9: ='PRESUPUESTO Cubierta CALOTO'!A25 -> 1.5 | M9: ='PRESUPUESTO Cubierta CALOTO'!B25 -> Suministro e instalacion de Canaletas en lamina galvanizada | AJ9: UNIDAD | AK9: 1
A10: MATERIALES
A11: DESCRIPCIÓN | AD11: UNIDAD | AE11: CANTIDAD | AG11: PRECIO UNITARIO | AI11: VALOR TOTAL | AK11: SUBTOTAL
A12: Canal en lamina galvanizada desarrollo ajustable entre 45 y 60 cms Cal. 20 | AD12: ML | AE12: 1 | AG12: 14345 | AI12: =AG12*AE12 -> 14345
A13: Ganchos de sujecion | AD13: UND | AE13: 1.2 | AG13: 3564 | AI13: =AG13*AE13 -> 4276.8
A14: Soldadura estaño | AD14: LB | AE14: 0.1 | AG14: 35600 | AI14: =AG14*AE14 -> 3560 | AO14: 20
AI15: =AG15*AE15 -> 0 | AO15: 20
AI16: =AG16*AE16 -> 0
AI17: =AG17*AE17 -> 0
AI18: =AG18*AE18 -> 0
AI19: =AG19*AE19 -> 0
AI20: =AG20*AE20 -> 0
AI21: =AG21*AE21 -> 0
AI22: =AG22*AE22 -> 0
AI23: =AG23*AE23 -> 0
AI24: =AG24*AE24 -> 0
AI25: =AG25*AE25 -> 0
AI26: =AG26*AE26 -> 0
A27: SUBTOTAL MATERIALES | AK27: =SUM(AI12:AJ26) -> 22181.8 | AO27: 0.1
A28: MANO DE OBRA
A29: TRABAJOR | AD29: Unidad | AE29: RENDIMIENTO | AG29: PRESTACION | AI29: VALOR TOTAL | AK29: SUBTOTAL
A30: OFICIAL OBRA CIVIL | AD30: Hr | AE30: 0.32 | AG30: 39367 | AI30: =AG30*AE30 -> 12597.44
A31: OFICIAL IMPERMEABILIZACION | AD31: Hr | AE31: 0.20210591 | AG31: 39367 | AI31: =AG31*AE31 -> 7956.3035
A32: OFICIAL | AD32: Hr | AI32: =AG32*AE32 -> 0
A33: SUBTOTAL ,MANO DE OBRA | AK33: =SUM(AI30:AJ32) -> 20553.743
A34: HERRAMIENTA
A35: DESCRIPCION | AD35: UNIDAD | AE35: CANTIDAD | AG35: PRECIO UNIT | AI35: VALOR TOTAL | AK35: SUBTOTAL
A36: Taladro | AD36: Hr | AE36: 22.936006 | AG36: 7648 | AI36: =AG36/AE36 -> 333.44951
A37: PULIDORA /CORTADORA | AD37: D | AE37: 110 | AG37: 50000 | AI37: =AG37/AE37 -> 454.54545
A38: Herramienta menor | AD38: GL | AE38: 0.65 | AG38: 456 | AI38: =AG38/AE38 -> 701.53846
A39: Seccion de andamio certificado | AD39: D | AE39: 23 | AG39: 25000 | AI39: =AG39/AE39 -> 1086.9565
A40: Planchon ordinario | AD40: MS | AE40: 16 | AG40: 9648 | AI40: =AG40/AE40 -> 603
A41: Manilas, cuerdas y elementos de descargue en altura. | AD41: D | AE41: 40 | AG41: 23450 | AI41: =AG41/AE41 -> 586.25
AE42: 0 | AG42: 0
A43: SUBTOTAL , HERRAMIENTAS | AK43: =SUM(AI36:AJ41) -> 3765.74 | AM43: 3765.74 | AN43: =AM43-AK43 -> 4.873816e-05
A44: EQUIPO
A45: DESCRIPCION | AD45: TIPO | AE45: RENDIMIENTO | AG45: TARIFA/HORA | AI45: VALOR TOTAL | AK45: SUBTOTAL
A46: Transporte general de materiales | AD46: Viaje | AE46: 0 | AG46: 0 | AI46: =AG46*AE46 -> 0
A47: SUBTOTAL, EQUIPO | AK47: =+AI46 -> 0
A48: PRECIO TOTAL AJUSTADO | AK48: =+ROUND((AK27+AK33+AK43+AK47), 0) -> 46501

Sheet APU 1.6
P2: ANALISIS DE PRECIOS UNITARIOS
A5: OBJETO: | I5: "CONSULTORÍA PARA EL MANTENIMIENTO Y MEJORAMIENTO DE LA INFRAESTRUCTURA FÍSICA DE LOS INMUEBLES DE LA RAMA JUDICIAL EN EL CAUCA" | AD5: ENTIDAD | AF5: ='[2]1,1'!AF5:AI5 -> Consejo superior de la judicatura - Popayan | AJ5: CONTRATO N° | AK5: 27 de 2020
AD6: ='[2]1,1'!AD6:AE6 -> SUPERVISION | AF6: ='[2]1,1'!AF6:AI6 -> Consejo superior de la judicatura - Popayan | AJ6: FECHA DE INICIO
AD7: FRENTE | AJ7: FECHA DE TERMINACIÓN
A8: CAPÍTULO | I8: ='PRESUPUESTO Cubierta CALOTO'!B20 -> Cubierta | AD8: SUBCAPITULO | AJ8: ACTA N°
A9: ITEM | I9: ='PRESUPUESTO Cubierta CALOTO'!A26 -> 1.6 | M9: ='PRESUPUESTO Cubierta CALOTO'!B26 -> Suministro e instalacion de Caballetes en fibrocemento coordinada para cubierta tipo española | AJ9: UNIDAD | AK9: 1
A10: MATERIALES
A11: DESCRIPCIÓN | AD11: UNIDAD | AE11: CANTIDAD | AG11: PRECIO UNITARIO | AI11: VALOR TOTAL | AK11: SUBTOTAL
A12: Caballetes en fibrocemento coordinada para cubierta tipo española | AD12: ML | AE12: 1.1 | AG12: 7603.6731 | AI12: =AG12*AE12 -> 8364.0404
A13: Tornilleria sombrillas de sujecion | AD13: UND | AE13: 12 | AG13: 650 | AI13: =AG13*AE13 -> 7800
AI14: =AG14*AE14 -> 0 | AO14: 20
AI15: =AG15*AE15 -> 0 | AO15: 20
AI16: =AG16*AE16 -> 0
AI17: =AG17*AE17 -> 0
AI18: =AG18*AE18 -> 0
AI19: =AG19*AE19 -> 0
AI20: =AG20*AE20 -> 0
AI21: =AG21*AE21 -> 0
AI22: =AG22*AE22 -> 0
AI23: =AG23*AE23 -> 0
AI24: =AG24*AE24 -> 0
AI25: =AG25*AE25 -> 0
AI26: =AG26*AE26 -> 0
A27: SUBTOTAL MATERIALES | AK27: =SUM(AI12:AJ26) -> 16164.04 | AO27: 0.1
A28: MANO DE OBRA
A29: TRABAJOR | AD29: Unidad | AE29: RENDIMIENTO | AG29: PRESTACION | AI29: VALOR TOTAL | AK29: SUBTOTAL
A30: OFICIAL INSTALACION | AD30: Hr | AE30: 0.35 | AG30: 39367 | AI30: =AG30*AE30 -> 13778.45
AI31: =AG31*AE31 -> 0
AI32: =AG32*AE32 -> 0
A33: SUBTOTAL ,MANO DE OBRA | AK33: =SUM(AI30:AJ32) -> 13778.45
A34: HERRAMIENTA
A35: DESCRIPCION | AD35: UNIDAD | AE35: CANTIDAD | AG35: PRECIO UNIT | AI35: VALOR TOTAL | AK35: SUBTOTAL
A36: Taladro | AD36: Hr | AE36: 22.935328 | AG36: 7648 | AI36: =AG36/AE36 -> 333.45937
A37: PULIDORA /CORTADORA | AD37: D | AE37: 110 | AG37: 50000 | AI37: =AG37/AE37 -> 454.54545
A38: Herramienta menor | AD38: GL | AE38: 0.65 | AG38: 456 | AI38: =AG38/AE38 -> 701.53846
A39: Seccion de andamio certificado | AD39: D | AE39: 24 | AG39: 25000 | AI39: =AG39/AE39 -> 1041.6667
A40: Planchon ordinario | AD40: MS | AE40: 16 | AG40: 9648 | AI40: =AG40/AE40 -> 603
A41: Manilas, cuerdas y elementos de descargue en altura. | AD41: D | AE41: 40 | AG41: 23450 | AI41: =AG41/AE41 -> 586.25
AE42: 0 | AG42: 0
A43: SUBTOTAL , HERRAMIENTAS | AK43: =SUM(AI36:AJ41) -> 3720.46 | AM43: 3765.74 | AN43: =AM43-AK43 -> 45.280049
A44: EQUIPO
A45: DESCRIPCION | AD45: TIPO | AE45: RENDIMIENTO | AG45: TARIFA/HORA | AI45: VALOR TOTAL | AK45: SUBTOTAL
A46: Transporte general de materiales | AD46: Viaje | AE46: 0 | AG46: 0 | AI46: =AG46*AE46 -> 0
A47: SUBTOTAL, EQUIPO | AK47: =+AI46 -> 0
A48: PRECIO TOTAL AJUSTADO | AK48: =+ROUND((AK27+AK33+AK43+AK47), 0) -> 33663

Sheet APU 1.7
P2: ANALISIS DE PRECIOS UNITARIOS
A5: OBJETO: | I5: "CONSULTORÍA PARA EL MANTENIMIENTO Y MEJORAMIENTO DE LA INFRAESTRUCTURA FÍSICA DE LOS INMUEBLES DE LA RAMA JUDICIAL EN EL CAUCA" | AD5: ENTIDAD | AF5: ='[2]1,1'!AF5:AI5 -> Consejo superior de la judicatura - Popayan | AJ5: CONTRATO N° | AK5: 27 de 2020
AD6: ='[2]1,1'!AD6:AE6 -> SUPERVISION | AF6: ='[2]1,1'!AF6:AI6 -> Consejo superior de la judicatura - Popayan | AJ6: FECHA DE INICIO
AD7: FRENTE | AJ7: FECHA DE TERMINACIÓN
A8: CAPÍTULO | I8: ='PRESUPUESTO Cubierta CALOTO'!B20 -> Cubierta | AD8: SUBCAPITULO | AJ8: ACTA N°
A9: ITEM | I9: ='PRESUPUESTO Cubierta CALOTO'!A27 -> 1.7 | M9: ='PRESUPUESTO Cubierta CALOTO'!B27 -> Suministro e instalacion de cubierta tipo española en fibrocemento incluye accesorios de sujecion y fijaccion para anclaje a madera. | AJ9: UNIDAD | AK9: 1
A10: MATERIALES
A11: DESCRIPCIÓN | AD11: UNIDAD | AE11: CANTIDAD | AG11: PRECIO UNITARIO | AI11: VALOR TOTAL | AK11: SUBTOTAL
A12: Cubierta tipo española en fibrocemento | AD12: M2 | AE12: 1.18 | AG12: 44560 | AI12: =AG12*AE12 -> 52580.8
A13: Tornilleria sombrillas de sujecion | AD13: UND | AE13: 6 | AG13: 650 | AI13: =AG13*AE13 -> 3900
A14: Ganchos de sujecion | AD14: UND | AE14: 2 | AG14: 6500 | AI14: =AG14*AE14 -> 13000 | AO14: 20
AI15: =AG15*AE15 -> 0 | AO15: 20
AI16: =AG16*AE16 -> 0
AI17: =AG17*AE17 -> 0
AI18: =AG18*AE18 -> 0
AI19: =AG19*AE19 -> 0
AI20: =AG20*AE20 -> 0
AI21: =AG21*AE21 -> 0
AI22: =AG22*AE22 -> 0
AI23: =AG23*AE23 -> 0
AI24: =AG24*AE24 -> 0
AI25: =AG25*AE25 -> 0
AI26: =AG26*AE26 -> 0
A27: SUBTOTAL MATERIALES | AK27: =SUM(AI12:AJ26) -> 69480.8 | AO27: 0.1
A28: MANO DE OBRA
A29: TRABAJOR | AD29: Unidad | AE29: RENDIMIENTO | AG29: PRESTACION | AI29: VALOR TOTAL | AK29: SUBTOTAL
A30: OFICIAL INSTALACION | AD30: Hr | AE30: 0.26050589 | AG30: 39367 | AI30: =AG30*AE30 -> 10255.335
AI31: =AG31*AE31 -> 0
AI32: =AG32*AE32 -> 0
A33: SUBTOTAL ,MANO DE OBRA | AK33: =SUM(AI30:AJ32) -> 10255.335
A34: HERRAMIENTA
A35: DESCRIPCION | AD35: UNIDAD | AE35: CANTIDAD | AG35: PRECIO UNIT | AI35: VALOR TOTAL | AK35: SUBTOTAL
A36: Taladro | AD36: Hr | AE36: 22.936006 | AG36: 7648 | AI36: =AG36/AE36 -> 333.44951
A37: PULIDORA /CORTADORA | AD37: D | AE37: 110 | AG37: 50000 | AI37: =AG37/AE37 -> 454.54545
A38: Herramienta menor | AD38: GL | AE38: 0.65 | AG38: 456 | AI38: =AG38/AE38 -> 701.53846
A39: Seccion de andamio certificado | AD39: D | AE39: 23 | AG39: 25000 | AI39: =AG39/AE39 -> 1086.9565
A40: Planchon ordinario | AD40: MS | AE40: 16 | AG40: 9648 | AI40: =AG40/AE40 -> 603
A41: Manilas, cuerdas y elementos de descargue en altura. | AD41: D | AE41: 40 | AG41: 23450 | AI41: =AG41/AE41 -> 586.25
AE42: 0 | AG42: 0
A43: SUBTOTAL , HERRAMIENTAS | AK43: =SUM(AI36:AJ41) -> 3765.74 | AM43: 3765.74 | AN43: =AM43-AK43 -> 4.873816e-05
A44: EQUIPO
A45: DESCRIPCION | AD45: TIPO | AE45: RENDIMIENTO | AG45: TARIFA/HORA | AI45: VALOR TOTAL | AK45: SUBTOTAL
A46: Transporte general de materiales | AD46: Viaje | AE46: 0 | AG46: 0 | AI46: =AG46*AE46 -> 0
A47: SUBTOTAL, EQUIPO | AK47: =+AI46 -> 0
A48: PRECIO TOTAL AJUSTADO | AK48: =+ROUND((AK27+AK33+AK43+AK47), 0) -> 83502

Sheet 1,1,1
P2: MEMORIA DE CÁLCULO DE CANTIDADES
A5: OBJETO: | I5: "CONSULTORÍA PARA EL MANTENIMIENTO Y MEJORAMIENTO DE LA INFRAESTRUCTURA FÍSICA DE LOS INMUEBLES DE LA RAMA JUDICIAL EN EL CAUCA" | AD5: ENTIDAD | AF5: Consejo superior de la judicatura - Popayan | AJ5: CONTRATO N° | AK5: 27 DE 2020
AD6: SUPERVISOR | AF6: Consejo superior de la judicatura - Popayan | AJ6: FECHA DE INICIO
AD7: FRENTE | AJ7: FECHA DE TERMINACIÓN
A8: CAPÍTULO | I8: SISTEMA ELÉCTRICO | AD8: SUBCAPITULO | AJ8: ACTA N°
A9: ITEM | I9: ='[3]APU ELÉCTRICOS'!A19 -> 1.1 | M9: CUBIERTA EN MADERA VARA DE EUCALIPTO | AJ9: UNIDAD | AK9: ='[3]APU ELÉCTRICOS'!E19 -> UNIDAD
AD10: DESCRIPCIÓN | AH10: Dimensiones (m) | AK10: No Elem. | AL10: Medida Total
AH11: Ancho | AI11: ALTO | AJ11: Longitud
AD12: Suministro y construcción de sobrecubierta en varas de eucalipto, repisa y teja de fibrocemento de acuerdo al diseño consignado en los planos y memoria de intervención o de propuesta para ser construida, con el fin de facilitar las obras de liberación o adecuación de cubierta. | AH12: 0 | AI12: 4 | AJ12: 8.19 | AK12: 1 | AL12: =AJ12*AI12 -> 32.76
AH13: 0 | AI13: 4.25 | AJ13: 9.56 | AK13: 1 | AL13: =AJ13*AI13 -> 40.63
AL14: =+AK14 -> 0
AL15: =+AK15 -> 0
AL16: =+AK16 -> 0
AL17: =AE17*AI17*AJ17*AK17 -> 0
AL18: =AE18*AI18*AJ18*AK18 -> 0
AL19: =AE19*AI19*AJ19*AK19 -> 0
AL20: =AE20*AI20*AJ20*AK20 -> 0
AL21: =AE21*AI21*AJ21*AK21 -> 0
AL22: =AE22*AI22*AJ22*AK22 -> 0
AL23: =AE23*AI23*AJ23*AK23 -> 0
AL24: =AE24*AI24*AJ24*AK24 -> 0
AL25: =AE25*AI25*AJ25*AK25 -> 0
AL26: =AE26*AI26*AJ26*AK26 -> 0
AL27: =AE27*AI27*AJ27*AK27 -> 0
AL28: =AE28*AI28*AJ28*AK28 -> 0
... AL36: =AE36*AI36*AJ36*AK36 -> 0
A37: OBSERVACIONES: | I37: Volumen 1 | AD37: Subtotal | AL37: =+SUM(AL12:AL36) -> 73.39
AD38: Desperdicio adicional | AL38: 0.15
AD39: TOTAL | AL39: =ROUND(AL37*(1+AL38),2) -> 84.4

Sheet 1,1,2
P2: MEMORIA DE CÁLCULO DE CANTIDADES
A5: OBJETO: | I5: "CONSULTORÍA PARA EL MANTENIMIENTO Y MEJORAMIENTO DE LA INFRAESTRUCTURA FÍSICA DE LOS INMUEBLES DE LA RAMA JUDICIAL EN EL CAUCA" | AD5: ENTIDAD | AF5: ='1,1,1'!AF5:AI5 -> Consejo superior de la judicatura - Popayan | AJ5: CONTRATO N° | AK5: ='1,1,1'!AK5:AL5 -> 27 DE 2020
AD6: ='1,1,1'!AD6:AE6 -> SUPERVISOR | AF6: ='1,1,1'!AF6:AI6 -> Consejo superior de la judicatura - Popayan | AJ6: FECHA DE INICIO
AD7: FRENTE | AJ7: FECHA DE TERMINACIÓN
A8: CAPÍTULO | I8: CU | AD8: SUBCAPITULO | AJ8: ACTA N°
A9: ITEM | I9: 1.1 | M9: CUBIERTA EN MADERA VARA DE EUCALIPTO INCLUYE VIGAS SOLERAS,VIGAS E CUMBRERA, VIGAS TIRANTES. | AJ9: UNIDAD | AK9: ='[3]APU ELÉCTRICOS'!E19 -> UNIDAD
AD10: DESCRIPCIÓN | AH10: Dimensiones (m) | AK10: No Elem. | AL10: Medida Total
AH11: Ancho | AI11: ALTO | AJ11: Longitud
AD12: Suministro y construcción de sobrecubierta en varas de eucalipto, repisa y teja de fibrocemento de acuerdo al diseño consignado en los planos y memoria de intervención o de propuesta para ser construida, con el fin de facilitar las obras de liberación o adecuación de cubierta. | AH12: 0 | AI12: 3.7 | AJ12: 9.625 | AK12: 1 | AL12: =AJ12*AI12 -> 35.6125
AH13: 0 | AI13: 4.254 | AJ13: 9.625 | AK13: 1 | AL13: =AJ13*AI13 -> 40.94475
AL14: =+AK14 -> 0
AL15: =+AK15 -> 0
AL16: =+AK16 -> 0
AL17: =AE17*AI17*AJ17*AK17 -> 0
AL18: =AE18*AI18*AJ18*AK18 -> 0
AL19: =AE19*AI19*AJ19*AK19 -> 0
AL20: =AE20*AI20*AJ20*AK20 -> 0
AL21: =AE21*AI21*AJ21*AK21 -> 0
AL22: =AE22*AI22*AJ22*AK22 -> 0
AL23: =AE23*AI23*AJ23*AK23 -> 0
AL24: =AE24*AI24*AJ24*AK24 -> 0
AL25: =AE25*AI25*AJ25*AK25 -> 0
AL26: =AE26*AI26*AJ26*AK26 -> 0
AL27: =AE27*AI27*AJ27*AK27 -> 0
AL28: =AE28*AI28*AJ28*AK28 -> 0
... AL36: =AE36*AI36*AJ36*AK36 -> 0
A37: OBSERVACIONES: | I37: Volumen 2 | AD37: Subtotal | AL37: =+SUM(AL12:AL36) -> 76.55725
AD38: Desperdicio adicional | AL38: 0.15
AD39: TOTAL | AL39: =ROUND(AL37*(1+AL38),2) -> 88.04

Sheet 1,1,3
P2: MEMORIA DE CÁLCULO DE CANTIDADES
A5: OBJETO: | I5: "CONSULTORÍA PARA EL MANTENIMIENTO Y MEJORAMIENTO DE LA INFRAESTRUCTURA FÍSICA DE LOS INMUEBLES DE LA RAMA JUDICIAL EN EL CAUCA" | AD5: ENTIDAD | AF5: ='1,1,1'!AF5:AI5 -> Consejo superior de la judicatura - Popayan | AJ5: CONTRATO N° | AK5: ='1,1,1'!AK5:AL5 -> 27 DE 2020
AD6: ='1,1,1'!AD6:AE6 -> SUPERVISOR | AF6: ='1,1,1'!AF6:AI6 -> Consejo superior de la judicatura - Popayan | AJ6: FECHA DE INICIO
AD7: FRENTE | AJ7: FECHA DE TERMINACIÓN
A8: CAPÍTULO | I8: ='1,1,1'!I8:AC8 -> SISTEMA ELÉCTRICO | AD8: SUBCAPITULO | AJ8: ACTA N°
A9: ITEM | I9: 1.1 | M9: CUBIERTA EN MADERA VARA DE EUCALIPTO INCLUYE VIGAS SOLERAS,VIGAS E CUMBRERA, VIGAS TIRANTES. | AJ9: UNIDAD | AK9: ='[3]APU ELÉCTRICOS'!E21 -> ML
AD10: DESCRIPCIÓN | AH10: Dimensiones (m) | AK10: No Elem. | AL10: Medida Total
AH11: Ancho | AI11: ALTO | AJ11: Longitud
AD12: Suministro y construcción de sobrecubierta en varas de eucalipto, repisa y teja de fibrocemento de acuerdo al diseño consignado en los planos y memoria de intervención o de propuesta para ser construida, con el fin de facilitar las obras de liberación o adecuación de cubierta. | AH12: 0 | AI12: 3.5489 | AJ12: 10.414 | AK12: 1 | AL12: =AJ12*AI12 -> 36.958245
AH13: 0 | AI13: 4.2539 | AJ13: 10.414 | AK13: 1 | AL13: =AJ13*AI13 -> 44.300115
AL14: =+AK14 -> 0
AL15: =+AK15 -> 0
AL16: =+AK16 -> 0
AL17: =AE17*AI17*AJ17*AK17 -> 0
AL18: =AE18*AI18*AJ18*AK18 -> 0
AL19: =AE19*AI19*AJ19*AK19 -> 0
AL20: =AE20*AI20*AJ20*AK20 -> 0
AL21: =AE21*AI21*AJ21*AK21 -> 0
AL22: =AE22*AI22*AJ22*AK22 -> 0
AL23: =AE23*AI23*AJ23*AK23 -> 0
AL24: =AE24*AI24*AJ24*AK24 -> 0
AL25: =AE25*AI25*AJ25*AK25 -> 0
AL26: =AE26*AI26*AJ26*AK26 -> 0
AL27: =AE27*AI27*AJ27*AK27 -> 0
AL28: =AE28*AI28*AJ28*AK28 -> 0
... AL39: =AE39*AI39*AJ39*AK39 -> 0
A40: OBSERVACIONES: | I40: Volumen 3 | AD40: Subtotal | AL40: =+SUM(AL12:AL39) -> 81.258359
AD41: Desperdicio adicional | AL41: 0.15
AD42: TOTAL | AL42: =ROUND(AL40*(1+AL41),2) -> 93.45

Sheet 1,1,4
P2: MEMORIA DE CÁLCULO DE CANTIDADES
A5: OBJETO: | I5: "CONSULTORÍA PARA EL MANTENIMIENTO Y MEJORAMIENTO DE LA INFRAESTRUCTURA FÍSICA DE LOS INMUEBLES DE LA RAMA JUDICIAL EN EL CAUCA" | AD5: ENTIDAD | AF5: ='1,1,1'!AF5:AI5 -> Consejo superior de la judicatura - Popayan | AJ5: CONTRATO N° | AK5: ='1,1,1'!AK5:AL5 -> 27 DE 2020
AD6: ='1,1,1'!AD6:AE6 -> SUPERVISOR | AF6: ='1,1,1'!AF6:AI6 -> Consejo superior de la judicatura - Popayan | AJ6: FECHA DE INICIO
AD7: FRENTE | AJ7: FECHA DE TERMINACIÓN
A8: CAPÍTULO | I8: ='1,1,1'!I8:AC8 -> SISTEMA ELÉCTRICO | AD8: SUBCAPITULO | AJ8: ACTA N°
A9: ITEM | I9: 1.1 | M9: CUBIERTA EN MADERA VARA DE EUCALIPTO INCLUYE VIGAS SOLERAS,VIGAS E CUMBRERA, VIGAS TIRANTES. | AJ9: UNIDAD | AK9: ='[3]APU ELÉCTRICOS'!E21 -> ML
AD10: DESCRIPCIÓN | AH10: Dimensiones (m) | AK10: No Elem. | AL10: Medida Total
AH11: Ancho | AI11: ALTO | AJ11: Longitud
AD12: Suministro y construcción de sobrecubierta en varas de eucalipto, repisa y teja de fibrocemento de acuerdo al diseño consignado en los planos y memoria de intervención o de propuesta para ser construida, con el fin de facilitar las obras de liberación o adecuación de cubierta. | AH12: 0 | AI12: 4.714 | AJ12: 8.984 | AK12: 1 | AL12: =AJ12*AI12 -> 42.350576
AH13: 0 | AI13: 4.604 | AJ13: 8.984 | AK13: 1 | AL13: =AJ13*AI13 -> 41.362336
AL14: =+AK14 -> 0
AL15: =+AK15 -> 0
AL16: =+AK16 -> 0
AL17: =AE17*AI17*AJ17*AK17 -> 0
AL18: =AE18*AI18*AJ18*AK18 -> 0
AL19: =AE19*AI19*AJ19*AK19 -> 0
AL20: =AE20*AI20*AJ20*AK20 -> 0
AL21: =AE21*AI21*AJ21*AK21 -> 0
AL22: =AE22*AI22*AJ22*AK22 -> 0
AL23: =AE23*AI23*AJ23*AK23 -> 0
AL24: =AE24*AI24*AJ24*AK24 -> 0
AL25: =AE25*AI25*AJ25*AK25 -> 0
AL26: =AE26*AI26*AJ26*AK26 -> 0
AL27: =AE27*AI27*AJ27*AK27 -> 0
AL28: =AE28*AI28*AJ28*AK28 -> 0
... AL33: =AE33*AI33*AJ33*AK33 -> 0
A37: OBSERVACIONES: | I37: Volumen 4 | AD37: Subtotal | AL37: =+SUM(AL12:AL36) -> 83.712912
AD38: Desperdicio adicional | AL38: 0.15
AD39: TOTAL | AL39: =ROUND(AL37*(1+AL38),2) -> 96.27

Sheet 1,1,5
P2: MEMORIA DE CÁLCULO DE CANTIDADES
A5: OBJETO: | I5: "CONSULTORÍA PARA EL MANTENIMIENTO Y MEJORAMIENTO DE LA INFRAESTRUCTURA FÍSICA DE LOS INMUEBLES DE LA RAMA JUDICIAL EN EL CAUCA" | AD5: ENTIDAD | AF5: ='1,1,1'!AF5:AI5 -> Consejo superior de la judicatura - Popayan | AJ5: CONTRATO N° | AK5: ='1,1,1'!AK5:AL5 -> 27 DE 2020
AD6: ='1,1,1'!AD6:AE6 -> SUPERVISOR | AF6: ='1,1,1'!AF6:AI6 -> Consejo superior de la judicatura - Popayan | AJ6: FECHA DE INICIO
AD7: FRENTE | AJ7: FECHA DE TERMINACIÓN
A8: CAPÍTULO | I8: ='1,1,1'!I8:AC8 -> SISTEMA ELÉCTRICO | AD8: SUBCAPITULO | AJ8: ACTA N°
A9: ITEM | I9: 1.1 | M9: CUBIERTA EN MADERA VARA DE EUCALIPTO INCLUYE VIGAS SOLERAS,VIGAS E CUMBRERA, VIGAS TIRANTES. | AJ9: UNIDAD | AK9: ='[3]APU ELÉCTRICOS'!E23 -> UNIDAD
AD10: DESCRIPCIÓN | AH10: Dimensiones (m) | AK10: No Elem. | AL10: Medida Total
AH11: Ancho | AI11: ALTO | AJ11: Longitud
AD12: Suministro y construcción de sobrecubierta en varas de eucalipto, repisa y teja de fibrocemento de acuerdo al diseño consignado en los planos y memoria de intervención o de propuesta para ser construida, con el fin de facilitar las obras de liberación o adecuación de cubierta. | AH12: 0 | AI12: 1.135 | AJ12: 4.27 | AK12: 1 | AL12: =AJ12*AI12 -> 4.84645 | AO12: 4.604 | AP12: 9.8926 | AQ12: 1 | AR12: =AP12*AO12 -> 45.54553
AH13: 0 | AI13: 3.465 | AJ13: 9.8926 | AK13: 1 | AL13: =AJ13*AI13 -> 34.277859 | AO13: 4.604 | AP13: 9.8926 | AQ13: 1 | AR13: =AP13*AO13 -> 45.54553
AH14: 0 | AI14: 4.6 | AJ14: 9.8926 | AK14: 1 | AL14: =AJ14*AI14 -> 45.50596
AL15: =+AK15 -> 0
AL16: =+AK16 -> 0
AL17: =AE17*AI17*AJ17*AK17 -> 0
AL18: =AE18*AI18*AJ18*AK18 -> 0
AL19: =AE19*AI19*AJ19*AK19 -> 0
AL20: =AE20*AI20*AJ20*AK20 -> 0
AL21: =AE21*AI21*AJ21*AK21 -> 0
AL22: =AE22*AI22*AJ22*AK22 -> 0
AL23: =AE23*AI23*AJ23*AK23 -> 0
AL24: =AE24*AI24*AJ24*AK24 -> 0
AL25: =AE25*AI25*AJ25*AK25 -> 0
AL26: =AE26*AI26*AJ26*AK26 -> 0
AL27: =AE27*AI27*AJ27*AK27 -> 0
AL28: =AE28*AI28*AJ28*AK28 -> 0
... AL33: =AE33*AI33*AJ33*AK33 -> 0
A37: OBSERVACIONES: | I37: Volumen 5 | AD37: Subtotal | AL37: =+SUM(AL12:AL36) -> 84.630269 | AM37: =AL37-84.63 -> 0.000269 | AR37: =+SUM(AR12:AR36) -> 91.091061
AD38: Desperdicio adicional | AL38: 0.15
AD39: TOTAL | AL39: =ROUND(AL37*(1+AL38),2) -> 97.32

Sheet 1,1,6
P2: MEMORIA DE CÁLCULO DE CANTIDADES
A5: OBJETO: | I5: "CONSULTORÍA PARA EL MANTENIMIENTO Y MEJORAMIENTO DE LA INFRAESTRUCTURA FÍSICA DE LOS INMUEBLES DE LA RAMA JUDICIAL EN EL CAUCA" | AD5: ENTIDAD | AF5: ='1,1,1'!AF5:AI5 -> Consejo superior de la judicatura - Popayan | AJ5: CONTRATO N° | AK5: ='1,1,1'!AK5:AL5 -> 27 DE 2020
AD6: ='1,1,1'!AD6:AE6 -> SUPERVISOR | AF6: ='1,1,1'!AF6:AI6 -> Consejo superior de la judicatura - Popayan | AJ6: FECHA DE INICIO
AD7: FRENTE | AJ7: FECHA DE TERMINACIÓN
A8: CAPÍTULO | I8: ='1,1,1'!I8:AC8 -> SISTEMA ELÉCTRICO | AD8: SUBCAPITULO | AJ8: ACTA N°
A9: ITEM | I9: 1.1 | M9: CUBIERTA EN MADERA VARA DE EUCALIPTO INCLUYE VIGAS SOLERAS,VIGAS E CUMBRERA, VIGAS TIRANTES. | AJ9: UNIDAD | AK9: ='[3]APU ELÉCTRICOS'!E24 -> UNIDAD
AD10: DESCRIPCIÓN | AH10: Dimensiones (m) | AK10: No Elem. | AL10: Medida Total
AH11: Ancho | AI11: ALTO | AJ11: Longitud
AD12: Suministro y construcción de sobrecubierta en varas de eucalipto, repisa y teja de fibrocemento de acuerdo al diseño consignado en los planos y memoria de intervención o de propuesta para ser construida, con el fin de facilitar las obras de liberación o adecuación de cubierta. | AH12: 0 | AI12: 3.452 | AJ12: 10.269 | AK12: 1 | AL12: =AJ12*AI12 -> 35.448588
AH13: 0 | AI13: 4.6 | AJ13: 10.269 | AK13: 1 | AL13: =AJ13*AI13 -> 47.2374
AL14: =AJ14*AI14 -> 0
AL15: =+AK15 -> 0
AL16: =+AK16 -> 0
AL17: =AE17*AI17*AJ17*AK17 -> 0
AL18: =AE18*AI18*AJ18*AK18 -> 0
AL19: =AE19*AI19*AJ19*AK19 -> 0
AL20: =AE20*AI20*AJ20*AK20 -> 0
AL21: =AE21*AI21*AJ21*AK21 -> 0
AL22: =AE22*AI22*AJ22*AK22 -> 0
AL23: =AE23*AI23*AJ23*AK23 -> 0
AL24: =AE24*AI24*AJ24*AK24 -> 0
AL25: =AE25*AI25*AJ25*AK25 -> 0
AL26: =AE26*AI26*AJ26*AK26 -> 0
AL27: =AE27*AI27*AJ27*AK27 -> 0
AL28: =AE28*AI28*AJ28*AK28 -> 0
... AL33: =AE33*AI33*AJ33*AK33 -> 0
A37: OBSERVACIONES: | I37: Volumen 6 | AD37: Subtotal | AL37: =+SUM(AL12:AL36) -> 82.685988
AD38: Desperdicio adicional | AL38: 0.15
AD39: TOTAL | AL39: =ROUND(AL37*(1+AL38),2) -> 95.09

Sheet 1,1,7
P2: MEMORIA DE CÁLCULO DE CANTIDADES
A5: OBJETO: | I5: "CONSULTORÍA PARA EL MANTENIMIENTO Y MEJORAMIENTO DE LA INFRAESTRUCTURA FÍSICA DE LOS INMUEBLES DE LA RAMA JUDICIAL EN EL CAUCA" | AD5: ENTIDAD | AF5: ='1,1,1'!AF5:AI5 -> Consejo superior de la judicatura - Popayan | AJ5: CONTRATO N° | AK5: ='1,1,1'!AK5:AL5 -> 27 DE 2020
AD6: ='1,1,1'!AD6:AE6 -> SUPERVISOR | AF6: ='1,1,1'!AF6:AI6 -> Consejo superior de la judicatura - Popayan | AJ6: FECHA DE INICIO
AD7: FRENTE | AJ7: FECHA DE TERMINACIÓN
A8: CAPÍTULO | I8: ='1,1,1'!I8:AC8 -> SISTEMA ELÉCTRICO | AD8: SUBCAPITULO | AJ8: ACTA N°
A9: ITEM | I9: 1.1 | M9: CUBIERTA EN MADERA VARA DE EUCALIPTO INCLUYE VIGAS SOLERAS,VIGAS E CUMBRERA, VIGAS TIRANTES. | AJ9: UNIDAD | AK9: ='[3]APU ELÉCTRICOS'!E24 -> UNIDAD
AD10: DESCRIPCIÓN | AH10: Dimensiones (m) | AK10: No Elem. | AL10: Medida Total
AH11: Ancho | AI11: ALTO | AJ11: Longitud
AD12: Suministro y construcción de sobrecubierta en varas de eucalipto, repisa y teja de fibrocemento de acuerdo al diseño consignado en los planos y memoria de intervención o de propuesta para ser construida, con el fin de facilitar las obras de liberación o adecuación de cubierta. | AH12: 0 | AI12: 1.343 | AJ12: 3.01 | AK12: 1 | AL12: =AJ12*AI12 -> 4.04243
AH13: 0 | AI13: 1.343 | AJ13: 3.01 | AK13: 1 | AL13: =AJ13*AI13 -> 4.04243
AL14: =AJ14*AI14 -> 0
AL15: =+AK15 -> 0
AL16: =+AK16 -> 0
AL17: =AE17*AI17*AJ17*AK17 -> 0
AL18: =AE18*AI18*AJ18*AK18 -> 0
AL19: =AE19*AI19*AJ19*AK19 -> 0
AL20: =AE20*AI20*AJ20*AK20 -> 0
AL21: =AE21*AI21*AJ21*AK21 -> 0
AL22: =AE22*AI22*AJ22*AK22 -> 0
AL23: =AE23*AI23*AJ23*AK23 -> 0
AL24: =AE24*AI24*AJ24*AK24 -> 0
AL25: =AE25*AI25*AJ25*AK25 -> 0
AL26: =AE26*AI26*AJ26*AK26 -> 0
AL27: =AE27*AI27*AJ27*AK27 -> 0
AL28: =AE28*AI28*AJ28*AK28 -> 0
... AL33: =AE33*AI33*AJ33*AK33 -> 0
A37: OBSERVACIONES: | I37: Volumen de Garita | AD37: Subtotal | AL37: =+SUM(AL12:AL36) -> 8.08486
AD38: Desperdicio adicional | AL38: 0.15
AD39: TOTAL | AL39: =ROUND(AL37*(1+AL38),2) -> 9.3
